Workbook

Sheet Journal
A1: T-Konten Vorlage – Journal / Grundbuch | M1: Kontenstamm (änderbar)
A3: Hinweis: Erst im Journal erfassen, danach automatische Übertragung ins Hauptbuch prüfen. | M3: Konto | N3: Typ | O3: Hinweis
M4: Kasse | N4: Aktiv | O4: Bilanzkonto
A5: Lfd. Nr. | B5: Datum | C5: Beleg-Nr. | D5: Buchungstext | E5: Sollkonto | F5: Habenkonto | G5: Betrag | H5: Sollbetrag | I5: Habenbetrag | J5: Status / Prüfung | M5: Bank | N5: Aktiv | O5: Bilanzkonto
A6: =IF(COUNTA(B6:G6)=0,"",ROW()-5) -> 1 | B6: 05.01.2026 | C6: B001 | D6: Warenverkauf bar (netto) | E6: Kasse | F6: Umsatzerlöse | G6: 1000 | H6: =IF(AND(E6<>"",G6<>""),G6,"") -> 1000 | I6: =IF(AND(F6<>"",G6<>""),G6,"") -> 1000 | J6: =IF(COUNTA(B6:G6)=0,"",IF(OR(E6="",F6=""),"Konto fehlt",IF(G6="","Betrag fehlt",IF(E6=F6,"Sollkonto = Habenkonto unzulässig","OK")))) -> OK | M6: Forderungen | N6: Aktiv | O6: Bilanzkonto
A7: =IF(COUNTA(B7:G7)=0,"",ROW()-5) -> 2 | B7: 05.01.2026 | C7: B001 | D7: Umsatzsteuer Verkauf | E7: Kasse | F7: Umsatzsteuer | G7: 190 | H7: =IF(AND(E7<>"",G7<>""),G7,"") -> 190 | I7: =IF(AND(F7<>"",G7<>""),G7,"") -> 190 | J7: =IF(COUNTA(B7:G7)=0,"",IF(OR(E7="",F7=""),"Konto fehlt",IF(G7="","Betrag fehlt",IF(E7=F7,"Sollkonto = Habenkonto unzulässig","OK")))) -> OK | M7: Vorsteuer | N7: Aktiv | O7: Bilanzkonto
A8: =IF(COUNTA(B8:G8)=0,"",ROW()-5) -> 3 | B8: 08.01.2026 | C8: B002 | D8: Wareneinkauf auf Ziel | E8: Wareneinsatz | F8: Verbindlichkeiten | G8: 800 | H8: =IF(AND(E8<>"",G8<>""),G8,"") -> 800 | I8: =IF(AND(F8<>"",G8<>""),G8,"") -> 800 | J8: =IF(COUNTA(B8:G8)=0,"",IF(OR(E8="",F8=""),"Konto fehlt",IF(G8="","Betrag fehlt",IF(E8=F8,"Sollkonto = Habenkonto unzulässig","OK")))) -> OK | M8: Maschinen | N8: Aktiv | O8: Bilanzkonto
A9: =IF(COUNTA(B9:G9)=0,"",ROW()-5) -> 4 | B9: 08.01.2026 | C9: B002 | D9: Vorsteuer aus Einkauf | E9: Vorsteuer | F9: Verbindlichkeiten | G9: 152 | H9: =IF(AND(E9<>"",G9<>""),G9,"") -> 152 | I9: =IF(AND(F9<>"",G9<>""),G9,"") -> 152 | J9: =IF(COUNTA(B9:G9)=0,"",IF(OR(E9="",F9=""),"Konto fehlt",IF(G9="","Betrag fehlt",IF(E9=F9,"Sollkonto = Habenkonto unzulässig","OK")))) -> OK | M9: Verbindlichkeiten | N9: Passiv | O9: Bilanzkonto
A10: =IF(COUNTA(B10:G10)=0,"",ROW()-5) -> 5 | B10: 10.01.2026 | C10: B003 | D10: Kundenzahlung per Bank | E10: Bank | F10: Forderungen | G10: 1500 | H10: =IF(AND(E10<>"",G10<>""),G10,"") -> 1500 | I10: =IF(AND(F10<>"",G10<>""),G10,"") -> 1500 | J10: =IF(COUNTA(B10:G10)=0,"",IF(OR(E10="",F10=""),"Konto fehlt",IF(G10="","Betrag fehlt",IF(E10=F10,"Sollkonto = Habenkonto unzulässig","OK")))) -> OK | M10: Eigenkapital | N10: Passiv | O10: Bilanzkonto
A11: =IF(COUNTA(B11:G11)=0,"",ROW()-5) -> 6 | B11: 12.01.2026 | C11: B004 | D11: Warenverkauf auf Ziel (netto) | E11: Forderungen | F11: Umsatzerlöse | G11: 2000 | H11: =IF(AND(E11<>"",G11<>""),G11,"") -> 2000 | I11: =IF(AND(F11<>"",G11<>""),G11,"") -> 2000 | J11: =IF(COUNTA(B11:G11)=0,"",IF(OR(E11="",F11=""),"Konto fehlt",IF(G11="","Betrag fehlt",IF(E11=F11,"Sollkonto = Habenkonto unzulässig","OK")))) -> OK | M11: Umsatzsteuer | N11: Passiv | O11: Bilanzkonto
A12: =IF(COUNTA(B12:G12)=0,"",ROW()-5) -> 7 | B12: 12.01.2026 | C12: B004 | D12: Umsatzsteuer Verkauf auf Ziel | E12: Forderungen | F12: Umsatzsteuer | G12: 380 | H12: =IF(AND(E12<>"",G12<>""),G12,"") -> 380 | I12: =IF(AND(F12<>"",G12<>""),G12,"") -> 380 | J12: =IF(COUNTA(B12:G12)=0,"",IF(OR(E12="",F12=""),"Konto fehlt",IF(G12="","Betrag fehlt",IF(E12=F12,"Sollkonto = Habenkonto unzulässig","OK")))) -> OK | M12: Wareneinsatz | N12: Aufwand | O12: Erfolgskonto
A13: =IF(COUNTA(B13:G13)=0,"",ROW()-5) -> 8 | B13: 18.01.2026 | C13: B005 | D13: Maschinenkauf per Bank | E13: Maschinen | F13: Bank | G13: 2500 | H13: =IF(AND(E13<>"",G13<>""),G13,"") -> 2500 | I13: =IF(AND(F13<>"",G13<>""),G13,"") -> 2500 | J13: =IF(COUNTA(B13:G13)=0,"",IF(OR(E13="",F13=""),"Konto fehlt",IF(G13="","Betrag fehlt",IF(E13=F13,"Sollkonto = Habenkonto unzulässig","OK")))) -> OK | M13: Abschreibungen | N13: Aufwand | O13: Erfolgskonto
A14: =IF(COUNTA(B14:G14)=0,"",ROW()-5) -> 9 | B14: 20.01.2026 | C14: B006 | D14: Zahlung an Lieferant | E14: Verbindlichkeiten | F14: Bank | G14: 952 | H14: =IF(AND(E14<>"",G14<>""),G14,"") -> 952 | I14: =IF(AND(F14<>"",G14<>""),G14,"") -> 952 | J14: =IF(COUNTA(B14:G14)=0,"",IF(OR(E14="",F14=""),"Konto fehlt",IF(G14="","Betrag fehlt",IF(E14=F14,"Sollkonto = Habenkonto unzulässig","OK")))) -> OK | M14: Umsatzerlöse | N14: Ertrag | O14: Erfolgskonto
A15: =IF(COUNTA(B15:G15)=0,"",ROW()-5) -> 10 | B15: 25.01.2026 | C15: B007 | D15: Planmäßige Abschreibung Maschine | E15: Abschreibungen | F15: Maschinen | G15: 300 | H15: =IF(AND(E15<>"",G15<>""),G15,"") -> 300 | I15: =IF(AND(F15<>"",G15<>""),G15,"") -> 300 | J15: =IF(COUNTA(B15:G15)=0,"",IF(OR(E15="",F15=""),"Konto fehlt",IF(G15="","Betrag fehlt",IF(E15=F15,"Sollkonto = Habenkonto unzulässig","OK")))) -> OK
A16: =IF(COUNTA(B16:G16)=0,"",ROW()-5) | H16: =IF(AND(E16<>"",G16<>""),G16,"") | I16: =IF(AND(F16<>"",G16<>""),G16,"") | J16: =IF(COUNTA(B16:G16)=0,"",IF(OR(E16="",F16=""),"Konto fehlt",IF(G16="","Betrag fehlt",IF(E16=F16,"Sollkonto = Habenkonto unzulässig","OK"))))
A17: =IF(COUNTA(B17:G17)=0,"",ROW()-5) | H17: =IF(AND(E17<>"",G17<>""),G17,"") | I17: =IF(AND(F17<>"",G17<>""),G17,"") | J17: =IF(COUNTA(B17:G17)=0,"",IF(OR(E17="",F17=""),"Konto fehlt",IF(G17="","Betrag fehlt",IF(E17=F17,"Sollkonto = Habenkonto unzulässig","OK"))))
A18: =IF(COUNTA(B18:G18)=0,"",ROW()-5) | H18: =IF(AND(E18<>"",G18<>""),G18,"") | I18: =IF(AND(F18<>"",G18<>""),G18,"") | J18: =IF(COUNTA(B18:G18)=0,"",IF(OR(E18="",F18=""),"Konto fehlt",IF(G18="","Betrag fehlt",IF(E18=F18,"Sollkonto = Habenkonto unzulässig","OK"))))
A19: =IF(COUNTA(B19:G19)=0,"",ROW()-5) | H19: =IF(AND(E19<>"",G19<>""),G19,"") | I19: =IF(AND(F19<>"",G19<>""),G19,"") | J19: =IF(COUNTA(B19:G19)=0,"",IF(OR(E19="",F19=""),"Konto fehlt",IF(G19="","Betrag fehlt",IF(E19=F19,"Sollkonto = Habenkonto unzulässig","OK"))))
A20: =IF(COUNTA(B20:G20)=0,"",ROW()-5) | H20: =IF(AND(E20<>"",G20<>""),G20,"") | I20: =IF(AND(F20<>"",G20<>""),G20,"") | J20: =IF(COUNTA(B20:G20)=0,"",IF(OR(E20="",F20=""),"Konto fehlt",IF(G20="","Betrag fehlt",IF(E20=F20,"Sollkonto = Habenkonto unzulässig","OK"))))
A21: =IF(COUNTA(B21:G21)=0,"",ROW()-5) | H21: =IF(AND(E21<>"",G21<>""),G21,"") | I21: =IF(AND(F21<>"",G21<>""),G21,"") | J21: =IF(COUNTA(B21:G21)=0,"",IF(OR(E21="",F21=""),"Konto fehlt",IF(G21="","Betrag fehlt",IF(E21=F21,"Sollkonto = Habenkonto unzulässig","OK"))))
A22: =IF(COUNTA(B22:G22)=0,"",ROW()-5) | H22: =IF(AND(E22<>"",G22<>""),G22,"") | I22: =IF(AND(F22<>"",G22<>""),G22,"") | J22: =IF(COUNTA(B22:G22)=0,"",IF(OR(E22="",F22=""),"Konto fehlt",IF(G22="","Betrag fehlt",IF(E22=F22,"Sollkonto = Habenkonto unzulässig","OK"))))
A23: =IF(COUNTA(B23:G23)=0,"",ROW()-5) | H23: =IF(AND(E23<>"",G23<>""),G23,"") | I23: =IF(AND(F23<>"",G23<>""),G23,"") | J23: =IF(COUNTA(B23:G23)=0,"",IF(OR(E23="",F23=""),"Konto fehlt",IF(G23="","Betrag fehlt",IF(E23=F23,"Sollkonto = Habenkonto unzulässig","OK"))))
A24: =IF(COUNTA(B24:G24)=0,"",ROW()-5) | H24: =IF(AND(E24<>"",G24<>""),G24,"") | I24: =IF(AND(F24<>"",G24<>""),G24,"") | J24: =IF(COUNTA(B24:G24)=0,"",IF(OR(E24="",F24=""),"Konto fehlt",IF(G24="","Betrag fehlt",IF(E24=F24,"Sollkonto = Habenkonto unzulässig","OK"))))
A25: =IF(COUNTA(B25:G25)=0,"",ROW()-5) | H25: =IF(AND(E25<>"",G25<>""),G25,"") | I25: =IF(AND(F25<>"",G25<>""),G25,"") | J25: =IF(COUNTA(B25:G25)=0,"",IF(OR(E25="",F25=""),"Konto fehlt",IF(G25="","Betrag fehlt",IF(E25=F25,"Sollkonto = Habenkonto unzulässig","OK"))))
A26: =IF(COUNTA(B26:G26)=0,"",ROW()-5) | H26: =IF(AND(E26<>"",G26<>""),G26,"") | I26: =IF(AND(F26<>"",G26<>""),G26,"") | J26: =IF(COUNTA(B26:G26)=0,"",IF(OR(E26="",F26=""),"Konto fehlt",IF(G26="","Betrag fehlt",IF(E26=F26,"Sollkonto = Habenkonto unzulässig","OK"))))
A27: =IF(COUNTA(B27:G27)=0,"",ROW()-5) | H27: =IF(AND(E27<>"",G27<>""),G27,"") | I27: =IF(AND(F27<>"",G27<>""),G27,"") | J27: =IF(COUNTA(B27:G27)=0,"",IF(OR(E27="",F27=""),"Konto fehlt",IF(G27="","Betrag fehlt",IF(E27=F27,"Sollkonto = Habenkonto unzulässig","OK"))))
... A45: =IF(COUNTA(B45:G45)=0,"",ROW()-5) | H45: =IF(AND(E45<>"",G45<>""),G45,"") | I45: =IF(AND(F45<>"",G45<>""),G45,"") | J45: =IF(COUNTA(B45:G45)=0,"",IF(OR(E45="",F45=""),"Konto fehlt",IF(G45="","Betrag fehlt",IF(E45=F45,"Sollkonto = Habenkonto unzulässig","OK"))))
F47: Summe Soll | G47: =SUM(H6:H45) -> 9774
F48: Summe Haben | G48: =SUM(I6:I45) -> 9774
F49: Differenz | G49: =G47-G48 -> 0

Sheet Hauptbuch
B1: Hauptbuch – automatische T-Konten
B3: Kontoauswahl | C3: Kasse | D3: =C3 -> Kasse | J3: Kontoauswahl | K3: Bank | L3: =K3 -> Bank
B4: Soll | F4: Haben | J4: Soll | N4: Haben
B5: Datum | C5: Gegenkonto | D5: Betrag | F5: Datum | G5: Gegenkonto | H5: Betrag | J5: Datum | K5: Gegenkonto | L5: Betrag | N5: Datum | O5: Gegenkonto | P5: Betrag
B6: =IFERROR(INDEX(Journal!$B$6:$B$45,MATCH(1,$R$6:$R$45,0)),"") -> 05.01.2026 | C6: =IFERROR(INDEX(Journal!$F$6:$F$45,MATCH(1,$R$6:$R$45,0)),"") -> Umsatzerlöse | D6: =IFERROR(INDEX(Journal!$G$6:$G$45,MATCH(1,$R$6:$R$45,0)),"") -> 1000 | F6: =IFERROR(INDEX(Journal!$B$6:$B$45,MATCH(1,$S$6:$S$45,0)),"") | G6: =IFERROR(INDEX(Journal!$E$6:$E$45,MATCH(1,$S$6:$S$45,0)),"") | H6: =IFERROR(INDEX(Journal!$G$6:$G$45,MATCH(1,$S$6:$S$45,0)),"") | J6: =IFERROR(INDEX(Journal!$B$6:$B$45,MATCH(1,$T$6:$T$45,0)),"") -> 10.01.2026 | K6: =IFERROR(INDEX(Journal!$F$6:$F$45,MATCH(1,$T$6:$T$45,0)),"") -> Forderungen | L6: =IFERROR(INDEX(Journal!$G$6:$G$45,MATCH(1,$T$6:$T$45,0)),"") -> 1500 | N6: =IFERROR(INDEX(Journal!$B$6:$B$45,MATCH(1,$U$6:$U$45,0)),"") -> 18.01.2026 | O6: =IFERROR(INDEX(Journal!$E$6:$E$45,MATCH(1,$U$6:$U$45,0)),"") -> Maschinen | P6: =IFERROR(INDEX(Journal!$G$6:$G$45,MATCH(1,$U$6:$U$45,0)),"") -> 2500 | R6: =IF(Journal!$E6=$C$3,COUNTIF(Journal!$E$6:'Journal'!$E6,$C$3),"") -> 1 | S6: =IF(Journal!$F6=$C$3,COUNTIF(Journal!$F$6:'Journal'!$F6,$C$3),"") | T6: =IF(Journal!$E6=$K$3,COUNTIF(Journal!$E$6:'Journal'!$E6,$K$3),"") | U6: =IF(Journal!$F6=$K$3,COUNTIF(Journal!$F$6:'Journal'!$F6,$K$3),"") | V6: =IF(Journal!$E6=$C$21,COUNTIF(Journal!$E$6:'Journal'!$E6,$C$21),"") | W6: =IF(Journal!$F6=$C$21,COUNTIF(Journal!$F$6:'Journal'!$F6,$C$21),"") | X6: =IF(Journal!$E6=$K$21,COUNTIF(Journal!$E$6:'Journal'!$E6,$K$21),"") | Y6: =IF(Journal!$F6=$K$21,COUNTIF(Journal!$F$6:'Journal'!$F6,$K$21),"") | Z6: =IF(Journal!$E6=$C$39,COUNTIF(Journal!$E$6:'Journal'!$E6,$C$39),"") | AA6: =IF(Journal!$F6=$C$39,COUNTIF(Journal!$F$6:'Journal'!$F6,$C$39),"") | AB6: =IF(Journal!$E6=$K$39,COUNTIF(Journal!$E$6:'Journal'!$E6,$K$39),"") | AC6: =IF(Journal!$F6=$K$39,COUNTIF(Journal!$F$6:'Journal'!$F6,$K$39),"") -> 1 | AD6: =IF(Journal!$E6=$C$57,COUNTIF(Journal!$E$6:'Journal'!$E6,$C$57),"") | AE6: =IF(Journal!$F6=$C$57,COUNTIF(Journal!$F$6:'Journal'!$F6,$C$57),"") | AF6: =IF(Journal!$E6=$K$57,COUNTIF(Journal!$E$6:'Journal'!$E6,$K$57),"") | AG6: =IF(Journal!$F6=$K$57,COUNTIF(Journal!$F$6:'Journal'!$F6,$K$57),"") | AH6: =IF(Journal!$E6=$C$75,COUNTIF(Journal!$E$6:'Journal'!$E6,$C$75),"") | AI6: =IF(Journal!$F6=$C$75,COUNTIF(Journal!$F$6:'Journal'!$F6,$C$75),"") | AJ6: =IF(Journal!$E6=$K$75,COUNTIF(Journal!$E$6:'Journal'!$E6,$K$75),"") | AK6: =IF(Journal!$F6=$K$75,COUNTIF(Journal!$F$6:'Journal'!$F6,$K$75),"")
B7: =IFERROR(INDEX(Journal!$B$6:$B$45,MATCH(2,$R$6:$R$45,0)),"") -> 05.01.2026 | C7: =IFERROR(INDEX(Journal!$F$6:$F$45,MATCH(2,$R$6:$R$45,0)),"") -> Umsatzsteuer | D7: =IFERROR(INDEX(Journal!$G$6:$G$45,MATCH(2,$R$6:$R$45,0)),"") -> 190 | F7: =IFERROR(INDEX(Journal!$B$6:$B$45,MATCH(2,$S$6:$S$45,0)),"") | G7: =IFERROR(INDEX(Journal!$E$6:$E$45,MATCH(2,$S$6:$S$45,0)),"") | H7: =IFERROR(INDEX(Journal!$G$6:$G$45,MATCH(2,$S$6:$S$45,0)),"") | J7: =IFERROR(INDEX(Journal!$B$6:$B$45,MATCH(2,$T$6:$T$45,0)),"") | K7: =IFERROR(INDEX(Journal!$F$6:$F$45,MATCH(2,$T$6:$T$45,0)),"") | L7: =IFERROR(INDEX(Journal!$G$6:$G$45,MATCH(2,$T$6:$T$45,0)),"") | N7: =IFERROR(INDEX(Journal!$B$6:$B$45,MATCH(2,$U$6:$U$45,0)),"") -> 20.01.2026 | O7: =IFERROR(INDEX(Journal!$E$6:$E$45,MATCH(2,$U$6:$U$45,0)),"") -> Verbindlichkeiten | P7: =IFERROR(INDEX(Journal!$G$6:$G$45,MATCH(2,$U$6:$U$45,0)),"") -> 952 | R7: =IF(Journal!$E7=$C$3,COUNTIF(Journal!$E$6:'Journal'!$E7,$C$3),"") -> 2 | S7: =IF(Journal!$F7=$C$3,COUNTIF(Journal!$F$6:'Journal'!$F7,$C$3),"") | T7: =IF(Journal!$E7=$K$3,COUNTIF(Journal!$E$6:'Journal'!$E7,$K$3),"") | U7: =IF(Journal!$F7=$K$3,COUNTIF(Journal!$F$6:'Journal'!$F7,$K$3),"") | V7: =IF(Journal!$E7=$C$21,COUNTIF(Journal!$E$6:'Journal'!$E7,$C$21),"") | W7: =IF(Journal!$F7=$C$21,COUNTIF(Journal!$F$6:'Journal'!$F7,$C$21),"") | X7: =IF(Journal!$E7=$K$21,COUNTIF(Journal!$E$6:'Journal'!$E7,$K$21),"") | Y7: =IF(Journal!$F7=$K$21,COUNTIF(Journal!$F$6:'Journal'!$F7,$K$21),"") | Z7: =IF(Journal!$E7=$C$39,COUNTIF(Journal!$E$6:'Journal'!$E7,$C$39),"") | AA7: =IF(Journal!$F7=$C$39,COUNTIF(Journal!$F$6:'Journal'!$F7,$C$39),"") | AB7: =IF(Journal!$E7=$K$39,COUNTIF(Journal!$E$6:'Journal'!$E7,$K$39),"") | AC7: =IF(Journal!$F7=$K$39,COUNTIF(Journal!$F$6:'Journal'!$F7,$K$39),"") | AD7: =IF(Journal!$E7=$C$57,COUNTIF(Journal!$E$6:'Journal'!$E7,$C$57),"") | AE7: =IF(Journal!$F7=$C$57,COUNTIF(Journal!$F$6:'Journal'!$F7,$C$57),"") | AF7: =IF(Journal!$E7=$K$57,COUNTIF(Journal!$E$6:'Journal'!$E7,$K$57),"") | AG7: =IF(Journal!$F7=$K$57,COUNTIF(Journal!$F$6:'Journal'!$F7,$K$57),"") | AH7: =IF(Journal!$E7=$C$75,COUNTIF(Journal!$E$6:'Journal'!$E7,$C$75),"") | AI7: =IF(Journal!$F7=$C$75,COUNTIF(Journal!$F$6:'Journal'!$F7,$C$75),"") -> 1 | AJ7: =IF(Journal!$E7=$K$75,COUNTIF(Journal!$E$6:'Journal'!$E7,$K$75),"") | AK7: =IF(Journal!$F7=$K$75,COUNTIF(Journal!$F$6:'Journal'!$F7,$K$75),"")
B8: =IFERROR(INDEX(Journal!$B$6:$B$45,MATCH(3,$R$6:$R$45,0)),"") | C8: =IFERROR(INDEX(Journal!$F$6:$F$45,MATCH(3,$R$6:$R$45,0)),"") | D8: =IFERROR(INDEX(Journal!$G$6:$G$45,MATCH(3,$R$6:$R$45,0)),"") | F8: =IFERROR(INDEX(Journal!$B$6:$B$45,MATCH(3,$S$6:$S$45,0)),"") | G8: =IFERROR(INDEX(Journal!$E$6:$E$45,MATCH(3,$S$6:$S$45,0)),"") | H8: =IFERROR(INDEX(Journal!$G$6:$G$45,MATCH(3,$S$6:$S$45,0)),"") | J8: =IFERROR(INDEX(Journal!$B$6:$B$45,MATCH(3,$T$6:$T$45,0)),"") | K8: =IFERROR(INDEX(Journal!$F$6:$F$45,MATCH(3,$T$6:$T$45,0)),"") | L8: =IFERROR(INDEX(Journal!$G$6:$G$45,MATCH(3,$T$6:$T$45,0)),"") | N8: =IFERROR(INDEX(Journal!$B$6:$B$45,MATCH(3,$U$6:$U$45,0)),"") | O8: =IFERROR(INDEX(Journal!$E$6:$E$45,MATCH(3,$U$6:$U$45,0)),"") | P8: =IFERROR(INDEX(Journal!$G$6:$G$45,MATCH(3,$U$6:$U$45,0)),"") | R8: =IF(Journal!$E8=$C$3,COUNTIF(Journal!$E$6:'Journal'!$E8,$C$3),"") | S8: =IF(Journal!$F8=$C$3,COUNTIF(Journal!$F$6:'Journal'!$F8,$C$3),"") | T8: =IF(Journal!$E8=$K$3,COUNTIF(Journal!$E$6:'Journal'!$E8,$K$3),"") | U8: =IF(Journal!$F8=$K$3,COUNTIF(Journal!$F$6:'Journal'!$F8,$K$3),"") | V8: =IF(Journal!$E8=$C$21,COUNTIF(Journal!$E$6:'Journal'!$E8,$C$21),"") | W8: =IF(Journal!$F8=$C$21,COUNTIF(Journal!$F$6:'Journal'!$F8,$C$21),"") | X8: =IF(Journal!$E8=$K$21,COUNTIF(Journal!$E$6:'Journal'!$E8,$K$21),"") | Y8: =IF(Journal!$F8=$K$21,COUNTIF(Journal!$F$6:'Journal'!$F8,$K$21),"") -> 1 | Z8: =IF(Journal!$E8=$C$39,COUNTIF(Journal!$E$6:'Journal'!$E8,$C$39),"") | AA8: =IF(Journal!$F8=$C$39,COUNTIF(Journal!$F$6:'Journal'!$F8,$C$39),"") | AB8: =IF(Journal!$E8=$K$39,COUNTIF(Journal!$E$6:'Journal'!$E8,$K$39),"") | AC8: =IF(Journal!$F8=$K$39,COUNTIF(Journal!$F$6:'Journal'!$F8,$K$39),"") | AD8: =IF(Journal!$E8=$C$57,COUNTIF(Journal!$E$6:'Journal'!$E8,$C$57),"") -> 1 | AE8: =IF(Journal!$F8=$C$57,COUNTIF(Journal!$F$6:'Journal'!$F8,$C$57),"") | AF8: =IF(Journal!$E8=$K$57,COUNTIF(Journal!$E$6:'Journal'!$E8,$K$57),"") | AG8: =IF(Journal!$F8=$K$57,COUNTIF(Journal!$F$6:'Journal'!$F8,$K$57),"") | AH8: =IF(Journal!$E8=$C$75,COUNTIF(Journal!$E$6:'Journal'!$E8,$C$75),"") | AI8: =IF(Journal!$F8=$C$75,COUNTIF(Journal!$F$6:'Journal'!$F8,$C$75),"") | AJ8: =IF(Journal!$E8=$K$75,COUNTIF(Journal!$E$6:'Journal'!$E8,$K$75),"") | AK8: =IF(Journal!$F8=$K$75,COUNTIF(Journal!$F$6:'Journal'!$F8,$K$75),"")
B9: =IFERROR(INDEX(Journal!$B$6:$B$45,MATCH(4,$R$6:$R$45,0)),"") | C9: =IFERROR(INDEX(Journal!$F$6:$F$45,MATCH(4,$R$6:$R$45,0)),"") | D9: =IFERROR(INDEX(Journal!$G$6:$G$45,MATCH(4,$R$6:$R$45,0)),"") | F9: =IFERROR(INDEX(Journal!$B$6:$B$45,MATCH(4,$S$6:$S$45,0)),"") | G9: =IFERROR(INDEX(Journal!$E$6:$E$45,MATCH(4,$S$6:$S$45,0)),"") | H9: =IFERROR(INDEX(Journal!$G$6:$G$45,MATCH(4,$S$6:$S$45,0)),"") | J9: =IFERROR(INDEX(Journal!$B$6:$B$45,MATCH(4,$T$6:$T$45,0)),"") | K9: =IFERROR(INDEX(Journal!$F$6:$F$45,MATCH(4,$T$6:$T$45,0)),"") | L9: =IFERROR(INDEX(Journal!$G$6:$G$45,MATCH(4,$T$6:$T$45,0)),"") | N9: =IFERROR(INDEX(Journal!$B$6:$B$45,MATCH(4,$U$6:$U$45,0)),"") | O9: =IFERROR(INDEX(Journal!$E$6:$E$45,MATCH(4,$U$6:$U$45,0)),"") | P9: =IFERROR(INDEX(Journal!$G$6:$G$45,MATCH(4,$U$6:$U$45,0)),"") | R9: =IF(Journal!$E9=$C$3,COUNTIF(Journal!$E$6:'Journal'!$E9,$C$3),"") | S9: =IF(Journal!$F9=$C$3,COUNTIF(Journal!$F$6:'Journal'!$F9,$C$3),"") | T9: =IF(Journal!$E9=$K$3,COUNTIF(Journal!$E$6:'Journal'!$E9,$K$3),"") | U9: =IF(Journal!$F9=$K$3,COUNTIF(Journal!$F$6:'Journal'!$F9,$K$3),"") | V9: =IF(Journal!$E9=$C$21,COUNTIF(Journal!$E$6:'Journal'!$E9,$C$21),"") | W9: =IF(Journal!$F9=$C$21,COUNTIF(Journal!$F$6:'Journal'!$F9,$C$21),"") | X9: =IF(Journal!$E9=$K$21,COUNTIF(Journal!$E$6:'Journal'!$E9,$K$21),"") | Y9: =IF(Journal!$F9=$K$21,COUNTIF(Journal!$F$6:'Journal'!$F9,$K$21),"") -> 2 | Z9: =IF(Journal!$E9=$C$39,COUNTIF(Journal!$E$6:'Journal'!$E9,$C$39),"") | AA9: =IF(Journal!$F9=$C$39,COUNTIF(Journal!$F$6:'Journal'!$F9,$C$39),"") | AB9: =IF(Journal!$E9=$K$39,COUNTIF(Journal!$E$6:'Journal'!$E9,$K$39),"") | AC9: =IF(Journal!$F9=$K$39,COUNTIF(Journal!$F$6:'Journal'!$F9,$K$39),"") | AD9: =IF(Journal!$E9=$C$57,COUNTIF(Journal!$E$6:'Journal'!$E9,$C$57),"") | AE9: =IF(Journal!$F9=$C$57,COUNTIF(Journal!$F$6:'Journal'!$F9,$C$57),"") | AF9: =IF(Journal!$E9=$K$57,COUNTIF(Journal!$E$6:'Journal'!$E9,$K$57),"") -> 1 | AG9: =IF(Journal!$F9=$K$57,COUNTIF(Journal!$F$6:'Journal'!$F9,$K$57),"") | AH9: =IF(Journal!$E9=$C$75,COUNTIF(Journal!$E$6:'Journal'!$E9,$C$75),"") | AI9: =IF(Journal!$F9=$C$75,COUNTIF(Journal!$F$6:'Journal'!$F9,$C$75),"") | AJ9: =IF(Journal!$E9=$K$75,COUNTIF(Journal!$E$6:'Journal'!$E9,$K$75),"") | AK9: =IF(Journal!$F9=$K$75,COUNTIF(Journal!$F$6:'Journal'!$F9,$K$75),"")
B10: =IFERROR(INDEX(Journal!$B$6:$B$45,MATCH(5,$R$6:$R$45,0)),"") | C10: =IFERROR(INDEX(Journal!$F$6:$F$45,MATCH(5,$R$6:$R$45,0)),"") | D10: =IFERROR(INDEX(Journal!$G$6:$G$45,MATCH(5,$R$6:$R$45,0)),"") | F10: =IFERROR(INDEX(Journal!$B$6:$B$45,MATCH(5,$S$6:$S$45,0)),"") | G10: =IFERROR(INDEX(Journal!$E$6:$E$45,MATCH(5,$S$6:$S$45,0)),"") | H10: =IFERROR(INDEX(Journal!$G$6:$G$45,MATCH(5,$S$6:$S$45,0)),"") | J10: =IFERROR(INDEX(Journal!$B$6:$B$45,MATCH(5,$T$6:$T$45,0)),"") | K10: =IFERROR(INDEX(Journal!$F$6:$F$45,MATCH(5,$T$6:$T$45,0)),"") | L10: =IFERROR(INDEX(Journal!$G$6:$G$45,MATCH(5,$T$6:$T$45,0)),"") | N10: =IFERROR(INDEX(Journal!$B$6:$B$45,MATCH(5,$U$6:$U$45,0)),"") | O10: =IFERROR(INDEX(Journal!$E$6:$E$45,MATCH(5,$U$6:$U$45,0)),"") | P10: =IFERROR(INDEX(Journal!$G$6:$G$45,MATCH(5,$U$6:$U$45,0)),"") | R10: =IF(Journal!$E10=$C$3,COUNTIF(Journal!$E$6:'Journal'!$E10,$C$3),"") | S10: =IF(Journal!$F10=$C$3,COUNTIF(Journal!$F$6:'Journal'!$F10,$C$3),"") | T10: =IF(Journal!$E10=$K$3,COUNTIF(Journal!$E$6:'Journal'!$E10,$K$3),"") -> 1 | U10: =IF(Journal!$F10=$K$3,COUNTIF(Journal!$F$6:'Journal'!$F10,$K$3),"") | V10: =IF(Journal!$E10=$C$21,COUNTIF(Journal!$E$6:'Journal'!$E10,$C$21),"") | W10: =IF(Journal!$F10=$C$21,COUNTIF(Journal!$F$6:'Journal'!$F10,$C$21),"") -> 1 | X10: =IF(Journal!$E10=$K$21,COUNTIF(Journal!$E$6:'Journal'!$E10,$K$21),"") | Y10: =IF(Journal!$F10=$K$21,COUNTIF(Journal!$F$6:'Journal'!$F10,$K$21),"") | Z10: =IF(Journal!$E10=$C$39,COUNTIF(Journal!$E$6:'Journal'!$E10,$C$39),"") | AA10: =IF(Journal!$F10=$C$39,COUNTIF(Journal!$F$6:'Journal'!$F10,$C$39),"") | AB10: =IF(Journal!$E10=$K$39,COUNTIF(Journal!$E$6:'Journal'!$E10,$K$39),"") | AC10: =IF(Journal!$F10=$K$39,COUNTIF(Journal!$F$6:'Journal'!$F10,$K$39),"") | AD10: =IF(Journal!$E10=$C$57,COUNTIF(Journal!$E$6:'Journal'!$E10,$C$57),"") | AE10: =IF(Journal!$F10=$C$57,COUNTIF(Journal!$F$6:'Journal'!$F10,$C$57),"") | AF10: =IF(Journal!$E10=$K$57,COUNTIF(Journal!$E$6:'Journal'!$E10,$K$57),"") | AG10: =IF(Journal!$F10=$K$57,COUNTIF(Journal!$F$6:'Journal'!$F10,$K$57),"") | AH10: =IF(Journal!$E10=$C$75,COUNTIF(Journal!$E$6:'Journal'!$E10,$C$75),"") | AI10: =IF(Journal!$F10=$C$75,COUNTIF(Journal!$F$6:'Journal'!$F10,$C$75),"") | AJ10: =IF(Journal!$E10=$K$75,COUNTIF(Journal!$E$6:'Journal'!$E10,$K$75),"") | AK10: =IF(Journal!$F10=$K$75,COUNTIF(Journal!$F$6:'Journal'!$F10,$K$75),"")
B11: =IFERROR(INDEX(Journal!$B$6:$B$45,MATCH(6,$R$6:$R$45,0)),"") | C11: =IFERROR(INDEX(Journal!$F$6:$F$45,MATCH(6,$R$6:$R$45,0)),"") | D11: =IFERROR(INDEX(Journal!$G$6:$G$45,MATCH(6,$R$6:$R$45,0)),"") | F11: =IFERROR(INDEX(Journal!$B$6:$B$45,MATCH(6,$S$6:$S$45,0)),"") | G11: =IFERROR(INDEX(Journal!$E$6:$E$45,MATCH(6,$S$6:$S$45,0)),"") | H11: =IFERROR(INDEX(Journal!$G$6:$G$45,MATCH(6,$S$6:$S$45,0)),"") | J11: =IFERROR(INDEX(Journal!$B$6:$B$45,MATCH(6,$T$6:$T$45,0)),"") | K11: =IFERROR(INDEX(Journal!$F$6:$F$45,MATCH(6,$T$6:$T$45,0)),"") | L11: =IFERROR(INDEX(Journal!$G$6:$G$45,MATCH(6,$T$6:$T$45,0)),"") | N11: =IFERROR(INDEX(Journal!$B$6:$B$45,MATCH(6,$U$6:$U$45,0)),"") | O11: =IFERROR(INDEX(Journal!$E$6:$E$45,MATCH(6,$U$6:$U$45,0)),"") | P11: =IFERROR(INDEX(Journal!$G$6:$G$45,MATCH(6,$U$6:$U$45,0)),"") | R11: =IF(Journal!$E11=$C$3,COUNTIF(Journal!$E$6:'Journal'!$E11,$C$3),"") | S11: =IF(Journal!$F11=$C$3,COUNTIF(Journal!$F$6:'Journal'!$F11,$C$3),"") | T11: =IF(Journal!$E11=$K$3,COUNTIF(Journal!$E$6:'Journal'!$E11,$K$3),"") | U11: =IF(Journal!$F11=$K$3,COUNTIF(Journal!$F$6:'Journal'!$F11,$K$3),"") | V11: =IF(Journal!$E11=$C$21,COUNTIF(Journal!$E$6:'Journal'!$E11,$C$21),"") -> 1 | W11: =IF(Journal!$F11=$C$21,COUNTIF(Journal!$F$6:'Journal'!$F11,$C$21),"") | X11: =IF(Journal!$E11=$K$21,COUNTIF(Journal!$E$6:'Journal'!$E11,$K$21),"") | Y11: =IF(Journal!$F11=$K$21,COUNTIF(Journal!$F$6:'Journal'!$F11,$K$21),"") | Z11: =IF(Journal!$E11=$C$39,COUNTIF(Journal!$E$6:'Journal'!$E11,$C$39),"") | AA11: =IF(Journal!$F11=$C$39,COUNTIF(Journal!$F$6:'Journal'!$F11,$C$39),"") | AB11: =IF(Journal!$E11=$K$39,COUNTIF(Journal!$E$6:'Journal'!$E11,$K$39),"") | AC11: =IF(Journal!$F11=$K$39,COUNTIF(Journal!$F$6:'Journal'!$F11,$K$39),"") -> 2 | AD11: =IF(Journal!$E11=$C$57,COUNTIF(Journal!$E$6:'Journal'!$E11,$C$57),"") | AE11: =IF(Journal!$F11=$C$57,COUNTIF(Journal!$F$6:'Journal'!$F11,$C$57),"") | AF11: =IF(Journal!$E11=$K$57,COUNTIF(Journal!$E$6:'Journal'!$E11,$K$57),"") | AG11: =IF(Journal!$F11=$K$57,COUNTIF(Journal!$F$6:'Journal'!$F11,$K$57),"") | AH11: =IF(Journal!$E11=$C$75,COUNTIF(Journal!$E$6:'Journal'!$E11,$C$75),"") | AI11: =IF(Journal!$F11=$C$75,COUNTIF(Journal!$F$6:'Journal'!$F11,$C$75),"") | AJ11: =IF(Journal!$E11=$K$75,COUNTIF(Journal!$E$6:'Journal'!$E11,$K$75),"") | AK11: =IF(Journal!$F11=$K$75,COUNTIF(Journal!$F$6:'Journal'!$F11,$K$75),"")
B12: =IFERROR(INDEX(Journal!$B$6:$B$45,MATCH(7,$R$6:$R$45,0)),"") | C12: =IFERROR(INDEX(Journal!$F$6:$F$45,MATCH(7,$R$6:$R$45,0)),"") | D12: =IFERROR(INDEX(Journal!$G$6:$G$45,MATCH(7,$R$6:$R$45,0)),"") | F12: =IFERROR(INDEX(Journal!$B$6:$B$45,MATCH(7,$S$6:$S$45,0)),"") | G12: =IFERROR(INDEX(Journal!$E$6:$E$45,MATCH(7,$S$6:$S$45,0)),"") | H12: =IFERROR(INDEX(Journal!$G$6:$G$45,MATCH(7,$S$6:$S$45,0)),"") | J12: =IFERROR(INDEX(Journal!$B$6:$B$45,MATCH(7,$T$6:$T$45,0)),"") | K12: =IFERROR(INDEX(Journal!$F$6:$F$45,MATCH(7,$T$6:$T$45,0)),"") | L12: =IFERROR(INDEX(Journal!$G$6:$G$45,MATCH(7,$T$6:$T$45,0)),"") | N12: =IFERROR(INDEX(Journal!$B$6:$B$45,MATCH(7,$U$6:$U$45,0)),"") | O12: =IFERROR(INDEX(Journal!$E$6:$E$45,MATCH(7,$U$6:$U$45,0)),"") | P12: =IFERROR(INDEX(Journal!$G$6:$G$45,MATCH(7,$U$6:$U$45,0)),"") | R12: =IF(Journal!$E12=$C$3,COUNTIF(Journal!$E$6:'Journal'!$E12,$C$3),"") | S12: =IF(Journal!$F12=$C$3,COUNTIF(Journal!$F$6:'Journal'!$F12,$C$3),"") | T12: =IF(Journal!$E12=$K$3,COUNTIF(Journal!$E$6:'Journal'!$E12,$K$3),"") | U12: =IF(Journal!$F12=$K$3,COUNTIF(Journal!$F$6:'Journal'!$F12,$K$3),"") | V12: =IF(Journal!$E12=$C$21,COUNTIF(Journal!$E$6:'Journal'!$E12,$C$21),"") -> 2 | W12: =IF(Journal!$F12=$C$21,COUNTIF(Journal!$F$6:'Journal'!$F12,$C$21),"") | X12: =IF(Journal!$E12=$K$21,COUNTIF(Journal!$E$6:'Journal'!$E12,$K$21),"") | Y12: =IF(Journal!$F12=$K$21,COUNTIF(Journal!$F$6:'Journal'!$F12,$K$21),"") | Z12: =IF(Journal!$E12=$C$39,COUNTIF(Journal!$E$6:'Journal'!$E12,$C$39),"") | AA12: =IF(Journal!$F12=$C$39,COUNTIF(Journal!$F$6:'Journal'!$F12,$C$39),"") | AB12: =IF(Journal!$E12=$K$39,COUNTIF(Journal!$E$6:'Journal'!$E12,$K$39),"") | AC12: =IF(Journal!$F12=$K$39,COUNTIF(Journal!$F$6:'Journal'!$F12,$K$39),"") | AD12: =IF(Journal!$E12=$C$57,COUNTIF(Journal!$E$6:'Journal'!$E12,$C$57),"") | AE12: =IF(Journal!$F12=$C$57,COUNTIF(Journal!$F$6:'Journal'!$F12,$C$57),"") | AF12: =IF(Journal!$E12=$K$57,COUNTIF(Journal!$E$6:'Journal'!$E12,$K$57),"") | AG12: =IF(Journal!$F12=$K$57,COUNTIF(Journal!$F$6:'Journal'!$F12,$K$57),"") | AH12: =IF(Journal!$E12=$C$75,COUNTIF(Journal!$E$6:'Journal'!$E12,$C$75),"") | AI12: =IF(Journal!$F12=$C$75,COUNTIF(Journal!$F$6:'Journal'!$F12,$C$75),"") -> 2 | AJ12: =IF(Journal!$E12=$K$75,COUNTIF(Journal!$E$6:'Journal'!$E12,$K$75),"") | AK12: =IF(Journal!$F12=$K$75,COUNTIF(Journal!$F$6:'Journal'!$F12,$K$75),"")
B13: =IFERROR(INDEX(Journal!$B$6:$B$45,MATCH(8,$R$6:$R$45,0)),"") | C13: =IFERROR(INDEX(Journal!$F$6:$F$45,MATCH(8,$R$6:$R$45,0)),"") | D13: =IFERROR(INDEX(Journal!$G$6:$G$45,MATCH(8,$R$6:$R$45,0)),"") | F13: =IFERROR(INDEX(Journal!$B$6:$B$45,MATCH(8,$S$6:$S$45,0)),"") | G13: =IFERROR(INDEX(Journal!$E$6:$E$45,MATCH(8,$S$6:$S$45,0)),"") | H13: =IFERROR(INDEX(Journal!$G$6:$G$45,MATCH(8,$S$6:$S$45,0)),"") | J13: =IFERROR(INDEX(Journal!$B$6:$B$45,MATCH(8,$T$6:$T$45,0)),"") | K13: =IFERROR(INDEX(Journal!$F$6:$F$45,MATCH(8,$T$6:$T$45,0)),"") | L13: =IFERROR(INDEX(Journal!$G$6:$G$45,MATCH(8,$T$6:$T$45,0)),"") | N13: =IFERROR(INDEX(Journal!$B$6:$B$45,MATCH(8,$U$6:$U$45,0)),"") | O13: =IFERROR(INDEX(Journal!$E$6:$E$45,MATCH(8,$U$6:$U$45,0)),"") | P13: =IFERROR(INDEX(Journal!$G$6:$G$45,MATCH(8,$U$6:$U$45,0)),"") | R13: =IF(Journal!$E13=$C$3,COUNTIF(Journal!$E$6:'Journal'!$E13,$C$3),"") | S13: =IF(Journal!$F13=$C$3,COUNTIF(Journal!$F$6:'Journal'!$F13,$C$3),"") | T13: =IF(Journal!$E13=$K$3,COUNTIF(Journal!$E$6:'Journal'!$E13,$K$3),"") | U13: =IF(Journal!$F13=$K$3,COUNTIF(Journal!$F$6:'Journal'!$F13,$K$3),"") -> 1 | V13: =IF(Journal!$E13=$C$21,COUNTIF(Journal!$E$6:'Journal'!$E13,$C$21),"") | W13: =IF(Journal!$F13=$C$21,COUNTIF(Journal!$F$6:'Journal'!$F13,$C$21),"") | X13: =IF(Journal!$E13=$K$21,COUNTIF(Journal!$E$6:'Journal'!$E13,$K$21),"") | Y13: =IF(Journal!$F13=$K$21,COUNTIF(Journal!$F$6:'Journal'!$F13,$K$21),"") | Z13: =IF(Journal!$E13=$C$39,COUNTIF(Journal!$E$6:'Journal'!$E13,$C$39),"") | AA13: =IF(Journal!$F13=$C$39,COUNTIF(Journal!$F$6:'Journal'!$F13,$C$39),"") | AB13: =IF(Journal!$E13=$K$39,COUNTIF(Journal!$E$6:'Journal'!$E13,$K$39),"") | AC13: =IF(Journal!$F13=$K$39,COUNTIF(Journal!$F$6:'Journal'!$F13,$K$39),"") | AD13: =IF(Journal!$E13=$C$57,COUNTIF(Journal!$E$6:'Journal'!$E13,$C$57),"") | AE13: =IF(Journal!$F13=$C$57,COUNTIF(Journal!$F$6:'Journal'!$F13,$C$57),"") | AF13: =IF(Journal!$E13=$K$57,COUNTIF(Journal!$E$6:'Journal'!$E13,$K$57),"") | AG13: =IF(Journal!$F13=$K$57,COUNTIF(Journal!$F$6:'Journal'!$F13,$K$57),"") | AH13: =IF(Journal!$E13=$C$75,COUNTIF(Journal!$E$6:'Journal'!$E13,$C$75),"") | AI13: =IF(Journal!$F13=$C$75,COUNTIF(Journal!$F$6:'Journal'!$F13,$C$75),"") | AJ13: =IF(Journal!$E13=$K$75,COUNTIF(Journal!$E$6:'Journal'!$E13,$K$75),"") -> 1 | AK13: =IF(Journal!$F13=$K$75,COUNTIF(Journal!$F$6:'Journal'!$F13,$K$75),"")
R14: =IF(Journal!$E14=$C$3,COUNTIF(Journal!$E$6:'Journal'!$E14,$C$3),"") | S14: =IF(Journal!$F14=$C$3,COUNTIF(Journal!$F$6:'Journal'!$F14,$C$3),"") | T14: =IF(Journal!$E14=$K$3,COUNTIF(Journal!$E$6:'Journal'!$E14,$K$3),"") | U14: =IF(Journal!$F14=$K$3,COUNTIF(Journal!$F$6:'Journal'!$F14,$K$3),"") -> 2 | V14: =IF(Journal!$E14=$C$21,COUNTIF(Journal!$E$6:'Journal'!$E14,$C$21),"") | W14: =IF(Journal!$F14=$C$21,COUNTIF(Journal!$F$6:'Journal'!$F14,$C$21),"") | X14: =IF(Journal!$E14=$K$21,COUNTIF(Journal!$E$6:'Journal'!$E14,$K$21),"") -> 1 | Y14: =IF(Journal!$F14=$K$21,COUNTIF(Journal!$F$6:'Journal'!$F14,$K$21),"") | Z14: =IF(Journal!$E14=$C$39,COUNTIF(Journal!$E$6:'Journal'!$E14,$C$39),"") | AA14: =IF(Journal!$F14=$C$39,COUNTIF(Journal!$F$6:'Journal'!$F14,$C$39),"") | AB14: =IF(Journal!$E14=$K$39,COUNTIF(Journal!$E$6:'Journal'!$E14,$K$39),"") | AC14: =IF(Journal!$F14=$K$39,COUNTIF(Journal!$F$6:'Journal'!$F14,$K$39),"") | AD14: =IF(Journal!$E14=$C$57,COUNTIF(Journal!$E$6:'Journal'!$E14,$C$57),"") | AE14: =IF(Journal!$F14=$C$57,COUNTIF(Journal!$F$6:'Journal'!$F14,$C$57),"") | AF14: =IF(Journal!$E14=$K$57,COUNTIF(Journal!$E$6:'Journal'!$E14,$K$57),"") | AG14: =IF(Journal!$F14=$K$57,COUNTIF(Journal!$F$6:'Journal'!$F14,$K$57),"") | AH14: =IF(Journal!$E14=$C$75,COUNTIF(Journal!$E$6:'Journal'!$E14,$C$75),"") | AI14: =IF(Journal!$F14=$C$75,COUNTIF(Journal!$F$6:'Journal'!$F14,$C$75),"") | AJ14: =IF(Journal!$E14=$K$75,COUNTIF(Journal!$E$6:'Journal'!$E14,$K$75),"") | AK14: =IF(Journal!$F14=$K$75,COUNTIF(Journal!$F$6:'Journal'!$F14,$K$75),"")
B15: Anfangsbestand | D15: =IFERROR(INDEX(Bilanz_EBK_SBK!$L$4:$L$11,MATCH($C$3,Bilanz_EBK_SBK!$J$4:$J$11,0)),0) -> 5000 | F15: Typ | H15: =IFERROR(INDEX(Journal!$N$4:$N$14,MATCH($C$3,Journal!$M$4:$M$14,0)),"") -> Aktiv | J15: Anfangsbestand | L15: =IFERROR(INDEX(Bilanz_EBK_SBK!$L$4:$L$11,MATCH($K$3,Bilanz_EBK_SBK!$J$4:$J$11,0)),0) -> 10000 | N15: Typ | P15: =IFERROR(INDEX(Journal!$N$4:$N$14,MATCH($K$3,Journal!$M$4:$M$14,0)),"") -> Aktiv | R15: =IF(Journal!$E15=$C$3,COUNTIF(Journal!$E$6:'Journal'!$E15,$C$3),"") | S15: =IF(Journal!$F15=$C$3,COUNTIF(Journal!$F$6:'Journal'!$F15,$C$3),"") | T15: =IF(Journal!$E15=$K$3,COUNTIF(Journal!$E$6:'Journal'!$E15,$K$3),"") | U15: =IF(Journal!$F15=$K$3,COUNTIF(Journal!$F$6:'Journal'!$F15,$K$3),"") | V15: =IF(Journal!$E15=$C$21,COUNTIF(Journal!$E$6:'Journal'!$E15,$C$21),"") | W15: =IF(Journal!$F15=$C$21,COUNTIF(Journal!$F$6:'Journal'!$F15,$C$21),"") | X15: =IF(Journal!$E15=$K$21,COUNTIF(Journal!$E$6:'Journal'!$E15,$K$21),"") | Y15: =IF(Journal!$F15=$K$21,COUNTIF(Journal!$F$6:'Journal'!$F15,$K$21),"") | Z15: =IF(Journal!$E15=$C$39,COUNTIF(Journal!$E$6:'Journal'!$E15,$C$39),"") | AA15: =IF(Journal!$F15=$C$39,COUNTIF(Journal!$F$6:'Journal'!$F15,$C$39),"") | AB15: =IF(Journal!$E15=$K$39,COUNTIF(Journal!$E$6:'Journal'!$E15,$K$39),"") | AC15: =IF(Journal!$F15=$K$39,COUNTIF(Journal!$F$6:'Journal'!$F15,$K$39),"") | AD15: =IF(Journal!$E15=$C$57,COUNTIF(Journal!$E$6:'Journal'!$E15,$C$57),"") | AE15: =IF(Journal!$F15=$C$57,COUNTIF(Journal!$F$6:'Journal'!$F15,$C$57),"") | AF15: =IF(Journal!$E15=$K$57,COUNTIF(Journal!$E$6:'Journal'!$E15,$K$57),"") | AG15: =IF(Journal!$F15=$K$57,COUNTIF(Journal!$F$6:'Journal'!$F15,$K$57),"") | AH15: =IF(Journal!$E15=$C$75,COUNTIF(Journal!$E$6:'Journal'!$E15,$C$75),"") | AI15: =IF(Journal!$F15=$C$75,COUNTIF(Journal!$F$6:'Journal'!$F15,$C$75),"") | AJ15: =IF(Journal!$E15=$K$75,COUNTIF(Journal!$E$6:'Journal'!$E15,$K$75),"") | AK15: =IF(Journal!$F15=$K$75,COUNTIF(Journal!$F$6:'Journal'!$F15,$K$75),"") -> 1
B16: Summe Soll | D16: =SUMIFS(Journal!$G$6:$G$45,Journal!$E$6:$E$45,$C$3) -> 1190 | F16: Schlusssaldo | H16: =IF(H15="Aktiv",D15+D16-D17,IF(H15="Passiv",D15-D16+D17,IF(H15="Aufwand",D16-D17,IF(H15="Ertrag",D17-D16,"")))) -> 6190 | J16: Summe Soll | L16: =SUMIFS(Journal!$G$6:$G$45,Journal!$E$6:$E$45,$K$3) -> 1500 | N16: Schlusssaldo | P16: =IF(P15="Aktiv",L15+L16-L17,IF(P15="Passiv",L15-L16+L17,IF(P15="Aufwand",L16-L17,IF(P15="Ertrag",L17-L16,"")))) -> 8048 | R16: =IF(Journal!$E16=$C$3,COUNTIF(Journal!$E$6:'Journal'!$E16,$C$3),"") | S16: =IF(Journal!$F16=$C$3,COUNTIF(Journal!$F$6:'Journal'!$F16,$C$3),"") | T16: =IF(Journal!$E16=$K$3,COUNTIF(Journal!$E$6:'Journal'!$E16,$K$3),"") | U16: =IF(Journal!$F16=$K$3,COUNTIF(Journal!$F$6:'Journal'!$F16,$K$3),"") | V16: =IF(Journal!$E16=$C$21,COUNTIF(Journal!$E$6:'Journal'!$E16,$C$21),"") | W16: =IF(Journal!$F16=$C$21,COUNTIF(Journal!$F$6:'Journal'!$F16,$C$21),"") | X16: =IF(Journal!$E16=$K$21,COUNTIF(Journal!$E$6:'Journal'!$E16,$K$21),"") | Y16: =IF(Journal!$F16=$K$21,COUNTIF(Journal!$F$6:'Journal'!$F16,$K$21),"") | Z16: =IF(Journal!$E16=$C$39,COUNTIF(Journal!$E$6:'Journal'!$E16,$C$39),"") | AA16: =IF(Journal!$F16=$C$39,COUNTIF(Journal!$F$6:'Journal'!$F16,$C$39),"") | AB16: =IF(Journal!$E16=$K$39,COUNTIF(Journal!$E$6:'Journal'!$E16,$K$39),"") | AC16: =IF(Journal!$F16=$K$39,COUNTIF(Journal!$F$6:'Journal'!$F16,$K$39),"") | AD16: =IF(Journal!$E16=$C$57,COUNTIF(Journal!$E$6:'Journal'!$E16,$C$57),"") | AE16: =IF(Journal!$F16=$C$57,COUNTIF(Journal!$F$6:'Journal'!$F16,$C$57),"") | AF16: =IF(Journal!$E16=$K$57,COUNTIF(Journal!$E$6:'Journal'!$E16,$K$57),"") | AG16: =IF(Journal!$F16=$K$57,COUNTIF(Journal!$F$6:'Journal'!$F16,$K$57),"") | AH16: =IF(Journal!$E16=$C$75,COUNTIF(Journal!$E$6:'Journal'!$E16,$C$75),"") | AI16: =IF(Journal!$F16=$C$75,COUNTIF(Journal!$F$6:'Journal'!$F16,$C$75),"") | AJ16: =IF(Journal!$E16=$K$75,COUNTIF(Journal!$E$6:'Journal'!$E16,$K$75),"") | AK16: =IF(Journal!$F16=$K$75,COUNTIF(Journal!$F$6:'Journal'!$F16,$K$75),"")
B17: Summe Haben | D17: =SUMIFS(Journal!$G$6:$G$45,Journal!$F$6:$F$45,$C$3) -> 0 | F17: Saldoart | H17: =IF(H15="","",IF(H15="Aktiv",IF(H16>=0,"Sollsaldo","Habensaldo"),IF(H15="Passiv",IF(H16>=0,"Habensaldo","Sollsaldo"),IF(H15="Aufwand","Sollsaldo","Habensaldo")))) -> Sollsaldo | J17: Summe Haben | L17: =SUMIFS(Journal!$G$6:$G$45,Journal!$F$6:$F$45,$K$3) -> 3452 | N17: Saldoart | P17: =IF(P15="","",IF(P15="Aktiv",IF(P16>=0,"Sollsaldo","Habensaldo"),IF(P15="Passiv",IF(P16>=0,"Habensaldo","Sollsaldo"),IF(P15="Aufwand","Sollsaldo","Habensaldo")))) -> Sollsaldo | R17: =IF(Journal!$E17=$C$3,COUNTIF(Journal!$E$6:'Journal'!$E17,$C$3),"") | S17: =IF(Journal!$F17=$C$3,COUNTIF(Journal!$F$6:'Journal'!$F17,$C$3),"") | T17: =IF(Journal!$E17=$K$3,COUNTIF(Journal!$E$6:'Journal'!$E17,$K$3),"") | U17: =IF(Journal!$F17=$K$3,COUNTIF(Journal!$F$6:'Journal'!$F17,$K$3),"") | V17: =IF(Journal!$E17=$C$21,COUNTIF(Journal!$E$6:'Journal'!$E17,$C$21),"") | W17: =IF(Journal!$F17=$C$21,COUNTIF(Journal!$F$6:'Journal'!$F17,$C$21),"") | X17: =IF(Journal!$E17=$K$21,COUNTIF(Journal!$E$6:'Journal'!$E17,$K$21),"") | Y17: =IF(Journal!$F17=$K$21,COUNTIF(Journal!$F$6:'Journal'!$F17,$K$21),"") | Z17: =IF(Journal!$E17=$C$39,COUNTIF(Journal!$E$6:'Journal'!$E17,$C$39),"") | AA17: =IF(Journal!$F17=$C$39,COUNTIF(Journal!$F$6:'Journal'!$F17,$C$39),"") | AB17: =IF(Journal!$E17=$K$39,COUNTIF(Journal!$E$6:'Journal'!$E17,$K$39),"") | AC17: =IF(Journal!$F17=$K$39,COUNTIF(Journal!$F$6:'Journal'!$F17,$K$39),"") | AD17: =IF(Journal!$E17=$C$57,COUNTIF(Journal!$E$6:'Journal'!$E17,$C$57),"") | AE17: =IF(Journal!$F17=$C$57,COUNTIF(Journal!$F$6:'Journal'!$F17,$C$57),"") | AF17: =IF(Journal!$E17=$K$57,COUNTIF(Journal!$E$6:'Journal'!$E17,$K$57),"") | AG17: =IF(Journal!$F17=$K$57,COUNTIF(Journal!$F$6:'Journal'!$F17,$K$57),"") | AH17: =IF(Journal!$E17=$C$75,COUNTIF(Journal!$E$6:'Journal'!$E17,$C$75),"") | AI17: =IF(Journal!$F17=$C$75,COUNTIF(Journal!$F$6:'Journal'!$F17,$C$75),"") | AJ17: =IF(Journal!$E17=$K$75,COUNTIF(Journal!$E$6:'Journal'!$E17,$K$75),"") | AK17: =IF(Journal!$F17=$K$75,COUNTIF(Journal!$F$6:'Journal'!$F17,$K$75),"")
R18: =IF(Journal!$E18=$C$3,COUNTIF(Journal!$E$6:'Journal'!$E18,$C$3),"") | S18: =IF(Journal!$F18=$C$3,COUNTIF(Journal!$F$6:'Journal'!$F18,$C$3),"") | T18: =IF(Journal!$E18=$K$3,COUNTIF(Journal!$E$6:'Journal'!$E18,$K$3),"") | U18: =IF(Journal!$F18=$K$3,COUNTIF(Journal!$F$6:'Journal'!$F18,$K$3),"") | V18: =IF(Journal!$E18=$C$21,COUNTIF(Journal!$E$6:'Journal'!$E18,$C$21),"") | W18: =IF(Journal!$F18=$C$21,COUNTIF(Journal!$F$6:'Journal'!$F18,$C$21),"") | X18: =IF(Journal!$E18=$K$21,COUNTIF(Journal!$E$6:'Journal'!$E18,$K$21),"") | Y18: =IF(Journal!$F18=$K$21,COUNTIF(Journal!$F$6:'Journal'!$F18,$K$21),"") | Z18: =IF(Journal!$E18=$C$39,COUNTIF(Journal!$E$6:'Journal'!$E18,$C$39),"") | AA18: =IF(Journal!$F18=$C$39,COUNTIF(Journal!$F$6:'Journal'!$F18,$C$39),"") | AB18: =IF(Journal!$E18=$K$39,COUNTIF(Journal!$E$6:'Journal'!$E18,$K$39),"") | AC18: =IF(Journal!$F18=$K$39,COUNTIF(Journal!$F$6:'Journal'!$F18,$K$39),"") | AD18: =IF(Journal!$E18=$C$57,COUNTIF(Journal!$E$6:'Journal'!$E18,$C$57),"") | AE18: =IF(Journal!$F18=$C$57,COUNTIF(Journal!$F$6:'Journal'!$F18,$C$57),"") | AF18: =IF(Journal!$E18=$K$57,COUNTIF(Journal!$E$6:'Journal'!$E18,$K$57),"") | AG18: =IF(Journal!$F18=$K$57,COUNTIF(Journal!$F$6:'Journal'!$F18,$K$57),"") | AH18: =IF(Journal!$E18=$C$75,COUNTIF(Journal!$E$6:'Journal'!$E18,$C$75),"") | AI18: =IF(Journal!$F18=$C$75,COUNTIF(Journal!$F$6:'Journal'!$F18,$C$75),"") | AJ18: =IF(Journal!$E18=$K$75,COUNTIF(Journal!$E$6:'Journal'!$E18,$K$75),"") | AK18: =IF(Journal!$F18=$K$75,COUNTIF(Journal!$F$6:'Journal'!$F18,$K$75),"")
R19: =IF(Journal!$E19=$C$3,COUNTIF(Journal!$E$6:'Journal'!$E19,$C$3),"") | S19: =IF(Journal!$F19=$C$3,COUNTIF(Journal!$F$6:'Journal'!$F19,$C$3),"") | T19: =IF(Journal!$E19=$K$3,COUNTIF(Journal!$E$6:'Journal'!$E19,$K$3),"") | U19: =IF(Journal!$F19=$K$3,COUNTIF(Journal!$F$6:'Journal'!$F19,$K$3),"") | V19: =IF(Journal!$E19=$C$21,COUNTIF(Journal!$E$6:'Journal'!$E19,$C$21),"") | W19: =IF(Journal!$F19=$C$21,COUNTIF(Journal!$F$6:'Journal'!$F19,$C$21),"") | X19: =IF(Journal!$E19=$K$21,COUNTIF(Journal!$E$6:'Journal'!$E19,$K$21),"") | Y19: =IF(Journal!$F19=$K$21,COUNTIF(Journal!$F$6:'Journal'!$F19,$K$21),"") | Z19: =IF(Journal!$E19=$C$39,COUNTIF(Journal!$E$6:'Journal'!$E19,$C$39),"") | AA19: =IF(Journal!$F19=$C$39,COUNTIF(Journal!$F$6:'Journal'!$F19,$C$39),"") | AB19: =IF(Journal!$E19=$K$39,COUNTIF(Journal!$E$6:'Journal'!$E19,$K$39),"") | AC19: =IF(Journal!$F19=$K$39,COUNTIF(Journal!$F$6:'Journal'!$F19,$K$39),"") | AD19: =IF(Journal!$E19=$C$57,COUNTIF(Journal!$E$6:'Journal'!$E19,$C$57),"") | AE19: =IF(Journal!$F19=$C$57,COUNTIF(Journal!$F$6:'Journal'!$F19,$C$57),"") | AF19: =IF(Journal!$E19=$K$57,COUNTIF(Journal!$E$6:'Journal'!$E19,$K$57),"") | AG19: =IF(Journal!$F19=$K$57,COUNTIF(Journal!$F$6:'Journal'!$F19,$K$57),"") | AH19: =IF(Journal!$E19=$C$75,COUNTIF(Journal!$E$6:'Journal'!$E19,$C$75),"") | AI19: =IF(Journal!$F19=$C$75,COUNTIF(Journal!$F$6:'Journal'!$F19,$C$75),"") | AJ19: =IF(Journal!$E19=$K$75,COUNTIF(Journal!$E$6:'Journal'!$E19,$K$75),"") | AK19: =IF(Journal!$F19=$K$75,COUNTIF(Journal!$F$6:'Journal'!$F19,$K$75),"")
R20: =IF(Journal!$E20=$C$3,COUNTIF(Journal!$E$6:'Journal'!$E20,$C$3),"") | S20: =IF(Journal!$F20=$C$3,COUNTIF(Journal!$F$6:'Journal'!$F20,$C$3),"") | T20: =IF(Journal!$E20=$K$3,COUNTIF(Journal!$E$6:'Journal'!$E20,$K$3),"") | U20: =IF(Journal!$F20=$K$3,COUNTIF(Journal!$F$6:'Journal'!$F20,$K$3),"") | V20: =IF(Journal!$E20=$C$21,COUNTIF(Journal!$E$6:'Journal'!$E20,$C$21),"") | W20: =IF(Journal!$F20=$C$21,COUNTIF(Journal!$F$6:'Journal'!$F20,$C$21),"") | X20: =IF(Journal!$E20=$K$21,COUNTIF(Journal!$E$6:'Journal'!$E20,$K$21),"") | Y20: =IF(Journal!$F20=$K$21,COUNTIF(Journal!$F$6:'Journal'!$F20,$K$21),"") | Z20: =IF(Journal!$E20=$C$39,COUNTIF(Journal!$E$6:'Journal'!$E20,$C$39),"") | AA20: =IF(Journal!$F20=$C$39,COUNTIF(Journal!$F$6:'Journal'!$F20,$C$39),"") | AB20: =IF(Journal!$E20=$K$39,COUNTIF(Journal!$E$6:'Journal'!$E20,$K$39),"") | AC20: =IF(Journal!$F20=$K$39,COUNTIF(Journal!$F$6:'Journal'!$F20,$K$39),"") | AD20: =IF(Journal!$E20=$C$57,COUNTIF(Journal!$E$6:'Journal'!$E20,$C$57),"") | AE20: =IF(Journal!$F20=$C$57,COUNTIF(Journal!$F$6:'Journal'!$F20,$C$57),"") | AF20: =IF(Journal!$E20=$K$57,COUNTIF(Journal!$E$6:'Journal'!$E20,$K$57),"") | AG20: =IF(Journal!$F20=$K$57,COUNTIF(Journal!$F$6:'Journal'!$F20,$K$57),"") | AH20: =IF(Journal!$E20=$C$75,COUNTIF(Journal!$E$6:'Journal'!$E20,$C$75),"") | AI20: =IF(Journal!$F20=$C$75,COUNTIF(Journal!$F$6:'Journal'!$F20,$C$75),"") | AJ20: =IF(Journal!$E20=$K$75,COUNTIF(Journal!$E$6:'Journal'!$E20,$K$75),"") | AK20: =IF(Journal!$F20=$K$75,COUNTIF(Journal!$F$6:'Journal'!$F20,$K$75),"")
B21: Kontoauswahl | C21: Forderungen | D21: =C21 -> Forderungen | J21: Kontoauswahl | K21: Verbindlichkeiten | L21: =K21 -> Verbindlichkeiten | R21: =IF(Journal!$E21=$C$3,COUNTIF(Journal!$E$6:'Journal'!$E21,$C$3),"") | S21: =IF(Journal!$F21=$C$3,COUNTIF(Journal!$F$6:'Journal'!$F21,$C$3),"") | T21: =IF(Journal!$E21=$K$3,COUNTIF(Journal!$E$6:'Journal'!$E21,$K$3),"") | U21: =IF(Journal!$F21=$K$3,COUNTIF(Journal!$F$6:'Journal'!$F21,$K$3),"") | V21: =IF(Journal!$E21=$C$21,COUNTIF(Journal!$E$6:'Journal'!$E21,$C$21),"") | W21: =IF(Journal!$F21=$C$21,COUNTIF(Journal!$F$6:'Journal'!$F21,$C$21),"") | X21: =IF(Journal!$E21=$K$21,COUNTIF(Journal!$E$6:'Journal'!$E21,$K$21),"") | Y21: =IF(Journal!$F21=$K$21,COUNTIF(Journal!$F$6:'Journal'!$F21,$K$21),"") | Z21: =IF(Journal!$E21=$C$39,COUNTIF(Journal!$E$6:'Journal'!$E21,$C$39),"") | AA21: =IF(Journal!$F21=$C$39,COUNTIF(Journal!$F$6:'Journal'!$F21,$C$39),"") | AB21: =IF(Journal!$E21=$K$39,COUNTIF(Journal!$E$6:'Journal'!$E21,$K$39),"") | AC21: =IF(Journal!$F21=$K$39,COUNTIF(Journal!$F$6:'Journal'!$F21,$K$39),"") | AD21: =IF(Journal!$E21=$C$57,COUNTIF(Journal!$E$6:'Journal'!$E21,$C$57),"") | AE21: =IF(Journal!$F21=$C$57,COUNTIF(Journal!$F$6:'Journal'!$F21,$C$57),"") | AF21: =IF(Journal!$E21=$K$57,COUNTIF(Journal!$E$6:'Journal'!$E21,$K$57),"") | AG21: =IF(Journal!$F21=$K$57,COUNTIF(Journal!$F$6:'Journal'!$F21,$K$57),"") | AH21: =IF(Journal!$E21=$C$75,COUNTIF(Journal!$E$6:'Journal'!$E21,$C$75),"") | AI21: =IF(Journal!$F21=$C$75,COUNTIF(Journal!$F$6:'Journal'!$F21,$C$75),"") | AJ21: =IF(Journal!$E21=$K$75,COUNTIF(Journal!$E$6:'Journal'!$E21,$K$75),"") | AK21: =IF(Journal!$F21=$K$75,COUNTIF(Journal!$F$6:'Journal'!$F21,$K$75),"")
B22: Soll | F22: Haben | J22: Soll | N22: Haben | R22: =IF(Journal!$E22=$C$3,COUNTIF(Journal!$E$6:'Journal'!$E22,$C$3),"") | S22: =IF(Journal!$F22=$C$3,COUNTIF(Journal!$F$6:'Journal'!$F22,$C$3),"") | T22: =IF(Journal!$E22=$K$3,COUNTIF(Journal!$E$6:'Journal'!$E22,$K$3),"") | U22: =IF(Journal!$F22=$K$3,COUNTIF(Journal!$F$6:'Journal'!$F22,$K$3),"") | V22: =IF(Journal!$E22=$C$21,COUNTIF(Journal!$E$6:'Journal'!$E22,$C$21),"") | W22: =IF(Journal!$F22=$C$21,COUNTIF(Journal!$F$6:'Journal'!$F22,$C$21),"") | X22: =IF(Journal!$E22=$K$21,COUNTIF(Journal!$E$6:'Journal'!$E22,$K$21),"") | Y22: =IF(Journal!$F22=$K$21,COUNTIF(Journal!$F$6:'Journal'!$F22,$K$21),"") | Z22: =IF(Journal!$E22=$C$39,COUNTIF(Journal!$E$6:'Journal'!$E22,$C$39),"") | AA22: =IF(Journal!$F22=$C$39,COUNTIF(Journal!$F$6:'Journal'!$F22,$C$39),"") | AB22: =IF(Journal!$E22=$K$39,COUNTIF(Journal!$E$6:'Journal'!$E22,$K$39),"") | AC22: =IF(Journal!$F22=$K$39,COUNTIF(Journal!$F$6:'Journal'!$F22,$K$39),"") | AD22: =IF(Journal!$E22=$C$57,COUNTIF(Journal!$E$6:'Journal'!$E22,$C$57),"") | AE22: =IF(Journal!$F22=$C$57,COUNTIF(Journal!$F$6:'Journal'!$F22,$C$57),"") | AF22: =IF(Journal!$E22=$K$57,COUNTIF(Journal!$E$6:'Journal'!$E22,$K$57),"") | AG22: =IF(Journal!$F22=$K$57,COUNTIF(Journal!$F$6:'Journal'!$F22,$K$57),"") | AH22: =IF(Journal!$E22=$C$75,COUNTIF(Journal!$E$6:'Journal'!$E22,$C$75),"") | AI22: =IF(Journal!$F22=$C$75,COUNTIF(Journal!$F$6:'Journal'!$F22,$C$75),"") | AJ22: =IF(Journal!$E22=$K$75,COUNTIF(Journal!$E$6:'Journal'!$E22,$K$75),"") | AK22: =IF(Journal!$F22=$K$75,COUNTIF(Journal!$F$6:'Journal'!$F22,$K$75),"")
B23: Datum | C23: Gegenkonto | D23: Betrag | F23: Datum | G23: Gegenkonto | H23: Betrag | J23: Datum | K23: Gegenkonto | L23: Betrag | N23: Datum | O23: Gegenkonto | P23: Betrag | R23: =IF(Journal!$E23=$C$3,COUNTIF(Journal!$E$6:'Journal'!$E23,$C$3),"") | S23: =IF(Journal!$F23=$C$3,COUNTIF(Journal!$F$6:'Journal'!$F23,$C$3),"") | T23: =IF(Journal!$E23=$K$3,COUNTIF(Journal!$E$6:'Journal'!$E23,$K$3),"") | U23: =IF(Journal!$F23=$K$3,COUNTIF(Journal!$F$6:'Journal'!$F23,$K$3),"") | V23: =IF(Journal!$E23=$C$21,COUNTIF(Journal!$E$6:'Journal'!$E23,$C$21),"") | W23: =IF(Journal!$F23=$C$21,COUNTIF(Journal!$F$6:'Journal'!$F23,$C$21),"") | X23: =IF(Journal!$E23=$K$21,COUNTIF(Journal!$E$6:'Journal'!$E23,$K$21),"") | Y23: =IF(Journal!$F23=$K$21,COUNTIF(Journal!$F$6:'Journal'!$F23,$K$21),"") | Z23: =IF(Journal!$E23=$C$39,COUNTIF(Journal!$E$6:'Journal'!$E23,$C$39),"") | AA23: =IF(Journal!$F23=$C$39,COUNTIF(Journal!$F$6:'Journal'!$F23,$C$39),"") | AB23: =IF(Journal!$E23=$K$39,COUNTIF(Journal!$E$6:'Journal'!$E23,$K$39),"") | AC23: =IF(Journal!$F23=$K$39,COUNTIF(Journal!$F$6:'Journal'!$F23,$K$39),"") | AD23: =IF(Journal!$E23=$C$57,COUNTIF(Journal!$E$6:'Journal'!$E23,$C$57),"") | AE23: =IF(Journal!$F23=$C$57,COUNTIF(Journal!$F$6:'Journal'!$F23,$C$57),"") | AF23: =IF(Journal!$E23=$K$57,COUNTIF(Journal!$E$6:'Journal'!$E23,$K$57),"") | AG23: =IF(Journal!$F23=$K$57,COUNTIF(Journal!$F$6:'Journal'!$F23,$K$57),"") | AH23: =IF(Journal!$E23=$C$75,COUNTIF(Journal!$E$6:'Journal'!$E23,$C$75),"") | AI23: =IF(Journal!$F23=$C$75,COUNTIF(Journal!$F$6:'Journal'!$F23,$C$75),"") | AJ23: =IF(Journal!$E23=$K$75,COUNTIF(Journal!$E$6:'Journal'!$E23,$K$75),"") | AK23: =IF(Journal!$F23=$K$75,COUNTIF(Journal!$F$6:'Journal'!$F23,$K$75),"")
B24: =IFERROR(INDEX(Journal!$B$6:$B$45,MATCH(1,$V$6:$V$45,0)),"") -> 12.01.2026 | C24: =IFERROR(INDEX(Journal!$F$6:$F$45,MATCH(1,$V$6:$V$45,0)),"") -> Umsatzerlöse | D24: =IFERROR(INDEX(Journal!$G$6:$G$45,MATCH(1,$V$6:$V$45,0)),"") -> 2000 | F24: =IFERROR(INDEX(Journal!$B$6:$B$45,MATCH(1,$W$6:$W$45,0)),"") -> 10.01.2026 | G24: =IFERROR(INDEX(Journal!$E$6:$E$45,MATCH(1,$W$6:$W$45,0)),"") -> Bank | H24: =IFERROR(INDEX(Journal!$G$6:$G$45,MATCH(1,$W$6:$W$45,0)),"") -> 1500 | J24: =IFERROR(INDEX(Journal!$B$6:$B$45,MATCH(1,$X$6:$X$45,0)),"") -> 20.01.2026 | K24: =IFERROR(INDEX(Journal!$F$6:$F$45,MATCH(1,$X$6:$X$45,0)),"") -> Bank | L24: =IFERROR(INDEX(Journal!$G$6:$G$45,MATCH(1,$X$6:$X$45,0)),"") -> 952 | N24: =IFERROR(INDEX(Journal!$B$6:$B$45,MATCH(1,$Y$6:$Y$45,0)),"") -> 08.01.2026 | O24: =IFERROR(INDEX(Journal!$E$6:$E$45,MATCH(1,$Y$6:$Y$45,0)),"") -> Wareneinsatz | P24: =IFERROR(INDEX(Journal!$G$6:$G$45,MATCH(1,$Y$6:$Y$45,0)),"") -> 800 | R24: =IF(Journal!$E24=$C$3,COUNTIF(Journal!$E$6:'Journal'!$E24,$C$3),"") | S24: =IF(Journal!$F24=$C$3,COUNTIF(Journal!$F$6:'Journal'!$F24,$C$3),"") | T24: =IF(Journal!$E24=$K$3,COUNTIF(Journal!$E$6:'Journal'!$E24,$K$3),"") | U24: =IF(Journal!$F24=$K$3,COUNTIF(Journal!$F$6:'Journal'!$F24,$K$3),"") | V24: =IF(Journal!$E24=$C$21,COUNTIF(Journal!$E$6:'Journal'!$E24,$C$21),"") | W24: =IF(Journal!$F24=$C$21,COUNTIF(Journal!$F$6:'Journal'!$F24,$C$21),"") | X24: =IF(Journal!$E24=$K$21,COUNTIF(Journal!$E$6:'Journal'!$E24,$K$21),"") | Y24: =IF(Journal!$F24=$K$21,COUNTIF(Journal!$F$6:'Journal'!$F24,$K$21),"") | Z24: =IF(Journal!$E24=$C$39,COUNTIF(Journal!$E$6:'Journal'!$E24,$C$39),"") | AA24: =IF(Journal!$F24=$C$39,COUNTIF(Journal!$F$6:'Journal'!$F24,$C$39),"") | AB24: =IF(Journal!$E24=$K$39,COUNTIF(Journal!$E$6:'Journal'!$E24,$K$39),"") | AC24: =IF(Journal!$F24=$K$39,COUNTIF(Journal!$F$6:'Journal'!$F24,$K$39),"") | AD24: =IF(Journal!$E24=$C$57,COUNTIF(Journal!$E$6:'Journal'!$E24,$C$57),"") | AE24: =IF(Journal!$F24=$C$57,COUNTIF(Journal!$F$6:'Journal'!$F24,$C$57),"") | AF24: =IF(Journal!$E24=$K$57,COUNTIF(Journal!$E$6:'Journal'!$E24,$K$57),"") | AG24: =IF(Journal!$F24=$K$57,COUNTIF(Journal!$F$6:'Journal'!$F24,$K$57),"") | AH24: =IF(Journal!$E24=$C$75,COUNTIF(Journal!$E$6:'Journal'!$E24,$C$75),"") | AI24: =IF(Journal!$F24=$C$75,COUNTIF(Journal!$F$6:'Journal'!$F24,$C$75),"") | AJ24: =IF(Journal!$E24=$K$75,COUNTIF(Journal!$E$6:'Journal'!$E24,$K$75),"") | AK24: =IF(Journal!$F24=$K$75,COUNTIF(Journal!$F$6:'Journal'!$F24,$K$75),"")
B25: =IFERROR(INDEX(Journal!$B$6:$B$45,MATCH(2,$V$6:$V$45,0)),"") -> 12.01.2026 | C25: =IFERROR(INDEX(Journal!$F$6:$F$45,MATCH(2,$V$6:$V$45,0)),"") -> Umsatzsteuer | D25: =IFERROR(INDEX(Journal!$G$6:$G$45,MATCH(2,$V$6:$V$45,0)),"") -> 380 | F25: =IFERROR(INDEX(Journal!$B$6:$B$45,MATCH(2,$W$6:$W$45,0)),"") | G25: =IFERROR(INDEX(Journal!$E$6:$E$45,MATCH(2,$W$6:$W$45,0)),"") | H25: =IFERROR(INDEX(Journal!$G$6:$G$45,MATCH(2,$W$6:$W$45,0)),"") | J25: =IFERROR(INDEX(Journal!$B$6:$B$45,MATCH(2,$X$6:$X$45,0)),"") | K25: =IFERROR(INDEX(Journal!$F$6:$F$45,MATCH(2,$X$6:$X$45,0)),"") | L25: =IFERROR(INDEX(Journal!$G$6:$G$45,MATCH(2,$X$6:$X$45,0)),"") | N25: =IFERROR(INDEX(Journal!$B$6:$B$45,MATCH(2,$Y$6:$Y$45,0)),"") -> 08.01.2026 | O25: =IFERROR(INDEX(Journal!$E$6:$E$45,MATCH(2,$Y$6:$Y$45,0)),"") -> Vorsteuer | P25: =IFERROR(INDEX(Journal!$G$6:$G$45,MATCH(2,$Y$6:$Y$45,0)),"") -> 152 | R25: =IF(Journal!$E25=$C$3,COUNTIF(Journal!$E$6:'Journal'!$E25,$C$3),"") | S25: =IF(Journal!$F25=$C$3,COUNTIF(Journal!$F$6:'Journal'!$F25,$C$3),"") | T25: =IF(Journal!$E25=$K$3,COUNTIF(Journal!$E$6:'Journal'!$E25,$K$3),"") | U25: =IF(Journal!$F25=$K$3,COUNTIF(Journal!$F$6:'Journal'!$F25,$K$3),"") | V25: =IF(Journal!$E25=$C$21,COUNTIF(Journal!$E$6:'Journal'!$E25,$C$21),"") | W25: =IF(Journal!$F25=$C$21,COUNTIF(Journal!$F$6:'Journal'!$F25,$C$21),"") | X25: =IF(Journal!$E25=$K$21,COUNTIF(Journal!$E$6:'Journal'!$E25,$K$21),"") | Y25: =IF(Journal!$F25=$K$21,COUNTIF(Journal!$F$6:'Journal'!$F25,$K$21),"") | Z25: =IF(Journal!$E25=$C$39,COUNTIF(Journal!$E$6:'Journal'!$E25,$C$39),"") | AA25: =IF(Journal!$F25=$C$39,COUNTIF(Journal!$F$6:'Journal'!$F25,$C$39),"") | AB25: =IF(Journal!$E25=$K$39,COUNTIF(Journal!$E$6:'Journal'!$E25,$K$39),"") | AC25: =IF(Journal!$F25=$K$39,COUNTIF(Journal!$F$6:'Journal'!$F25,$K$39),"") | AD25: =IF(Journal!$E25=$C$57,COUNTIF(Journal!$E$6:'Journal'!$E25,$C$57),"") | AE25: =IF(Journal!$F25=$C$57,COUNTIF(Journal!$F$6:'Journal'!$F25,$C$57),"") | AF25: =IF(Journal!$E25=$K$57,COUNTIF(Journal!$E$6:'Journal'!$E25,$K$57),"") | AG25: =IF(Journal!$F25=$K$57,COUNTIF(Journal!$F$6:'Journal'!$F25,$K$57),"") | AH25: =IF(Journal!$E25=$C$75,COUNTIF(Journal!$E$6:'Journal'!$E25,$C$75),"") | AI25: =IF(Journal!$F25=$C$75,COUNTIF(Journal!$F$6:'Journal'!$F25,$C$75),"") | AJ25: =IF(Journal!$E25=$K$75,COUNTIF(Journal!$E$6:'Journal'!$E25,$K$75),"") | AK25: =IF(Journal!$F25=$K$75,COUNTIF(Journal!$F$6:'Journal'!$F25,$K$75),"")
B26: =IFERROR(INDEX(Journal!$B$6:$B$45,MATCH(3,$V$6:$V$45,0)),"") | C26: =IFERROR(INDEX(Journal!$F$6:$F$45,MATCH(3,$V$6:$V$45,0)),"") | D26: =IFERROR(INDEX(Journal!$G$6:$G$45,MATCH(3,$V$6:$V$45,0)),"") | F26: =IFERROR(INDEX(Journal!$B$6:$B$45,MATCH(3,$W$6:$W$45,0)),"") | G26: =IFERROR(INDEX(Journal!$E$6:$E$45,MATCH(3,$W$6:$W$45,0)),"") | H26: =IFERROR(INDEX(Journal!$G$6:$G$45,MATCH(3,$W$6:$W$45,0)),"") | J26: =IFERROR(INDEX(Journal!$B$6:$B$45,MATCH(3,$X$6:$X$45,0)),"") | K26: =IFERROR(INDEX(Journal!$F$6:$F$45,MATCH(3,$X$6:$X$45,0)),"") | L26: =IFERROR(INDEX(Journal!$G$6:$G$45,MATCH(3,$X$6:$X$45,0)),"") | N26: =IFERROR(INDEX(Journal!$B$6:$B$45,MATCH(3,$Y$6:$Y$45,0)),"") | O26: =IFERROR(INDEX(Journal!$E$6:$E$45,MATCH(3,$Y$6:$Y$45,0)),"") | P26: =IFERROR(INDEX(Journal!$G$6:$G$45,MATCH(3,$Y$6:$Y$45,0)),"") | R26: =IF(Journal!$E26=$C$3,COUNTIF(Journal!$E$6:'Journal'!$E26,$C$3),"") | S26: =IF(Journal!$F26=$C$3,COUNTIF(Journal!$F$6:'Journal'!$F26,$C$3),"") | T26: =IF(Journal!$E26=$K$3,COUNTIF(Journal!$E$6:'Journal'!$E26,$K$3),"") | U26: =IF(Journal!$F26=$K$3,COUNTIF(Journal!$F$6:'Journal'!$F26,$K$3),"") | V26: =IF(Journal!$E26=$C$21,COUNTIF(Journal!$E$6:'Journal'!$E26,$C$21),"") | W26: =IF(Journal!$F26=$C$21,COUNTIF(Journal!$F$6:'Journal'!$F26,$C$21),"") | X26: =IF(Journal!$E26=$K$21,COUNTIF(Journal!$E$6:'Journal'!$E26,$K$21),"") | Y26: =IF(Journal!$F26=$K$21,COUNTIF(Journal!$F$6:'Journal'!$F26,$K$21),"") | Z26: =IF(Journal!$E26=$C$39,COUNTIF(Journal!$E$6:'Journal'!$E26,$C$39),"") | AA26: =IF(Journal!$F26=$C$39,COUNTIF(Journal!$F$6:'Journal'!$F26,$C$39),"") | AB26: =IF(Journal!$E26=$K$39,COUNTIF(Journal!$E$6:'Journal'!$E26,$K$39),"") | AC26: =IF(Journal!$F26=$K$39,COUNTIF(Journal!$F$6:'Journal'!$F26,$K$39),"") | AD26: =IF(Journal!$E26=$C$57,COUNTIF(Journal!$E$6:'Journal'!$E26,$C$57),"") | AE26: =IF(Journal!$F26=$C$57,COUNTIF(Journal!$F$6:'Journal'!$F26,$C$57),"") | AF26: =IF(Journal!$E26=$K$57,COUNTIF(Journal!$E$6:'Journal'!$E26,$K$57),"") | AG26: =IF(Journal!$F26=$K$57,COUNTIF(Journal!$F$6:'Journal'!$F26,$K$57),"") | AH26: =IF(Journal!$E26=$C$75,COUNTIF(Journal!$E$6:'Journal'!$E26,$C$75),"") | AI26: =IF(Journal!$F26=$C$75,COUNTIF(Journal!$F$6:'Journal'!$F26,$C$75),"") | AJ26: =IF(Journal!$E26=$K$75,COUNTIF(Journal!$E$6:'Journal'!$E26,$K$75),"") | AK26: =IF(Journal!$F26=$K$75,COUNTIF(Journal!$F$6:'Journal'!$F26,$K$75),"")
B27: =IFERROR(INDEX(Journal!$B$6:$B$45,MATCH(4,$V$6:$V$45,0)),"") | C27: =IFERROR(INDEX(Journal!$F$6:$F$45,MATCH(4,$V$6:$V$45,0)),"") | D27: =IFERROR(INDEX(Journal!$G$6:$G$45,MATCH(4,$V$6:$V$45,0)),"") | F27: =IFERROR(INDEX(Journal!$B$6:$B$45,MATCH(4,$W$6:$W$45,0)),"") | G27: =IFERROR(INDEX(Journal!$E$6:$E$45,MATCH(4,$W$6:$W$45,0)),"") | H27: =IFERROR(INDEX(Journal!$G$6:$G$45,MATCH(4,$W$6:$W$45,0)),"") | J27: =IFERROR(INDEX(Journal!$B$6:$B$45,MATCH(4,$X$6:$X$45,0)),"") | K27: =IFERROR(INDEX(Journal!$F$6:$F$45,MATCH(4,$X$6:$X$45,0)),"") | L27: =IFERROR(INDEX(Journal!$G$6:$G$45,MATCH(4,$X$6:$X$45,0)),"") | N27: =IFERROR(INDEX(Journal!$B$6:$B$45,MATCH(4,$Y$6:$Y$45,0)),"") | O27: =IFERROR(INDEX(Journal!$E$6:$E$45,MATCH(4,$Y$6:$Y$45,0)),"") | P27: =IFERROR(INDEX(Journal!$G$6:$G$45,MATCH(4,$Y$6:$Y$45,0)),"") | R27: =IF(Journal!$E27=$C$3,COUNTIF(Journal!$E$6:'Journal'!$E27,$C$3),"") | S27: =IF(Journal!$F27=$C$3,COUNTIF(Journal!$F$6:'Journal'!$F27,$C$3),"") | T27: =IF(Journal!$E27=$K$3,COUNTIF(Journal!$E$6:'Journal'!$E27,$K$3),"") | U27: =IF(Journal!$F27=$K$3,COUNTIF(Journal!$F$6:'Journal'!$F27,$K$3),"") | V27: =IF(Journal!$E27=$C$21,COUNTIF(Journal!$E$6:'Journal'!$E27,$C$21),"") | W27: =IF(Journal!$F27=$C$21,COUNTIF(Journal!$F$6:'Journal'!$F27,$C$21),"") | X27: =IF(Journal!$E27=$K$21,COUNTIF(Journal!$E$6:'Journal'!$E27,$K$21),"") | Y27: =IF(Journal!$F27=$K$21,COUNTIF(Journal!$F$6:'Journal'!$F27,$K$21),"") | Z27: =IF(Journal!$E27=$C$39,COUNTIF(Journal!$E$6:'Journal'!$E27,$C$39),"") | AA27: =IF(Journal!$F27=$C$39,COUNTIF(Journal!$F$6:'Journal'!$F27,$C$39),"") | AB27: =IF(Journal!$E27=$K$39,COUNTIF(Journal!$E$6:'Journal'!$E27,$K$39),"") | AC27: =IF(Journal!$F27=$K$39,COUNTIF(Journal!$F$6:'Journal'!$F27,$K$39),"") | AD27: =IF(Journal!$E27=$C$57,COUNTIF(Journal!$E$6:'Journal'!$E27,$C$57),"") | AE27: =IF(Journal!$F27=$C$57,COUNTIF(Journal!$F$6:'Journal'!$F27,$C$57),"") | AF27: =IF(Journal!$E27=$K$57,COUNTIF(Journal!$E$6:'Journal'!$E27,$K$57),"") | AG27: =IF(Journal!$F27=$K$57,COUNTIF(Journal!$F$6:'Journal'!$F27,$K$57),"") | AH27: =IF(Journal!$E27=$C$75,COUNTIF(Journal!$E$6:'Journal'!$E27,$C$75),"") | AI27: =IF(Journal!$F27=$C$75,COUNTIF(Journal!$F$6:'Journal'!$F27,$C$75),"") | AJ27: =IF(Journal!$E27=$K$75,COUNTIF(Journal!$E$6:'Journal'!$E27,$K$75),"") | AK27: =IF(Journal!$F27=$K$75,COUNTIF(Journal!$F$6:'Journal'!$F27,$K$75),"")
B28: =IFERROR(INDEX(Journal!$B$6:$B$45,MATCH(5,$V$6:$V$45,0)),"") | C28: =IFERROR(INDEX(Journal!$F$6:$F$45,MATCH(5,$V$6:$V$45,0)),"") | D28: =IFERROR(INDEX(Journal!$G$6:$G$45,MATCH(5,$V$6:$V$45,0)),"") | F28: =IFERROR(INDEX(Journal!$B$6:$B$45,MATCH(5,$W$6:$W$45,0)),"") | G28: =IFERROR(INDEX(Journal!$E$6:$E$45,MATCH(5,$W$6:$W$45,0)),"") | H28: =IFERROR(INDEX(Journal!$G$6:$G$45,MATCH(5,$W$6:$W$45,0)),"") | J28: =IFERROR(INDEX(Journal!$B$6:$B$45,MATCH(5,$X$6:$X$45,0)),"") | K28: =IFERROR(INDEX(Journal!$F$6:$F$45,MATCH(5,$X$6:$X$45,0)),"") | L28: =IFERROR(INDEX(Journal!$G$6:$G$45,MATCH(5,$X$6:$X$45,0)),"") | N28: =IFERROR(INDEX(Journal!$B$6:$B$45,MATCH(5,$Y$6:$Y$45,0)),"") | O28: =IFERROR(INDEX(Journal!$E$6:$E$45,MATCH(5,$Y$6:$Y$45,0)),"") | P28: =IFERROR(INDEX(Journal!$G$6:$G$45,MATCH(5,$Y$6:$Y$45,0)),"") | R28: =IF(Journal!$E28=$C$3,COUNTIF(Journal!$E$6:'Journal'!$E28,$C$3),"") | S28: =IF(Journal!$F28=$C$3,COUNTIF(Journal!$F$6:'Journal'!$F28,$C$3),"") | T28: =IF(Journal!$E28=$K$3,COUNTIF(Journal!$E$6:'Journal'!$E28,$K$3),"") | U28: =IF(Journal!$F28=$K$3,COUNTIF(Journal!$F$6:'Journal'!$F28,$K$3),"") | V28: =IF(Journal!$E28=$C$21,COUNTIF(Journal!$E$6:'Journal'!$E28,$C$21),"") | W28: =IF(Journal!$F28=$C$21,COUNTIF(Journal!$F$6:'Journal'!$F28,$C$21),"") | X28: =IF(Journal!$E28=$K$21,COUNTIF(Journal!$E$6:'Journal'!$E28,$K$21),"") | Y28: =IF(Journal!$F28=$K$21,COUNTIF(Journal!$F$6:'Journal'!$F28,$K$21),"") | Z28: =IF(Journal!$E28=$C$39,COUNTIF(Journal!$E$6:'Journal'!$E28,$C$39),"") | AA28: =IF(Journal!$F28=$C$39,COUNTIF(Journal!$F$6:'Journal'!$F28,$C$39),"") | AB28: =IF(Journal!$E28=$K$39,COUNTIF(Journal!$E$6:'Journal'!$E28,$K$39),"") | AC28: =IF(Journal!$F28=$K$39,COUNTIF(Journal!$F$6:'Journal'!$F28,$K$39),"") | AD28: =IF(Journal!$E28=$C$57,COUNTIF(Journal!$E$6:'Journal'!$E28,$C$57),"") | AE28: =IF(Journal!$F28=$C$57,COUNTIF(Journal!$F$6:'Journal'!$F28,$C$57),"") | AF28: =IF(Journal!$E28=$K$57,COUNTIF(Journal!$E$6:'Journal'!$E28,$K$57),"") | AG28: =IF(Journal!$F28=$K$57,COUNTIF(Journal!$F$6:'Journal'!$F28,$K$57),"") | AH28: =IF(Journal!$E28=$C$75,COUNTIF(Journal!$E$6:'Journal'!$E28,$C$75),"") | AI28: =IF(Journal!$F28=$C$75,COUNTIF(Journal!$F$6:'Journal'!$F28,$C$75),"") | AJ28: =IF(Journal!$E28=$K$75,COUNTIF(Journal!$E$6:'Journal'!$E28,$K$75),"") | AK28: =IF(Journal!$F28=$K$75,COUNTIF(Journal!$F$6:'Journal'!$F28,$K$75),"")
B29: =IFERROR(INDEX(Journal!$B$6:$B$45,MATCH(6,$V$6:$V$45,0)),"") | C29: =IFERROR(INDEX(Journal!$F$6:$F$45,MATCH(6,$V$6:$V$45,0)),"") | D29: =IFERROR(INDEX(Journal!$G$6:$G$45,MATCH(6,$V$6:$V$45,0)),"") | F29: =IFERROR(INDEX(Journal!$B$6:$B$45,MATCH(6,$W$6:$W$45,0)),"") | G29: =IFERROR(INDEX(Journal!$E$6:$E$45,MATCH(6,$W$6:$W$45,0)),"") | H29: =IFERROR(INDEX(Journal!$G$6:$G$45,MATCH(6,$W$6:$W$45,0)),"") | J29: =IFERROR(INDEX(Journal!$B$6:$B$45,MATCH(6,$X$6:$X$45,0)),"") | K29: =IFERROR(INDEX(Journal!$F$6:$F$45,MATCH(6,$X$6:$X$45,0)),"") | L29: =IFERROR(INDEX(Journal!$G$6:$G$45,MATCH(6,$X$6:$X$45,0)),"") | N29: =IFERROR(INDEX(Journal!$B$6:$B$45,MATCH(6,$Y$6:$Y$45,0)),"") | O29: =IFERROR(INDEX(Journal!$E$6:$E$45,MATCH(6,$Y$6:$Y$45,0)),"") | P29: =IFERROR(INDEX(Journal!$G$6:$G$45,MATCH(6,$Y$6:$Y$45,0)),"") | R29: =IF(Journal!$E29=$C$3,COUNTIF(Journal!$E$6:'Journal'!$E29,$C$3),"") | S29: =IF(Journal!$F29=$C$3,COUNTIF(Journal!$F$6:'Journal'!$F29,$C$3),"") | T29: =IF(Journal!$E29=$K$3,COUNTIF(Journal!$E$6:'Journal'!$E29,$K$3),"") | U29: =IF(Journal!$F29=$K$3,COUNTIF(Journal!$F$6:'Journal'!$F29,$K$3),"") | V29: =IF(Journal!$E29=$C$21,COUNTIF(Journal!$E$6:'Journal'!$E29,$C$21),"") | W29: =IF(Journal!$F29=$C$21,COUNTIF(Journal!$F$6:'Journal'!$F29,$C$21),"") | X29: =IF(Journal!$E29=$K$21,COUNTIF(Journal!$E$6:'Journal'!$E29,$K$21),"") | Y29: =IF(Journal!$F29=$K$21,COUNTIF(Journal!$F$6:'Journal'!$F29,$K$21),"") | Z29: =IF(Journal!$E29=$C$39,COUNTIF(Journal!$E$6:'Journal'!$E29,$C$39),"") | AA29: =IF(Journal!$F29=$C$39,COUNTIF(Journal!$F$6:'Journal'!$F29,$C$39),"") | AB29: =IF(Journal!$E29=$K$39,COUNTIF(Journal!$E$6:'Journal'!$E29,$K$39),"") | AC29: =IF(Journal!$F29=$K$39,COUNTIF(Journal!$F$6:'Journal'!$F29,$K$39),"") | AD29: =IF(Journal!$E29=$C$57,COUNTIF(Journal!$E$6:'Journal'!$E29,$C$57),"") | AE29: =IF(Journal!$F29=$C$57,COUNTIF(Journal!$F$6:'Journal'!$F29,$C$57),"") | AF29: =IF(Journal!$E29=$K$57,COUNTIF(Journal!$E$6:'Journal'!$E29,$K$57),"") | AG29: =IF(Journal!$F29=$K$57,COUNTIF(Journal!$F$6:'Journal'!$F29,$K$57),"") | AH29: =IF(Journal!$E29=$C$75,COUNTIF(Journal!$E$6:'Journal'!$E29,$C$75),"") | AI29: =IF(Journal!$F29=$C$75,COUNTIF(Journal!$F$6:'Journal'!$F29,$C$75),"") | AJ29: =IF(Journal!$E29=$K$75,COUNTIF(Journal!$E$6:'Journal'!$E29,$K$75),"") | AK29: =IF(Journal!$F29=$K$75,COUNTIF(Journal!$F$6:'Journal'!$F29,$K$75),"")
B30: =IFERROR(INDEX(Journal!$B$6:$B$45,MATCH(7,$V$6:$V$45,0)),"") | C30: =IFERROR(INDEX(Journal!$F$6:$F$45,MATCH(7,$V$6:$V$45,0)),"") | D30: =IFERROR(INDEX(Journal!$G$6:$G$45,MATCH(7,$V$6:$V$45,0)),"") | F30: =IFERROR(INDEX(Journal!$B$6:$B$45,MATCH(7,$W$6:$W$45,0)),"") | G30: =IFERROR(INDEX(Journal!$E$6:$E$45,MATCH(7,$W$6:$W$45,0)),"") | H30: =IFERROR(INDEX(Journal!$G$6:$G$45,MATCH(7,$W$6:$W$45,0)),"") | J30: =IFERROR(INDEX(Journal!$B$6:$B$45,MATCH(7,$X$6:$X$45,0)),"") | K30: =IFERROR(INDEX(Journal!$F$6:$F$45,MATCH(7,$X$6:$X$45,0)),"") | L30: =IFERROR(INDEX(Journal!$G$6:$G$45,MATCH(7,$X$6:$X$45,0)),"") | N30: =IFERROR(INDEX(Journal!$B$6:$B$45,MATCH(7,$Y$6:$Y$45,0)),"") | O30: =IFERROR(INDEX(Journal!$E$6:$E$45,MATCH(7,$Y$6:$Y$45,0)),"") | P30: =IFERROR(INDEX(Journal!$G$6:$G$45,MATCH(7,$Y$6:$Y$45,0)),"") | R30: =IF(Journal!$E30=$C$3,COUNTIF(Journal!$E$6:'Journal'!$E30,$C$3),"") | S30: =IF(Journal!$F30=$C$3,COUNTIF(Journal!$F$6:'Journal'!$F30,$C$3),"") | T30: =IF(Journal!$E30=$K$3,COUNTIF(Journal!$E$6:'Journal'!$E30,$K$3),"") | U30: =IF(Journal!$F30=$K$3,COUNTIF(Journal!$F$6:'Journal'!$F30,$K$3),"") | V30: =IF(Journal!$E30=$C$21,COUNTIF(Journal!$E$6:'Journal'!$E30,$C$21),"") | W30: =IF(Journal!$F30=$C$21,COUNTIF(Journal!$F$6:'Journal'!$F30,$C$21),"") | X30: =IF(Journal!$E30=$K$21,COUNTIF(Journal!$E$6:'Journal'!$E30,$K$21),"") | Y30: =IF(Journal!$F30=$K$21,COUNTIF(Journal!$F$6:'Journal'!$F30,$K$21),"") | Z30: =IF(Journal!$E30=$C$39,COUNTIF(Journal!$E$6:'Journal'!$E30,$C$39),"") | AA30: =IF(Journal!$F30=$C$39,COUNTIF(Journal!$F$6:'Journal'!$F30,$C$39),"") | AB30: =IF(Journal!$E30=$K$39,COUNTIF(Journal!$E$6:'Journal'!$E30,$K$39),"") | AC30: =IF(Journal!$F30=$K$39,COUNTIF(Journal!$F$6:'Journal'!$F30,$K$39),"") | AD30: =IF(Journal!$E30=$C$57,COUNTIF(Journal!$E$6:'Journal'!$E30,$C$57),"") | AE30: =IF(Journal!$F30=$C$57,COUNTIF(Journal!$F$6:'Journal'!$F30,$C$57),"") | AF30: =IF(Journal!$E30=$K$57,COUNTIF(Journal!$E$6:'Journal'!$E30,$K$57),"") | AG30: =IF(Journal!$F30=$K$57,COUNTIF(Journal!$F$6:'Journal'!$F30,$K$57),"") | AH30: =IF(Journal!$E30=$C$75,COUNTIF(Journal!$E$6:'Journal'!$E30,$C$75),"") | AI30: =IF(Journal!$F30=$C$75,COUNTIF(Journal!$F$6:'Journal'!$F30,$C$75),"") | AJ30: =IF(Journal!$E30=$K$75,COUNTIF(Journal!$E$6:'Journal'!$E30,$K$75),"") | AK30: =IF(Journal!$F30=$K$75,COUNTIF(Journal!$F$6:'Journal'!$F30,$K$75),"")
B31: =IFERROR(INDEX(Journal!$B$6:$B$45,MATCH(8,$V$6:$V$45,0)),"") | C31: =IFERROR(INDEX(Journal!$F$6:$F$45,MATCH(8,$V$6:$V$45,0)),"") | D31: =IFERROR(INDEX(Journal!$G$6:$G$45,MATCH(8,$V$6:$V$45,0)),"") | F31: =IFERROR(INDEX(Journal!$B$6:$B$45,MATCH(8,$W$6:$W$45,0)),"") | G31: =IFERROR(INDEX(Journal!$E$6:$E$45,MATCH(8,$W$6:$W$45,0)),"") | H31: =IFERROR(INDEX(Journal!$G$6:$G$45,MATCH(8,$W$6:$W$45,0)),"") | J31: =IFERROR(INDEX(Journal!$B$6:$B$45,MATCH(8,$X$6:$X$45,0)),"") | K31: =IFERROR(INDEX(Journal!$F$6:$F$45,MATCH(8,$X$6:$X$45,0)),"") | L31: =IFERROR(INDEX(Journal!$G$6:$G$45,MATCH(8,$X$6:$X$45,0)),"") | N31: =IFERROR(INDEX(Journal!$B$6:$B$45,MATCH(8,$Y$6:$Y$45,0)),"") | O31: =IFERROR(INDEX(Journal!$E$6:$E$45,MATCH(8,$Y$6:$Y$45,0)),"") | P31: =IFERROR(INDEX(Journal!$G$6:$G$45,MATCH(8,$Y$6:$Y$45,0)),"") | R31: =IF(Journal!$E31=$C$3,COUNTIF(Journal!$E$6:'Journal'!$E31,$C$3),"") | S31: =IF(Journal!$F31=$C$3,COUNTIF(Journal!$F$6:'Journal'!$F31,$C$3),"") | T31: =IF(Journal!$E31=$K$3,COUNTIF(Journal!$E$6:'Journal'!$E31,$K$3),"") | U31: =IF(Journal!$F31=$K$3,COUNTIF(Journal!$F$6:'Journal'!$F31,$K$3),"") | V31: =IF(Journal!$E31=$C$21,COUNTIF(Journal!$E$6:'Journal'!$E31,$C$21),"") | W31: =IF(Journal!$F31=$C$21,COUNTIF(Journal!$F$6:'Journal'!$F31,$C$21),"") | X31: =IF(Journal!$E31=$K$21,COUNTIF(Journal!$E$6:'Journal'!$E31,$K$21),"") | Y31: =IF(Journal!$F31=$K$21,COUNTIF(Journal!$F$6:'Journal'!$F31,$K$21),"") | Z31: =IF(Journal!$E31=$C$39,COUNTIF(Journal!$E$6:'Journal'!$E31,$C$39),"") | AA31: =IF(Journal!$F31=$C$39,COUNTIF(Journal!$F$6:'Journal'!$F31,$C$39),"") | AB31: =IF(Journal!$E31=$K$39,COUNTIF(Journal!$E$6:'Journal'!$E31,$K$39),"") | AC31: =IF(Journal!$F31=$K$39,COUNTIF(Journal!$F$6:'Journal'!$F31,$K$39),"") | AD31: =IF(Journal!$E31=$C$57,COUNTIF(Journal!$E$6:'Journal'!$E31,$C$57),"") | AE31: =IF(Journal!$F31=$C$57,COUNTIF(Journal!$F$6:'Journal'!$F31,$C$57),"") | AF31: =IF(Journal!$E31=$K$57,COUNTIF(Journal!$E$6:'Journal'!$E31,$K$57),"") | AG31: =IF(Journal!$F31=$K$57,COUNTIF(Journal!$F$6:'Journal'!$F31,$K$57),"") | AH31: =IF(Journal!$E31=$C$75,COUNTIF(Journal!$E$6:'Journal'!$E31,$C$75),"") | AI31: =IF(Journal!$F31=$C$75,COUNTIF(Journal!$F$6:'Journal'!$F31,$C$75),"") | AJ31: =IF(Journal!$E31=$K$75,COUNTIF(Journal!$E$6:'Journal'!$E31,$K$75),"") | AK31: =IF(Journal!$F31=$K$75,COUNTIF(Journal!$F$6:'Journal'!$F31,$K$75),"")
R32: =IF(Journal!$E32=$C$3,COUNTIF(Journal!$E$6:'Journal'!$E32,$C$3),"") | S32: =IF(Journal!$F32=$C$3,COUNTIF(Journal!$F$6:'Journal'!$F32,$C$3),"") | T32: =IF(Journal!$E32=$K$3,COUNTIF(Journal!$E$6:'Journal'!$E32,$K$3),"") | U32: =IF(Journal!$F32=$K$3,COUNTIF(Journal!$F$6:'Journal'!$F32,$K$3),"") | V32: =IF(Journal!$E32=$C$21,COUNTIF(Journal!$E$6:'Journal'!$E32,$C$21),"") | W32: =IF(Journal!$F32=$C$21,COUNTIF(Journal!$F$6:'Journal'!$F32,$C$21),"") | X32: =IF(Journal!$E32=$K$21,COUNTIF(Journal!$E$6:'Journal'!$E32,$K$21),"") | Y32: =IF(Journal!$F32=$K$21,COUNTIF(Journal!$F$6:'Journal'!$F32,$K$21),"") | Z32: =IF(Journal!$E32=$C$39,COUNTIF(Journal!$E$6:'Journal'!$E32,$C$39),"") | AA32: =IF(Journal!$F32=$C$39,COUNTIF(Journal!$F$6:'Journal'!$F32,$C$39),"") | AB32: =IF(Journal!$E32=$K$39,COUNTIF(Journal!$E$6:'Journal'!$E32,$K$39),"") | AC32: =IF(Journal!$F32=$K$39,COUNTIF(Journal!$F$6:'Journal'!$F32,$K$39),"") | AD32: =IF(Journal!$E32=$C$57,COUNTIF(Journal!$E$6:'Journal'!$E32,$C$57),"") | AE32: =IF(Journal!$F32=$C$57,COUNTIF(Journal!$F$6:'Journal'!$F32,$C$57),"") | AF32: =IF(Journal!$E32=$K$57,COUNTIF(Journal!$E$6:'Journal'!$E32,$K$57),"") | AG32: =IF(Journal!$F32=$K$57,COUNTIF(Journal!$F$6:'Journal'!$F32,$K$57),"") | AH32: =IF(Journal!$E32=$C$75,COUNTIF(Journal!$E$6:'Journal'!$E32,$C$75),"") | AI32: =IF(Journal!$F32=$C$75,COUNTIF(Journal!$F$6:'Journal'!$F32,$C$75),"") | AJ32: =IF(Journal!$E32=$K$75,COUNTIF(Journal!$E$6:'Journal'!$E32,$K$75),"") | AK32: =IF(Journal!$F32=$K$75,COUNTIF(Journal!$F$6:'Journal'!$F32,$K$75),"")
B33: Anfangsbestand | D33: =IFERROR(INDEX(Bilanz_EBK_SBK!$L$4:$L$11,MATCH($C$21,Bilanz_EBK_SBK!$J$4:$J$11,0)),0) -> 2000 | F33: Typ | H33: =IFERROR(INDEX(Journal!$N$4:$N$14,MATCH($C$21,Journal!$M$4:$M$14,0)),"") -> Aktiv | J33: Anfangsbestand | L33: =IFERROR(INDEX(Bilanz_EBK_SBK!$L$4:$L$11,MATCH($K$21,Bilanz_EBK_SBK!$J$4:$J$11,0)),0) -> 5000 | N33: Typ | P33: =IFERROR(INDEX(Journal!$N$4:$N$14,MATCH($K$21,Journal!$M$4:$M$14,0)),"") -> Passiv | R33: =IF(Journal!$E33=$C$3,COUNTIF(Journal!$E$6:'Journal'!$E33,$C$3),"") | S33: =IF(Journal!$F33=$C$3,COUNTIF(Journal!$F$6:'Journal'!$F33,$C$3),"") | T33: =IF(Journal!$E33=$K$3,COUNTIF(Journal!$E$6:'Journal'!$E33,$K$3),"") | U33: =IF(Journal!$F33=$K$3,COUNTIF(Journal!$F$6:'Journal'!$F33,$K$3),"") | V33: =IF(Journal!$E33=$C$21,COUNTIF(Journal!$E$6:'Journal'!$E33,$C$21),"") | W33: =IF(Journal!$F33=$C$21,COUNTIF(Journal!$F$6:'Journal'!$F33,$C$21),"") | X33: =IF(Journal!$E33=$K$21,COUNTIF(Journal!$E$6:'Journal'!$E33,$K$21),"") | Y33: =IF(Journal!$F33=$K$21,COUNTIF(Journal!$F$6:'Journal'!$F33,$K$21),"") | Z33: =IF(Journal!$E33=$C$39,COUNTIF(Journal!$E$6:'Journal'!$E33,$C$39),"") | AA33: =IF(Journal!$F33=$C$39,COUNTIF(Journal!$F$6:'Journal'!$F33,$C$39),"") | AB33: =IF(Journal!$E33=$K$39,COUNTIF(Journal!$E$6:'Journal'!$E33,$K$39),"") | AC33: =IF(Journal!$F33=$K$39,COUNTIF(Journal!$F$6:'Journal'!$F33,$K$39),"") | AD33: =IF(Journal!$E33=$C$57,COUNTIF(Journal!$E$6:'Journal'!$E33,$C$57),"") | AE33: =IF(Journal!$F33=$C$57,COUNTIF(Journal!$F$6:'Journal'!$F33,$C$57),"") | AF33: =IF(Journal!$E33=$K$57,COUNTIF(Journal!$E$6:'Journal'!$E33,$K$57),"") | AG33: =IF(Journal!$F33=$K$57,COUNTIF(Journal!$F$6:'Journal'!$F33,$K$57),"") | AH33: =IF(Journal!$E33=$C$75,COUNTIF(Journal!$E$6:'Journal'!$E33,$C$75),"") | AI33: =IF(Journal!$F33=$C$75,COUNTIF(Journal!$F$6:'Journal'!$F33,$C$75),"") | AJ33: =IF(Journal!$E33=$K$75,COUNTIF(Journal!$E$6:'Journal'!$E33,$K$75),"") | AK33: =IF(Journal!$F33=$K$75,COUNTIF(Journal!$F$6:'Journal'!$F33,$K$75),"")
B34: Summe Soll | D34: =SUMIFS(Journal!$G$6:$G$45,Journal!$E$6:$E$45,$C$21) -> 2380 | F34: Schlusssaldo | H34: =IF(H33="Aktiv",D33+D34-D35,IF(H33="Passiv",D33-D34+D35,IF(H33="Aufwand",D34-D35,IF(H33="Ertrag",D35-D34,"")))) -> 2880 | J34: Summe Soll | L34: =SUMIFS(Journal!$G$6:$G$45,Journal!$E$6:$E$45,$K$21) -> 952 | N34: Schlusssaldo | P34: =IF(P33="Aktiv",L33+L34-L35,IF(P33="Passiv",L33-L34+L35,IF(P33="Aufwand",L34-L35,IF(P33="Ertrag",L35-L34,"")))) -> 5000 | R34: =IF(Journal!$E34=$C$3,COUNTIF(Journal!$E$6:'Journal'!$E34,$C$3),"") | S34: =IF(Journal!$F34=$C$3,COUNTIF(Journal!$F$6:'Journal'!$F34,$C$3),"") | T34: =IF(Journal!$E34=$K$3,COUNTIF(Journal!$E$6:'Journal'!$E34,$K$3),"") | U34: =IF(Journal!$F34=$K$3,COUNTIF(Journal!$F$6:'Journal'!$F34,$K$3),"") | V34: =IF(Journal!$E34=$C$21,COUNTIF(Journal!$E$6:'Journal'!$E34,$C$21),"") | W34: =IF(Journal!$F34=$C$21,COUNTIF(Journal!$F$6:'Journal'!$F34,$C$21),"") | X34: =IF(Journal!$E34=$K$21,COUNTIF(Journal!$E$6:'Journal'!$E34,$K$21),"") | Y34: =IF(Journal!$F34=$K$21,COUNTIF(Journal!$F$6:'Journal'!$F34,$K$21),"") | Z34: =IF(Journal!$E34=$C$39,COUNTIF(Journal!$E$6:'Journal'!$E34,$C$39),"") | AA34: =IF(Journal!$F34=$C$39,COUNTIF(Journal!$F$6:'Journal'!$F34,$C$39),"") | AB34: =IF(Journal!$E34=$K$39,COUNTIF(Journal!$E$6:'Journal'!$E34,$K$39),"") | AC34: =IF(Journal!$F34=$K$39,COUNTIF(Journal!$F$6:'Journal'!$F34,$K$39),"") | AD34: =IF(Journal!$E34=$C$57,COUNTIF(Journal!$E$6:'Journal'!$E34,$C$57),"") | AE34: =IF(Journal!$F34=$C$57,COUNTIF(Journal!$F$6:'Journal'!$F34,$C$57),"") | AF34: =IF(Journal!$E34=$K$57,COUNTIF(Journal!$E$6:'Journal'!$E34,$K$57),"") | AG34: =IF(Journal!$F34=$K$57,COUNTIF(Journal!$F$6:'Journal'!$F34,$K$57),"") | AH34: =IF(Journal!$E34=$C$75,COUNTIF(Journal!$E$6:'Journal'!$E34,$C$75),"") | AI34: =IF(Journal!$F34=$C$75,COUNTIF(Journal!$F$6:'Journal'!$F34,$C$75),"") | AJ34: =IF(Journal!$E34=$K$75,COUNTIF(Journal!$E$6:'Journal'!$E34,$K$75),"") | AK34: =IF(Journal!$F34=$K$75,COUNTIF(Journal!$F$6:'Journal'!$F34,$K$75),"")
B35: Summe Haben | D35: =SUMIFS(Journal!$G$6:$G$45,Journal!$F$6:$F$45,$C$21) -> 1500 | F35: Saldoart | H35: =IF(H33="","",IF(H33="Aktiv",IF(H34>=0,"Sollsaldo","Habensaldo"),IF(H33="Passiv",IF(H34>=0,"Habensaldo","Sollsaldo"),IF(H33="Aufwand","Sollsaldo","Habensaldo")))) -> Sollsaldo | J35: Summe Haben | L35: =SUMIFS(Journal!$G$6:$G$45,Journal!$F$6:$F$45,$K$21) -> 952 | N35: Saldoart | P35: =IF(P33="","",IF(P33="Aktiv",IF(P34>=0,"Sollsaldo","Habensaldo"),IF(P33="Passiv",IF(P34>=0,"Habensaldo","Sollsaldo"),IF(P33="Aufwand","Sollsaldo","Habensaldo")))) -> Habensaldo | R35: =IF(Journal!$E35=$C$3,COUNTIF(Journal!$E$6:'Journal'!$E35,$C$3),"") | S35: =IF(Journal!$F35=$C$3,COUNTIF(Journal!$F$6:'Journal'!$F35,$C$3),"") | T35: =IF(Journal!$E35=$K$3,COUNTIF(Journal!$E$6:'Journal'!$E35,$K$3),"") | U35: =IF(Journal!$F35=$K$3,COUNTIF(Journal!$F$6:'Journal'!$F35,$K$3),"") | V35: =IF(Journal!$E35=$C$21,COUNTIF(Journal!$E$6:'Journal'!$E35,$C$21),"") | W35: =IF(Journal!$F35=$C$21,COUNTIF(Journal!$F$6:'Journal'!$F35,$C$21),"") | X35: =IF(Journal!$E35=$K$21,COUNTIF(Journal!$E$6:'Journal'!$E35,$K$21),"") | Y35: =IF(Journal!$F35=$K$21,COUNTIF(Journal!$F$6:'Journal'!$F35,$K$21),"") | Z35: =IF(Journal!$E35=$C$39,COUNTIF(Journal!$E$6:'Journal'!$E35,$C$39),"") | AA35: =IF(Journal!$F35=$C$39,COUNTIF(Journal!$F$6:'Journal'!$F35,$C$39),"") | AB35: =IF(Journal!$E35=$K$39,COUNTIF(Journal!$E$6:'Journal'!$E35,$K$39),"") | AC35: =IF(Journal!$F35=$K$39,COUNTIF(Journal!$F$6:'Journal'!$F35,$K$39),"") | AD35: =IF(Journal!$E35=$C$57,COUNTIF(Journal!$E$6:'Journal'!$E35,$C$57),"") | AE35: =IF(Journal!$F35=$C$57,COUNTIF(Journal!$F$6:'Journal'!$F35,$C$57),"") | AF35: =IF(Journal!$E35=$K$57,COUNTIF(Journal!$E$6:'Journal'!$E35,$K$57),"") | AG35: =IF(Journal!$F35=$K$57,COUNTIF(Journal!$F$6:'Journal'!$F35,$K$57),"") | AH35: =IF(Journal!$E35=$C$75,COUNTIF(Journal!$E$6:'Journal'!$E35,$C$75),"") | AI35: =IF(Journal!$F35=$C$75,COUNTIF(Journal!$F$6:'Journal'!$F35,$C$75),"") | AJ35: =IF(Journal!$E35=$K$75,COUNTIF(Journal!$E$6:'Journal'!$E35,$K$75),"") | AK35: =IF(Journal!$F35=$K$75,COUNTIF(Journal!$F$6:'Journal'!$F35,$K$75),"")
R36: =IF(Journal!$E36=$C$3,COUNTIF(Journal!$E$6:'Journal'!$E36,$C$3),"") | S36: =IF(Journal!$F36=$C$3,COUNTIF(Journal!$F$6:'Journal'!$F36,$C$3),"") | T36: =IF(Journal!$E36=$K$3,COUNTIF(Journal!$E$6:'Journal'!$E36,$K$3),"") | U36: =IF(Journal!$F36=$K$3,COUNTIF(Journal!$F$6:'Journal'!$F36,$K$3),"") | V36: =IF(Journal!$E36=$C$21,COUNTIF(Journal!$E$6:'Journal'!$E36,$C$21),"") | W36: =IF(Journal!$F36=$C$21,COUNTIF(Journal!$F$6:'Journal'!$F36,$C$21),"") | X36: =IF(Journal!$E36=$K$21,COUNTIF(Journal!$E$6:'Journal'!$E36,$K$21),"") | Y36: =IF(Journal!$F36=$K$21,COUNTIF(Journal!$F$6:'Journal'!$F36,$K$21),"") | Z36: =IF(Journal!$E36=$C$39,COUNTIF(Journal!$E$6:'Journal'!$E36,$C$39),"") | AA36: =IF(Journal!$F36=$C$39,COUNTIF(Journal!$F$6:'Journal'!$F36,$C$39),"") | AB36: =IF(Journal!$E36=$K$39,COUNTIF(Journal!$E$6:'Journal'!$E36,$K$39),"") | AC36: =IF(Journal!$F36=$K$39,COUNTIF(Journal!$F$6:'Journal'!$F36,$K$39),"") | AD36: =IF(Journal!$E36=$C$57,COUNTIF(Journal!$E$6:'Journal'!$E36,$C$57),"") | AE36: =IF(Journal!$F36=$C$57,COUNTIF(Journal!$F$6:'Journal'!$F36,$C$57),"") | AF36: =IF(Journal!$E36=$K$57,COUNTIF(Journal!$E$6:'Journal'!$E36,$K$57),"") | AG36: =IF(Journal!$F36=$K$57,COUNTIF(Journal!$F$6:'Journal'!$F36,$K$57),"") | AH36: =IF(Journal!$E36=$C$75,COUNTIF(Journal!$E$6:'Journal'!$E36,$C$75),"") | AI36: =IF(Journal!$F36=$C$75,COUNTIF(Journal!$F$6:'Journal'!$F36,$C$75),"") | AJ36: =IF(Journal!$E36=$K$75,COUNTIF(Journal!$E$6:'Journal'!$E36,$K$75),"") | AK36: =IF(Journal!$F36=$K$75,COUNTIF(Journal!$F$6:'Journal'!$F36,$K$75),"")
R37: =IF(Journal!$E37=$C$3,COUNTIF(Journal!$E$6:'Journal'!$E37,$C$3),"") | S37: =IF(Journal!$F37=$C$3,COUNTIF(Journal!$F$6:'Journal'!$F37,$C$3),"") | T37: =IF(Journal!$E37=$K$3,COUNTIF(Journal!$E$6:'Journal'!$E37,$K$3),"") | U37: =IF(Journal!$F37=$K$3,COUNTIF(Journal!$F$6:'Journal'!$F37,$K$3),"") | V37: =IF(Journal!$E37=$C$21,COUNTIF(Journal!$E$6:'Journal'!$E37,$C$21),"") | W37: =IF(Journal!$F37=$C$21,COUNTIF(Journal!$F$6:'Journal'!$F37,$C$21),"") | X37: =IF(Journal!$E37=$K$21,COUNTIF(Journal!$E$6:'Journal'!$E37,$K$21),"") | Y37: =IF(Journal!$F37=$K$21,COUNTIF(Journal!$F$6:'Journal'!$F37,$K$21),"") | Z37: =IF(Journal!$E37=$C$39,COUNTIF(Journal!$E$6:'Journal'!$E37,$C$39),"") | AA37: =IF(Journal!$F37=$C$39,COUNTIF(Journal!$F$6:'Journal'!$F37,$C$39),"") | AB37: =IF(Journal!$E37=$K$39,COUNTIF(Journal!$E$6:'Journal'!$E37,$K$39),"") | AC37: =IF(Journal!$F37=$K$39,COUNTIF(Journal!$F$6:'Journal'!$F37,$K$39),"") | AD37: =IF(Journal!$E37=$C$57,COUNTIF(Journal!$E$6:'Journal'!$E37,$C$57),"") | AE37: =IF(Journal!$F37=$C$57,COUNTIF(Journal!$F$6:'Journal'!$F37,$C$57),"") | AF37: =IF(Journal!$E37=$K$57,COUNTIF(Journal!$E$6:'Journal'!$E37,$K$57),"") | AG37: =IF(Journal!$F37=$K$57,COUNTIF(Journal!$F$6:'Journal'!$F37,$K$57),"") | AH37: =IF(Journal!$E37=$C$75,COUNTIF(Journal!$E$6:'Journal'!$E37,$C$75),"") | AI37: =IF(Journal!$F37=$C$75,COUNTIF(Journal!$F$6:'Journal'!$F37,$C$75),"") | AJ37: =IF(Journal!$E37=$K$75,COUNTIF(Journal!$E$6:'Journal'!$E37,$K$75),"") | AK37: =IF(Journal!$F37=$K$75,COUNTIF(Journal!$F$6:'Journal'!$F37,$K$75),"")
R38: =IF(Journal!$E38=$C$3,COUNTIF(Journal!$E$6:'Journal'!$E38,$C$3),"") | S38: =IF(Journal!$F38=$C$3,COUNTIF(Journal!$F$6:'Journal'!$F38,$C$3),"") | T38: =IF(Journal!$E38=$K$3,COUNTIF(Journal!$E$6:'Journal'!$E38,$K$3),"") | U38: =IF(Journal!$F38=$K$3,COUNTIF(Journal!$F$6:'Journal'!$F38,$K$3),"") | V38: =IF(Journal!$E38=$C$21,COUNTIF(Journal!$E$6:'Journal'!$E38,$C$21),"") | W38: =IF(Journal!$F38=$C$21,COUNTIF(Journal!$F$6:'Journal'!$F38,$C$21),"") | X38: =IF(Journal!$E38=$K$21,COUNTIF(Journal!$E$6:'Journal'!$E38,$K$21),"") | Y38: =IF(Journal!$F38=$K$21,COUNTIF(Journal!$F$6:'Journal'!$F38,$K$21),"") | Z38: =IF(Journal!$E38=$C$39,COUNTIF(Journal!$E$6:'Journal'!$E38,$C$39),"") | AA38: =IF(Journal!$F38=$C$39,COUNTIF(Journal!$F$6:'Journal'!$F38,$C$39),"") | AB38: =IF(Journal!$E38=$K$39,COUNTIF(Journal!$E$6:'Journal'!$E38,$K$39),"") | AC38: =IF(Journal!$F38=$K$39,COUNTIF(Journal!$F$6:'Journal'!$F38,$K$39),"") | AD38: =IF(Journal!$E38=$C$57,COUNTIF(Journal!$E$6:'Journal'!$E38,$C$57),"") | AE38: =IF(Journal!$F38=$C$57,COUNTIF(Journal!$F$6:'Journal'!$F38,$C$57),"") | AF38: =IF(Journal!$E38=$K$57,COUNTIF(Journal!$E$6:'Journal'!$E38,$K$57),"") | AG38: =IF(Journal!$F38=$K$57,COUNTIF(Journal!$F$6:'Journal'!$F38,$K$57),"") | AH38: =IF(Journal!$E38=$C$75,COUNTIF(Journal!$E$6:'Journal'!$E38,$C$75),"") | AI38: =IF(Journal!$F38=$C$75,COUNTIF(Journal!$F$6:'Journal'!$F38,$C$75),"") | AJ38: =IF(Journal!$E38=$K$75,COUNTIF(Journal!$E$6:'Journal'!$E38,$K$75),"") | AK38: =IF(Journal!$F38=$K$75,COUNTIF(Journal!$F$6:'Journal'!$F38,$K$75),"")
B39: Kontoauswahl | C39: Eigenkapital | D39: =C39 -> Eigenkapital | J39: Kontoauswahl | K39: Umsatzerlöse | L39: =K39 -> Umsatzerlöse | R39: =IF(Journal!$E39=$C$3,COUNTIF(Journal!$E$6:'Journal'!$E39,$C$3),"") | S39: =IF(Journal!$F39=$C$3,COUNTIF(Journal!$F$6:'Journal'!$F39,$C$3),"") | T39: =IF(Journal!$E39=$K$3,COUNTIF(Journal!$E$6:'Journal'!$E39,$K$3),"") | U39: =IF(Journal!$F39=$K$3,COUNTIF(Journal!$F$6:'Journal'!$F39,$K$3),"") | V39: =IF(Journal!$E39=$C$21,COUNTIF(Journal!$E$6:'Journal'!$E39,$C$21),"") | W39: =IF(Journal!$F39=$C$21,COUNTIF(Journal!$F$6:'Journal'!$F39,$C$21),"") | X39: =IF(Journal!$E39=$K$21,COUNTIF(Journal!$E$6:'Journal'!$E39,$K$21),"") | Y39: =IF(Journal!$F39=$K$21,COUNTIF(Journal!$F$6:'Journal'!$F39,$K$21),"") | Z39: =IF(Journal!$E39=$C$39,COUNTIF(Journal!$E$6:'Journal'!$E39,$C$39),"") | AA39: =IF(Journal!$F39=$C$39,COUNTIF(Journal!$F$6:'Journal'!$F39,$C$39),"") | AB39: =IF(Journal!$E39=$K$39,COUNTIF(Journal!$E$6:'Journal'!$E39,$K$39),"") | AC39: =IF(Journal!$F39=$K$39,COUNTIF(Journal!$F$6:'Journal'!$F39,$K$39),"") | AD39: =IF(Journal!$E39=$C$57,COUNTIF(Journal!$E$6:'Journal'!$E39,$C$57),"") | AE39: =IF(Journal!$F39=$C$57,COUNTIF(Journal!$F$6:'Journal'!$F39,$C$57),"") | AF39: =IF(Journal!$E39=$K$57,COUNTIF(Journal!$E$6:'Journal'!$E39,$K$57),"") | AG39: =IF(Journal!$F39=$K$57,COUNTIF(Journal!$F$6:'Journal'!$F39,$K$57),"") | AH39: =IF(Journal!$E39=$C$75,COUNTIF(Journal!$E$6:'Journal'!$E39,$C$75),"") | AI39: =IF(Journal!$F39=$C$75,COUNTIF(Journal!$F$6:'Journal'!$F39,$C$75),"") | AJ39: =IF(Journal!$E39=$K$75,COUNTIF(Journal!$E$6:'Journal'!$E39,$K$75),"") | AK39: =IF(Journal!$F39=$K$75,COUNTIF(Journal!$F$6:'Journal'!$F39,$K$75),"")
B40: Soll | F40: Haben | J40: Soll | N40: Haben | R40: =IF(Journal!$E40=$C$3,COUNTIF(Journal!$E$6:'Journal'!$E40,$C$3),"") | S40: =IF(Journal!$F40=$C$3,COUNTIF(Journal!$F$6:'Journal'!$F40,$C$3),"") | T40: =IF(Journal!$E40=$K$3,COUNTIF(Journal!$E$6:'Journal'!$E40,$K$3),"") | U40: =IF(Journal!$F40=$K$3,COUNTIF(Journal!$F$6:'Journal'!$F40,$K$3),"") | V40: =IF(Journal!$E40=$C$21,COUNTIF(Journal!$E$6:'Journal'!$E40,$C$21),"") | W40: =IF(Journal!$F40=$C$21,COUNTIF(Journal!$F$6:'Journal'!$F40,$C$21),"") | X40: =IF(Journal!$E40=$K$21,COUNTIF(Journal!$E$6:'Journal'!$E40,$K$21),"") | Y40: =IF(Journal!$F40=$K$21,COUNTIF(Journal!$F$6:'Journal'!$F40,$K$21),"") | Z40: =IF(Journal!$E40=$C$39,COUNTIF(Journal!$E$6:'Journal'!$E40,$C$39),"") | AA40: =IF(Journal!$F40=$C$39,COUNTIF(Journal!$F$6:'Journal'!$F40,$C$39),"") | AB40: =IF(Journal!$E40=$K$39,COUNTIF(Journal!$E$6:'Journal'!$E40,$K$39),"") | AC40: =IF(Journal!$F40=$K$39,COUNTIF(Journal!$F$6:'Journal'!$F40,$K$39),"") | AD40: =IF(Journal!$E40=$C$57,COUNTIF(Journal!$E$6:'Journal'!$E40,$C$57),"") | AE40: =IF(Journal!$F40=$C$57,COUNTIF(Journal!$F$6:'Journal'!$F40,$C$57),"") | AF40: =IF(Journal!$E40=$K$57,COUNTIF(Journal!$E$6:'Journal'!$E40,$K$57),"") | AG40: =IF(Journal!$F40=$K$57,COUNTIF(Journal!$F$6:'Journal'!$F40,$K$57),"") | AH40: =IF(Journal!$E40=$C$75,COUNTIF(Journal!$E$6:'Journal'!$E40,$C$75),"") | AI40: =IF(Journal!$F40=$C$75,COUNTIF(Journal!$F$6:'Journal'!$F40,$C$75),"") | AJ40: =IF(Journal!$E40=$K$75,COUNTIF(Journal!$E$6:'Journal'!$E40,$K$75),"") | AK40: =IF(Journal!$F40=$K$75,COUNTIF(Journal!$F$6:'Journal'!$F40,$K$75),"")
B41: Datum | C41: Gegenkonto | D41: Betrag | F41: Datum | G41: Gegenkonto | H41: Betrag | J41: Datum | K41: Gegenkonto | L41: Betrag | N41: Datum | O41: Gegenkonto | P41: Betrag | R41: =IF(Journal!$E41=$C$3,COUNTIF(Journal!$E$6:'Journal'!$E41,$C$3),"") | S41: =IF(Journal!$F41=$C$3,COUNTIF(Journal!$F$6:'Journal'!$F41,$C$3),"") | T41: =IF(Journal!$E41=$K$3,COUNTIF(Journal!$E$6:'Journal'!$E41,$K$3),"") | U41: =IF(Journal!$F41=$K$3,COUNTIF(Journal!$F$6:'Journal'!$F41,$K$3),"") | V41: =IF(Journal!$E41=$C$21,COUNTIF(Journal!$E$6:'Journal'!$E41,$C$21),"") | W41: =IF(Journal!$F41=$C$21,COUNTIF(Journal!$F$6:'Journal'!$F41,$C$21),"") | X41: =IF(Journal!$E41=$K$21,COUNTIF(Journal!$E$6:'Journal'!$E41,$K$21),"") | Y41: =IF(Journal!$F41=$K$21,COUNTIF(Journal!$F$6:'Journal'!$F41,$K$21),"") | Z41: =IF(Journal!$E41=$C$39,COUNTIF(Journal!$E$6:'Journal'!$E41,$C$39),"") | AA41: =IF(Journal!$F41=$C$39,COUNTIF(Journal!$F$6:'Journal'!$F41,$C$39),"") | AB41: =IF(Journal!$E41=$K$39,COUNTIF(Journal!$E$6:'Journal'!$E41,$K$39),"") | AC41: =IF(Journal!$F41=$K$39,COUNTIF(Journal!$F$6:'Journal'!$F41,$K$39),"") | AD41: =IF(Journal!$E41=$C$57,COUNTIF(Journal!$E$6:'Journal'!$E41,$C$57),"") | AE41: =IF(Journal!$F41=$C$57,COUNTIF(Journal!$F$6:'Journal'!$F41,$C$57),"") | AF41: =IF(Journal!$E41=$K$57,COUNTIF(Journal!$E$6:'Journal'!$E41,$K$57),"") | AG41: =IF(Journal!$F41=$K$57,COUNTIF(Journal!$F$6:'Journal'!$F41,$K$57),"") | AH41: =IF(Journal!$E41=$C$75,COUNTIF(Journal!$E$6:'Journal'!$E41,$C$75),"") | AI41: =IF(Journal!$F41=$C$75,COUNTIF(Journal!$F$6:'Journal'!$F41,$C$75),"") | AJ41: =IF(Journal!$E41=$K$75,COUNTIF(Journal!$E$6:'Journal'!$E41,$K$75),"") | AK41: =IF(Journal!$F41=$K$75,COUNTIF(Journal!$F$6:'Journal'!$F41,$K$75),"")
B42: =IFERROR(INDEX(Journal!$B$6:$B$45,MATCH(1,$Z$6:$Z$45,0)),"") | C42: =IFERROR(INDEX(Journal!$F$6:$F$45,MATCH(1,$Z$6:$Z$45,0)),"") | D42: =IFERROR(INDEX(Journal!$G$6:$G$45,MATCH(1,$Z$6:$Z$45,0)),"") | F42: =IFERROR(INDEX(Journal!$B$6:$B$45,MATCH(1,$AA$6:$AA$45,0)),"") | G42: =IFERROR(INDEX(Journal!$E$6:$E$45,MATCH(1,$AA$6:$AA$45,0)),"") | H42: =IFERROR(INDEX(Journal!$G$6:$G$45,MATCH(1,$AA$6:$AA$45,0)),"") | J42: =IFERROR(INDEX(Journal!$B$6:$B$45,MATCH(1,$AB$6:$AB$45,0)),"") | K42: =IFERROR(INDEX(Journal!$F$6:$F$45,MATCH(1,$AB$6:$AB$45,0)),"") | L42: =IFERROR(INDEX(Journal!$G$6:$G$45,MATCH(1,$AB$6:$AB$45,0)),"") | N42: =IFERROR(INDEX(Journal!$B$6:$B$45,MATCH(1,$AC$6:$AC$45,0)),"") -> 05.01.2026 | O42: =IFERROR(INDEX(Journal!$E$6:$E$45,MATCH(1,$AC$6:$AC$45,0)),"") -> Kasse | P42: =IFERROR(INDEX(Journal!$G$6:$G$45,MATCH(1,$AC$6:$AC$45,0)),"") -> 1000 | R42: =IF(Journal!$E42=$C$3,COUNTIF(Journal!$E$6:'Journal'!$E42,$C$3),"") | S42: =IF(Journal!$F42=$C$3,COUNTIF(Journal!$F$6:'Journal'!$F42,$C$3),"") | T42: =IF(Journal!$E42=$K$3,COUNTIF(Journal!$E$6:'Journal'!$E42,$K$3),"") | U42: =IF(Journal!$F42=$K$3,COUNTIF(Journal!$F$6:'Journal'!$F42,$K$3),"") | V42: =IF(Journal!$E42=$C$21,COUNTIF(Journal!$E$6:'Journal'!$E42,$C$21),"") | W42: =IF(Journal!$F42=$C$21,COUNTIF(Journal!$F$6:'Journal'!$F42,$C$21),"") | X42: =IF(Journal!$E42=$K$21,COUNTIF(Journal!$E$6:'Journal'!$E42,$K$21),"") | Y42: =IF(Journal!$F42=$K$21,COUNTIF(Journal!$F$6:'Journal'!$F42,$K$21),"") | Z42: =IF(Journal!$E42=$C$39,COUNTIF(Journal!$E$6:'Journal'!$E42,$C$39),"") | AA42: =IF(Journal!$F42=$C$39,COUNTIF(Journal!$F$6:'Journal'!$F42,$C$39),"") | AB42: =IF(Journal!$E42=$K$39,COUNTIF(Journal!$E$6:'Journal'!$E42,$K$39),"") | AC42: =IF(Journal!$F42=$K$39,COUNTIF(Journal!$F$6:'Journal'!$F42,$K$39),"") | AD42: =IF(Journal!$E42=$C$57,COUNTIF(Journal!$E$6:'Journal'!$E42,$C$57),"") | AE42: =IF(Journal!$F42=$C$57,COUNTIF(Journal!$F$6:'Journal'!$F42,$C$57),"") | AF42: =IF(Journal!$E42=$K$57,COUNTIF(Journal!$E$6:'Journal'!$E42,$K$57),"") | AG42: =IF(Journal!$F42=$K$57,COUNTIF(Journal!$F$6:'Journal'!$F42,$K$57),"") | AH42: =IF(Journal!$E42=$C$75,COUNTIF(Journal!$E$6:'Journal'!$E42,$C$75),"") | AI42: =IF(Journal!$F42=$C$75,COUNTIF(Journal!$F$6:'Journal'!$F42,$C$75),"") | AJ42: =IF(Journal!$E42=$K$75,COUNTIF(Journal!$E$6:'Journal'!$E42,$K$75),"") | AK42: =IF(Journal!$F42=$K$75,COUNTIF(Journal!$F$6:'Journal'!$F42,$K$75),"")
B43: =IFERROR(INDEX(Journal!$B$6:$B$45,MATCH(2,$Z$6:$Z$45,0)),"") | C43: =IFERROR(INDEX(Journal!$F$6:$F$45,MATCH(2,$Z$6:$Z$45,0)),"") | D43: =IFERROR(INDEX(Journal!$G$6:$G$45,MATCH(2,$Z$6:$Z$45,0)),"") | F43: =IFERROR(INDEX(Journal!$B$6:$B$45,MATCH(2,$AA$6:$AA$45,0)),"") | G43: =IFERROR(INDEX(Journal!$E$6:$E$45,MATCH(2,$AA$6:$AA$45,0)),"") | H43: =IFERROR(INDEX(Journal!$G$6:$G$45,MATCH(2,$AA$6:$AA$45,0)),"") | J43: =IFERROR(INDEX(Journal!$B$6:$B$45,MATCH(2,$AB$6:$AB$45,0)),"") | K43: =IFERROR(INDEX(Journal!$F$6:$F$45,MATCH(2,$AB$6:$AB$45,0)),"") | L43: =IFERROR(INDEX(Journal!$G$6:$G$45,MATCH(2,$AB$6:$AB$45,0)),"") | N43: =IFERROR(INDEX(Journal!$B$6:$B$45,MATCH(2,$AC$6:$AC$45,0)),"") -> 12.01.2026 | O43: =IFERROR(INDEX(Journal!$E$6:$E$45,MATCH(2,$AC$6:$AC$45,0)),"") -> Forderungen | P43: =IFERROR(INDEX(Journal!$G$6:$G$45,MATCH(2,$AC$6:$AC$45,0)),"") -> 2000 | R43: =IF(Journal!$E43=$C$3,COUNTIF(Journal!$E$6:'Journal'!$E43,$C$3),"") | S43: =IF(Journal!$F43=$C$3,COUNTIF(Journal!$F$6:'Journal'!$F43,$C$3),"") | T43: =IF(Journal!$E43=$K$3,COUNTIF(Journal!$E$6:'Journal'!$E43,$K$3),"") | U43: =IF(Journal!$F43=$K$3,COUNTIF(Journal!$F$6:'Journal'!$F43,$K$3),"") | V43: =IF(Journal!$E43=$C$21,COUNTIF(Journal!$E$6:'Journal'!$E43,$C$21),"") | W43: =IF(Journal!$F43=$C$21,COUNTIF(Journal!$F$6:'Journal'!$F43,$C$21),"") | X43: =IF(Journal!$E43=$K$21,COUNTIF(Journal!$E$6:'Journal'!$E43,$K$21),"") | Y43: =IF(Journal!$F43=$K$21,COUNTIF(Journal!$F$6:'Journal'!$F43,$K$21),"") | Z43: =IF(Journal!$E43=$C$39,COUNTIF(Journal!$E$6:'Journal'!$E43,$C$39),"") | AA43: =IF(Journal!$F43=$C$39,COUNTIF(Journal!$F$6:'Journal'!$F43,$C$39),"") | AB43: =IF(Journal!$E43=$K$39,COUNTIF(Journal!$E$6:'Journal'!$E43,$K$39),"") | AC43: =IF(Journal!$F43=$K$39,COUNTIF(Journal!$F$6:'Journal'!$F43,$K$39),"") | AD43: =IF(Journal!$E43=$C$57,COUNTIF(Journal!$E$6:'Journal'!$E43,$C$57),"") | AE43: =IF(Journal!$F43=$C$57,COUNTIF(Journal!$F$6:'Journal'!$F43,$C$57),"") | AF43: =IF(Journal!$E43=$K$57,COUNTIF(Journal!$E$6:'Journal'!$E43,$K$57),"") | AG43: =IF(Journal!$F43=$K$57,COUNTIF(Journal!$F$6:'Journal'!$F43,$K$57),"") | AH43: =IF(Journal!$E43=$C$75,COUNTIF(Journal!$E$6:'Journal'!$E43,$C$75),"") | AI43: =IF(Journal!$F43=$C$75,COUNTIF(Journal!$F$6:'Journal'!$F43,$C$75),"") | AJ43: =IF(Journal!$E43=$K$75,COUNTIF(Journal!$E$6:'Journal'!$E43,$K$75),"") | AK43: =IF(Journal!$F43=$K$75,COUNTIF(Journal!$F$6:'Journal'!$F43,$K$75),"")
B44: =IFERROR(INDEX(Journal!$B$6:$B$45,MATCH(3,$Z$6:$Z$45,0)),"") | C44: =IFERROR(INDEX(Journal!$F$6:$F$45,MATCH(3,$Z$6:$Z$45,0)),"") | D44: =IFERROR(INDEX(Journal!$G$6:$G$45,MATCH(3,$Z$6:$Z$45,0)),"") | F44: =IFERROR(INDEX(Journal!$B$6:$B$45,MATCH(3,$AA$6:$AA$45,0)),"") | G44: =IFERROR(INDEX(Journal!$E$6:$E$45,MATCH(3,$AA$6:$AA$45,0)),"") | H44: =IFERROR(INDEX(Journal!$G$6:$G$45,MATCH(3,$AA$6:$AA$45,0)),"") | J44: =IFERROR(INDEX(Journal!$B$6:$B$45,MATCH(3,$AB$6:$AB$45,0)),"") | K44: =IFERROR(INDEX(Journal!$F$6:$F$45,MATCH(3,$AB$6:$AB$45,0)),"") | L44: =IFERROR(INDEX(Journal!$G$6:$G$45,MATCH(3,$AB$6:$AB$45,0)),"") | N44: =IFERROR(INDEX(Journal!$B$6:$B$45,MATCH(3,$AC$6:$AC$45,0)),"") | O44: =IFERROR(INDEX(Journal!$E$6:$E$45,MATCH(3,$AC$6:$AC$45,0)),"") | P44: =IFERROR(INDEX(Journal!$G$6:$G$45,MATCH(3,$AC$6:$AC$45,0)),"") | R44: =IF(Journal!$E44=$C$3,COUNTIF(Journal!$E$6:'Journal'!$E44,$C$3),"") | S44: =IF(Journal!$F44=$C$3,COUNTIF(Journal!$F$6:'Journal'!$F44,$C$3),"") | T44: =IF(Journal!$E44=$K$3,COUNTIF(Journal!$E$6:'Journal'!$E44,$K$3),"") | U44: =IF(Journal!$F44=$K$3,COUNTIF(Journal!$F$6:'Journal'!$F44,$K$3),"") | V44: =IF(Journal!$E44=$C$21,COUNTIF(Journal!$E$6:'Journal'!$E44,$C$21),"") | W44: =IF(Journal!$F44=$C$21,COUNTIF(Journal!$F$6:'Journal'!$F44,$C$21),"") | X44: =IF(Journal!$E44=$K$21,COUNTIF(Journal!$E$6:'Journal'!$E44,$K$21),"") | Y44: =IF(Journal!$F44=$K$21,COUNTIF(Journal!$F$6:'Journal'!$F44,$K$21),"") | Z44: =IF(Journal!$E44=$C$39,COUNTIF(Journal!$E$6:'Journal'!$E44,$C$39),"") | AA44: =IF(Journal!$F44=$C$39,COUNTIF(Journal!$F$6:'Journal'!$F44,$C$39),"") | AB44: =IF(Journal!$E44=$K$39,COUNTIF(Journal!$E$6:'Journal'!$E44,$K$39),"") | AC44: =IF(Journal!$F44=$K$39,COUNTIF(Journal!$F$6:'Journal'!$F44,$K$39),"") | AD44: =IF(Journal!$E44=$C$57,COUNTIF(Journal!$E$6:'Journal'!$E44,$C$57),"") | AE44: =IF(Journal!$F44=$C$57,COUNTIF(Journal!$F$6:'Journal'!$F44,$C$57),"") | AF44: =IF(Journal!$E44=$K$57,COUNTIF(Journal!$E$6:'Journal'!$E44,$K$57),"") | AG44: =IF(Journal!$F44=$K$57,COUNTIF(Journal!$F$6:'Journal'!$F44,$K$57),"") | AH44: =IF(Journal!$E44=$C$75,COUNTIF(Journal!$E$6:'Journal'!$E44,$C$75),"") | AI44: =IF(Journal!$F44=$C$75,COUNTIF(Journal!$F$6:'Journal'!$F44,$C$75),"") | AJ44: =IF(Journal!$E44=$K$75,COUNTIF(Journal!$E$6:'Journal'!$E44,$K$75),"") | AK44: =IF(Journal!$F44=$K$75,COUNTIF(Journal!$F$6:'Journal'!$F44,$K$75),"")
B45: =IFERROR(INDEX(Journal!$B$6:$B$45,MATCH(4,$Z$6:$Z$45,0)),"") | C45: =IFERROR(INDEX(Journal!$F$6:$F$45,MATCH(4,$Z$6:$Z$45,0)),"") | D45: =IFERROR(INDEX(Journal!$G$6:$G$45,MATCH(4,$Z$6:$Z$45,0)),"") | F45: =IFERROR(INDEX(Journal!$B$6:$B$45,MATCH(4,$AA$6:$AA$45,0)),"") | G45: =IFERROR(INDEX(Journal!$E$6:$E$45,MATCH(4,$AA$6:$AA$45,0)),"") | H45: =IFERROR(INDEX(Journal!$G$6:$G$45,MATCH(4,$AA$6:$AA$45,0)),"") | J45: =IFERROR(INDEX(Journal!$B$6:$B$45,MATCH(4,$AB$6:$AB$45,0)),"") | K45: =IFERROR(INDEX(Journal!$F$6:$F$45,MATCH(4,$AB$6:$AB$45,0)),"") | L45: =IFERROR(INDEX(Journal!$G$6:$G$45,MATCH(4,$AB$6:$AB$45,0)),"") | N45: =IFERROR(INDEX(Journal!$B$6:$B$45,MATCH(4,$AC$6:$AC$45,0)),"") | O45: =IFERROR(INDEX(Journal!$E$6:$E$45,MATCH(4,$AC$6:$AC$45,0)),"") | P45: =IFERROR(INDEX(Journal!$G$6:$G$45,MATCH(4,$AC$6:$AC$45,0)),"") | R45: =IF(Journal!$E45=$C$3,COUNTIF(Journal!$E$6:'Journal'!$E45,$C$3),"") | S45: =IF(Journal!$F45=$C$3,COUNTIF(Journal!$F$6:'Journal'!$F45,$C$3),"") | T45: =IF(Journal!$E45=$K$3,COUNTIF(Journal!$E$6:'Journal'!$E45,$K$3),"") | U45: =IF(Journal!$F45=$K$3,COUNTIF(Journal!$F$6:'Journal'!$F45,$K$3),"") | V45: =IF(Journal!$E45=$C$21,COUNTIF(Journal!$E$6:'Journal'!$E45,$C$21),"") | W45: =IF(Journal!$F45=$C$21,COUNTIF(Journal!$F$6:'Journal'!$F45,$C$21),"") | X45: =IF(Journal!$E45=$K$21,COUNTIF(Journal!$E$6:'Journal'!$E45,$K$21),"") | Y45: =IF(Journal!$F45=$K$21,COUNTIF(Journal!$F$6:'Journal'!$F45,$K$21),"") | Z45: =IF(Journal!$E45=$C$39,COUNTIF(Journal!$E$6:'Journal'!$E45,$C$39),"") | AA45: =IF(Journal!$F45=$C$39,COUNTIF(Journal!$F$6:'Journal'!$F45,$C$39),"") | AB45: =IF(Journal!$E45=$K$39,COUNTIF(Journal!$E$6:'Journal'!$E45,$K$39),"") | AC45: =IF(Journal!$F45=$K$39,COUNTIF(Journal!$F$6:'Journal'!$F45,$K$39),"") | AD45: =IF(Journal!$E45=$C$57,COUNTIF(Journal!$E$6:'Journal'!$E45,$C$57),"") | AE45: =IF(Journal!$F45=$C$57,COUNTIF(Journal!$F$6:'Journal'!$F45,$C$57),"") | AF45: =IF(Journal!$E45=$K$57,COUNTIF(Journal!$E$6:'Journal'!$E45,$K$57),"") | AG45: =IF(Journal!$F45=$K$57,COUNTIF(Journal!$F$6:'Journal'!$F45,$K$57),"") | AH45: =IF(Journal!$E45=$C$75,COUNTIF(Journal!$E$6:'Journal'!$E45,$C$75),"") | AI45: =IF(Journal!$F45=$C$75,COUNTIF(Journal!$F$6:'Journal'!$F45,$C$75),"") | AJ45: =IF(Journal!$E45=$K$75,COUNTIF(Journal!$E$6:'Journal'!$E45,$K$75),"") | AK45: =IF(Journal!$F45=$K$75,COUNTIF(Journal!$F$6:'Journal'!$F45,$K$75),"")
B46: =IFERROR(INDEX(Journal!$B$6:$B$45,MATCH(5,$Z$6:$Z$45,0)),"") | C46: =IFERROR(INDEX(Journal!$F$6:$F$45,MATCH(5,$Z$6:$Z$45,0)),"") | D46: =IFERROR(INDEX(Journal!$G$6:$G$45,MATCH(5,$Z$6:$Z$45,0)),"") | F46: =IFERROR(INDEX(Journal!$B$6:$B$45,MATCH(5,$AA$6:$AA$45,0)),"") | G46: =IFERROR(INDEX(Journal!$E$6:$E$45,MATCH(5,$AA$6:$AA$45,0)),"") | H46: =IFERROR(INDEX(Journal!$G$6:$G$45,MATCH(5,$AA$6:$AA$45,0)),"") | J46: =IFERROR(INDEX(Journal!$B$6:$B$45,MATCH(5,$AB$6:$AB$45,0)),"") | K46: =IFERROR(INDEX(Journal!$F$6:$F$45,MATCH(5,$AB$6:$AB$45,0)),"") | L46: =IFERROR(INDEX(Journal!$G$6:$G$45,MATCH(5,$AB$6:$AB$45,0)),"") | N46: =IFERROR(INDEX(Journal!$B$6:$B$45,MATCH(5,$AC$6:$AC$45,0)),"") | O46: =IFERROR(INDEX(Journal!$E$6:$E$45,MATCH(5,$AC$6:$AC$45,0)),"") | P46: =IFERROR(INDEX(Journal!$G$6:$G$45,MATCH(5,$AC$6:$AC$45,0)),"")
B47: =IFERROR(INDEX(Journal!$B$6:$B$45,MATCH(6,$Z$6:$Z$45,0)),"") | C47: =IFERROR(INDEX(Journal!$F$6:$F$45,MATCH(6,$Z$6:$Z$45,0)),"") | D47: =IFERROR(INDEX(Journal!$G$6:$G$45,MATCH(6,$Z$6:$Z$45,0)),"") | F47: =IFERROR(INDEX(Journal!$B$6:$B$45,MATCH(6,$AA$6:$AA$45,0)),"") | G47: =IFERROR(INDEX(Journal!$E$6:$E$45,MATCH(6,$AA$6:$AA$45,0)),"") | H47: =IFERROR(INDEX(Journal!$G$6:$G$45,MATCH(6,$AA$6:$AA$45,0)),"") | J47: =IFERROR(INDEX(Journal!$B$6:$B$45,MATCH(6,$AB$6:$AB$45,0)),"") | K47: =IFERROR(INDEX(Journal!$F$6:$F$45,MATCH(6,$AB$6:$AB$45,0)),"") | L47: =IFERROR(INDEX(Journal!$G$6:$G$45,MATCH(6,$AB$6:$AB$45,0)),"") | N47: =IFERROR(INDEX(Journal!$B$6:$B$45,MATCH(6,$AC$6:$AC$45,0)),"") | O47: =IFERROR(INDEX(Journal!$E$6:$E$45,MATCH(6,$AC$6:$AC$45,0)),"") | P47: =IFERROR(INDEX(Journal!$G$6:$G$45,MATCH(6,$AC$6:$AC$45,0)),"")
B48: =IFERROR(INDEX(Journal!$B$6:$B$45,MATCH(7,$Z$6:$Z$45,0)),"") | C48: =IFERROR(INDEX(Journal!$F$6:$F$45,MATCH(7,$Z$6:$Z$45,0)),"") | D48: =IFERROR(INDEX(Journal!$G$6:$G$45,MATCH(7,$Z$6:$Z$45,0)),"") | F48: =IFERROR(INDEX(Journal!$B$6:$B$45,MATCH(7,$AA$6:$AA$45,0)),"") | G48: =IFERROR(INDEX(Journal!$E$6:$E$45,MATCH(7,$AA$6:$AA$45,0)),"") | H48: =IFERROR(INDEX(Journal!$G$6:$G$45,MATCH(7,$AA$6:$AA$45,0)),"") | J48: =IFERROR(INDEX(Journal!$B$6:$B$45,MATCH(7,$AB$6:$AB$45,0)),"") | K48: =IFERROR(INDEX(Journal!$F$6:$F$45,MATCH(7,$AB$6:$AB$45,0)),"") | L48: =IFERROR(INDEX(Journal!$G$6:$G$45,MATCH(7,$AB$6:$AB$45,0)),"") | N48: =IFERROR(INDEX(Journal!$B$6:$B$45,MATCH(7,$AC$6:$AC$45,0)),"") | O48: =IFERROR(INDEX(Journal!$E$6:$E$45,MATCH(7,$AC$6:$AC$45,0)),"") | P48: =IFERROR(INDEX(Journal!$G$6:$G$45,MATCH(7,$AC$6:$AC$45,0)),"")
B49: =IFERROR(INDEX(Journal!$B$6:$B$45,MATCH(8,$Z$6:$Z$45,0)),"") | C49: =IFERROR(INDEX(Journal!$F$6:$F$45,MATCH(8,$Z$6:$Z$45,0)),"") | D49: =IFERROR(INDEX(Journal!$G$6:$G$45,MATCH(8,$Z$6:$Z$45,0)),"") | F49: =IFERROR(INDEX(Journal!$B$6:$B$45,MATCH(8,$AA$6:$AA$45,0)),"") | G49: =IFERROR(INDEX(Journal!$E$6:$E$45,MATCH(8,$AA$6:$AA$45,0)),"") | H49: =IFERROR(INDEX(Journal!$G$6:$G$45,MATCH(8,$AA$6:$AA$45,0)),"") | J49: =IFERROR(INDEX(Journal!$B$6:$B$45,MATCH(8,$AB$6:$AB$45,0)),"") | K49: =IFERROR(INDEX(Journal!$F$6:$F$45,MATCH(8,$AB$6:$AB$45,0)),"") | L49: =IFERROR(INDEX(Journal!$G$6:$G$45,MATCH(8,$AB$6:$AB$45,0)),"") | N49: =IFERROR(INDEX(Journal!$B$6:$B$45,MATCH(8,$AC$6:$AC$45,0)),"") | O49: =IFERROR(INDEX(Journal!$E$6:$E$45,MATCH(8,$AC$6:$AC$45,0)),"") | P49: =IFERROR(INDEX(Journal!$G$6:$G$45,MATCH(8,$AC$6:$AC$45,0)),"")
B51: Anfangsbestand | D51: =IFERROR(INDEX(Bilanz_EBK_SBK!$L$4:$L$11,MATCH($C$39,Bilanz_EBK_SBK!$J$4:$J$11,0)),0) -> 27000 | F51: Typ | H51: =IFERROR(INDEX(Journal!$N$4:$N$14,MATCH($C$39,Journal!$M$4:$M$14,0)),"") -> Passiv | J51: Anfangsbestand | L51: =IFERROR(INDEX(Bilanz_EBK_SBK!$L$4:$L$11,MATCH($K$39,Bilanz_EBK_SBK!$J$4:$J$11,0)),0) -> 0 | N51: Typ | P51: =IFERROR(INDEX(Journal!$N$4:$N$14,MATCH($K$39,Journal!$M$4:$M$14,0)),"") -> Ertrag
B52: Summe Soll | D52: =SUMIFS(Journal!$G$6:$G$45,Journal!$E$6:$E$45,$C$39) -> 0 | F52: Schlusssaldo | H52: =IF(H51="Aktiv",D51+D52-D53,IF(H51="Passiv",D51-D52+D53,IF(H51="Aufwand",D52-D53,IF(H51="Ertrag",D53-D52,"")))) -> 27000 | J52: Summe Soll | L52: =SUMIFS(Journal!$G$6:$G$45,Journal!$E$6:$E$45,$K$39) -> 0 | N52: Schlusssaldo | P52: =IF(P51="Aktiv",L51+L52-L53,IF(P51="Passiv",L51-L52+L53,IF(P51="Aufwand",L52-L53,IF(P51="Ertrag",L53-L52,"")))) -> 3000
B53: Summe Haben | D53: =SUMIFS(Journal!$G$6:$G$45,Journal!$F$6:$F$45,$C$39) -> 0 | F53: Saldoart | H53: =IF(H51="","",IF(H51="Aktiv",IF(H52>=0,"Sollsaldo","Habensaldo"),IF(H51="Passiv",IF(H52>=0,"Habensaldo","Sollsaldo"),IF(H51="Aufwand","Sollsaldo","Habensaldo")))) -> Habensaldo | J53: Summe Haben | L53: =SUMIFS(Journal!$G$6:$G$45,Journal!$F$6:$F$45,$K$39) -> 3000 | N53: Saldoart | P53: =IF(P51="","",IF(P51="Aktiv",IF(P52>=0,"Sollsaldo","Habensaldo"),IF(P51="Passiv",IF(P52>=0,"Habensaldo","Sollsaldo"),IF(P51="Aufwand","Sollsaldo","Habensaldo")))) -> Habensaldo
B57: Kontoauswahl | C57: Wareneinsatz | D57: =C57 -> Wareneinsatz | J57: Kontoauswahl | K57: Vorsteuer | L57: =K57 -> Vorsteuer
B58: Soll | F58: Haben | J58: Soll | N58: Haben
B59: Datum | C59: Gegenkonto | D59: Betrag | F59: Datum | G59: Gegenkonto | H59: Betrag | J59: Datum | K59: Gegenkonto | L59: Betrag | N59: Datum | O59: Gegenkonto | P59: Betrag
B60: =IFERROR(INDEX(Journal!$B$6:$B$45,MATCH(1,$AD$6:$AD$45,0)),"") -> 08.01.2026 | C60: =IFERROR(INDEX(Journal!$F$6:$F$45,MATCH(1,$AD$6:$AD$45,0)),"") -> Verbindlichkeiten | D60: =IFERROR(INDEX(Journal!$G$6:$G$45,MATCH(1,$AD$6:$AD$45,0)),"") -> 800 | F60: =IFERROR(INDEX(Journal!$B$6:$B$45,MATCH(1,$AE$6:$AE$45,0)),"") | G60: =IFERROR(INDEX(Journal!$E$6:$E$45,MATCH(1,$AE$6:$AE$45,0)),"") | H60: =IFERROR(INDEX(Journal!$G$6:$G$45,MATCH(1,$AE$6:$AE$45,0)),"") | J60: =IFERROR(INDEX(Journal!$B$6:$B$45,MATCH(1,$AF$6:$AF$45,0)),"") -> 08.01.2026 | K60: =IFERROR(INDEX(Journal!$F$6:$F$45,MATCH(1,$AF$6:$AF$45,0)),"") -> Verbindlichkeiten | L60: =IFERROR(INDEX(Journal!$G$6:$G$45,MATCH(1,$AF$6:$AF$45,0)),"") -> 152 | N60: =IFERROR(INDEX(Journal!$B$6:$B$45,MATCH(1,$AG$6:$AG$45,0)),"") | O60: =IFERROR(INDEX(Journal!$E$6:$E$45,MATCH(1,$AG$6:$AG$45,0)),"") | P60: =IFERROR(INDEX(Journal!$G$6:$G$45,MATCH(1,$AG$6:$AG$45,0)),"")
B61: =IFERROR(INDEX(Journal!$B$6:$B$45,MATCH(2,$AD$6:$AD$45,0)),"") | C61: =IFERROR(INDEX(Journal!$F$6:$F$45,MATCH(2,$AD$6:$AD$45,0)),"") | D61: =IFERROR(INDEX(Journal!$G$6:$G$45,MATCH(2,$AD$6:$AD$45,0)),"") | F61: =IFERROR(INDEX(Journal!$B$6:$B$45,MATCH(2,$AE$6:$AE$45,0)),"") | G61: =IFERROR(INDEX(Journal!$E$6:$E$45,MATCH(2,$AE$6:$AE$45,0)),"") | H61: =IFERROR(INDEX(Journal!$G$6:$G$45,MATCH(2,$AE$6:$AE$45,0)),"") | J61: =IFERROR(INDEX(Journal!$B$6:$B$45,MATCH(2,$AF$6:$AF$45,0)),"") | K61: =IFERROR(INDEX(Journal!$F$6:$F$45,MATCH(2,$AF$6:$AF$45,0)),"") | L61: =IFERROR(INDEX(Journal!$G$6:$G$45,MATCH(2,$AF$6:$AF$45,0)),"") | N61: =IFERROR(INDEX(Journal!$B$6:$B$45,MATCH(2,$AG$6:$AG$45,0)),"") | O61: =IFERROR(INDEX(Journal!$E$6:$E$45,MATCH(2,$AG$6:$AG$45,0)),"") | P61: =IFERROR(INDEX(Journal!$G$6:$G$45,MATCH(2,$AG$6:$AG$45,0)),"")
B62: =IFERROR(INDEX(Journal!$B$6:$B$45,MATCH(3,$AD$6:$AD$45,0)),"") | C62: =IFERROR(INDEX(Journal!$F$6:$F$45,MATCH(3,$AD$6:$AD$45,0)),"") | D62: =IFERROR(INDEX(Journal!$G$6:$G$45,MATCH(3,$AD$6:$AD$45,0)),"") | F62: =IFERROR(INDEX(Journal!$B$6:$B$45,MATCH(3,$AE$6:$AE$45,0)),"") | G62: =IFERROR(INDEX(Journal!$E$6:$E$45,MATCH(3,$AE$6:$AE$45,0)),"") | H62: =IFERROR(INDEX(Journal!$G$6:$G$45,MATCH(3,$AE$6:$AE$45,0)),"") | J62: =IFERROR(INDEX(Journal!$B$6:$B$45,MATCH(3,$AF$6:$AF$45,0)),"") | K62: =IFERROR(INDEX(Journal!$F$6:$F$45,MATCH(3,$AF$6:$AF$45,0)),"") | L62: =IFERROR(INDEX(Journal!$G$6:$G$45,MATCH(3,$AF$6:$AF$45,0)),"") | N62: =IFERROR(INDEX(Journal!$B$6:$B$45,MATCH(3,$AG$6:$AG$45,0)),"") | O62: =IFERROR(INDEX(Journal!$E$6:$E$45,MATCH(3,$AG$6:$AG$45,0)),"") | P62: =IFERROR(INDEX(Journal!$G$6:$G$45,MATCH(3,$AG$6:$AG$45,0)),"")
B63: =IFERROR(INDEX(Journal!$B$6:$B$45,MATCH(4,$AD$6:$AD$45,0)),"") | C63: =IFERROR(INDEX(Journal!$F$6:$F$45,MATCH(4,$AD$6:$AD$45,0)),"") | D63: =IFERROR(INDEX(Journal!$G$6:$G$45,MATCH(4,$AD$6:$AD$45,0)),"") | F63: =IFERROR(INDEX(Journal!$B$6:$B$45,MATCH(4,$AE$6:$AE$45,0)),"") | G63: =IFERROR(INDEX(Journal!$E$6:$E$45,MATCH(4,$AE$6:$AE$45,0)),"") | H63: =IFERROR(INDEX(Journal!$G$6:$G$45,MATCH(4,$AE$6:$AE$45,0)),"") | J63: =IFERROR(INDEX(Journal!$B$6:$B$45,MATCH(4,$AF$6:$AF$45,0)),"") | K63: =IFERROR(INDEX(Journal!$F$6:$F$45,MATCH(4,$AF$6:$AF$45,0)),"") | L63: =IFERROR(INDEX(Journal!$G$6:$G$45,MATCH(4,$AF$6:$AF$45,0)),"") | N63: =IFERROR(INDEX(Journal!$B$6:$B$45,MATCH(4,$AG$6:$AG$45,0)),"") | O63: =IFERROR(INDEX(Journal!$E$6:$E$45,MATCH(4,$AG$6:$AG$45,0)),"") | P63: =IFERROR(INDEX(Journal!$G$6:$G$45,MATCH(4,$AG$6:$AG$45,0)),"")
B64: =IFERROR(INDEX(Journal!$B$6:$B$45,MATCH(5,$AD$6:$AD$45,0)),"") | C64: =IFERROR(INDEX(Journal!$F$6:$F$45,MATCH(5,$AD$6:$AD$45,0)),"") | D64: =IFERROR(INDEX(Journal!$G$6:$G$45,MATCH(5,$AD$6:$AD$45,0)),"") | F64: =IFERROR(INDEX(Journal!$B$6:$B$45,MATCH(5,$AE$6:$AE$45,0)),"") | G64: =IFERROR(INDEX(Journal!$E$6:$E$45,MATCH(5,$AE$6:$AE$45,0)),"") | H64: =IFERROR(INDEX(Journal!$G$6:$G$45,MATCH(5,$AE$6:$AE$45,0)),"") | J64: =IFERROR(INDEX(Journal!$B$6:$B$45,MATCH(5,$AF$6:$AF$45,0)),"") | K64: =IFERROR(INDEX(Journal!$F$6:$F$45,MATCH(5,$AF$6:$AF$45,0)),"") | L64: =IFERROR(INDEX(Journal!$G$6:$G$45,MATCH(5,$AF$6:$AF$45,0)),"") | N64: =IFERROR(INDEX(Journal!$B$6:$B$45,MATCH(5,$AG$6:$AG$45,0)),"") | O64: =IFERROR(INDEX(Journal!$E$6:$E$45,MATCH(5,$AG$6:$AG$45,0)),"") | P64: =IFERROR(INDEX(Journal!$G$6:$G$45,MATCH(5,$AG$6:$AG$45,0)),"")
B65: =IFERROR(INDEX(Journal!$B$6:$B$45,MATCH(6,$AD$6:$AD$45,0)),"") | C65: =IFERROR(INDEX(Journal!$F$6:$F$45,MATCH(6,$AD$6:$AD$45,0)),"") | D65: =IFERROR(INDEX(Journal!$G$6:$G$45,MATCH(6,$AD$6:$AD$45,0)),"") | F65: =IFERROR(INDEX(Journal!$B$6:$B$45,MATCH(6,$AE$6:$AE$45,0)),"") | G65: =IFERROR(INDEX(Journal!$E$6:$E$45,MATCH(6,$AE$6:$AE$45,0)),"") | H65: =IFERROR(INDEX(Journal!$G$6:$G$45,MATCH(6,$AE$6:$AE$45,0)),"") | J65: =IFERROR(INDEX(Journal!$B$6:$B$45,MATCH(6,$AF$6:$AF$45,0)),"") | K65: =IFERROR(INDEX(Journal!$F$6:$F$45,MATCH(6,$AF$6:$AF$45,0)),"") | L65: =IFERROR(INDEX(Journal!$G$6:$G$45,MATCH(6,$AF$6:$AF$45,0)),"") | N65: =IFERROR(INDEX(Journal!$B$6:$B$45,MATCH(6,$AG$6:$AG$45,0)),"") | O65: =IFERROR(INDEX(Journal!$E$6:$E$45,MATCH(6,$AG$6:$AG$45,0)),"") | P65: =IFERROR(INDEX(Journal!$G$6:$G$45,MATCH(6,$AG$6:$AG$45,0)),"")
B66: =IFERROR(INDEX(Journal!$B$6:$B$45,MATCH(7,$AD$6:$AD$45,0)),"") | C66: =IFERROR(INDEX(Journal!$F$6:$F$45,MATCH(7,$AD$6:$AD$45,0)),"") | D66: =IFERROR(INDEX(Journal!$G$6:$G$45,MATCH(7,$AD$6:$AD$45,0)),"") | F66: =IFERROR(INDEX(Journal!$B$6:$B$45,MATCH(7,$AE$6:$AE$45,0)),"") | G66: =IFERROR(INDEX(Journal!$E$6:$E$45,MATCH(7,$AE$6:$AE$45,0)),"") | H66: =IFERROR(INDEX(Journal!$G$6:$G$45,MATCH(7,$AE$6:$AE$45,0)),"") | J66: =IFERROR(INDEX(Journal!$B$6:$B$45,MATCH(7,$AF$6:$AF$45,0)),"") | K66: =IFERROR(INDEX(Journal!$F$6:$F$45,MATCH(7,$AF$6:$AF$45,0)),"") | L66: =IFERROR(INDEX(Journal!$G$6:$G$45,MATCH(7,$AF$6:$AF$45,0)),"") | N66: =IFERROR(INDEX(Journal!$B$6:$B$45,MATCH(7,$AG$6:$AG$45,0)),"") | O66: =IFERROR(INDEX(Journal!$E$6:$E$45,MATCH(7,$AG$6:$AG$45,0)),"") | P66: =IFERROR(INDEX(Journal!$G$6:$G$45,MATCH(7,$AG$6:$AG$45,0)),"")
B67: =IFERROR(INDEX(Journal!$B$6:$B$45,MATCH(8,$AD$6:$AD$45,0)),"") | C67: =IFERROR(INDEX(Journal!$F$6:$F$45,MATCH(8,$AD$6:$AD$45,0)),"") | D67: =IFERROR(INDEX(Journal!$G$6:$G$45,MATCH(8,$AD$6:$AD$45,0)),"") | F67: =IFERROR(INDEX(Journal!$B$6:$B$45,MATCH(8,$AE$6:$AE$45,0)),"") | G67: =IFERROR(INDEX(Journal!$E$6:$E$45,MATCH(8,$AE$6:$AE$45,0)),"") | H67: =IFERROR(INDEX(Journal!$G$6:$G$45,MATCH(8,$AE$6:$AE$45,0)),"") | J67: =IFERROR(INDEX(Journal!$B$6:$B$45,MATCH(8,$AF$6:$AF$45,0)),"") | K67: =IFERROR(INDEX(Journal!$F$6:$F$45,MATCH(8,$AF$6:$AF$45,0)),"") | L67: =IFERROR(INDEX(Journal!$G$6:$G$45,MATCH(8,$AF$6:$AF$45,0)),"") | N67: =IFERROR(INDEX(Journal!$B$6:$B$45,MATCH(8,$AG$6:$AG$45,0)),"") | O67: =IFERROR(INDEX(Journal!$E$6:$E$45,MATCH(8,$AG$6:$AG$45,0)),"") | P67: =IFERROR(INDEX(Journal!$G$6:$G$45,MATCH(8,$AG$6:$AG$45,0)),"")
B69: Anfangsbestand | D69: =IFERROR(INDEX(Bilanz_EBK_SBK!$L$4:$L$11,MATCH($C$57,Bilanz_EBK_SBK!$J$4:$J$11,0)),0) -> 0 | F69: Typ | H69: =IFERROR(INDEX(Journal!$N$4:$N$14,MATCH($C$57,Journal!$M$4:$M$14,0)),"") -> Aufwand | J69: Anfangsbestand | L69: =IFERROR(INDEX(Bilanz_EBK_SBK!$L$4:$L$11,MATCH($K$57,Bilanz_EBK_SBK!$J$4:$J$11,0)),0) -> 0 | N69: Typ | P69: =IFERROR(INDEX(Journal!$N$4:$N$14,MATCH($K$57,Journal!$M$4:$M$14,0)),"") -> Aktiv
B70: Summe Soll | D70: =SUMIFS(Journal!$G$6:$G$45,Journal!$E$6:$E$45,$C$57) -> 800 | F70: Schlusssaldo | H70: =IF(H69="Aktiv",D69+D70-D71,IF(H69="Passiv",D69-D70+D71,IF(H69="Aufwand",D70-D71,IF(H69="Ertrag",D71-D70,"")))) -> 800 | J70: Summe Soll | L70: =SUMIFS(Journal!$G$6:$G$45,Journal!$E$6:$E$45,$K$57) -> 152 | N70: Schlusssaldo | P70: =IF(P69="Aktiv",L69+L70-L71,IF(P69="Passiv",L69-L70+L71,IF(P69="Aufwand",L70-L71,IF(P69="Ertrag",L71-L70,"")))) -> 152
B71: Summe Haben | D71: =SUMIFS(Journal!$G$6:$G$45,Journal!$F$6:$F$45,$C$57) -> 0 | F71: Saldoart | H71: =IF(H69="","",IF(H69="Aktiv",IF(H70>=0,"Sollsaldo","Habensaldo"),IF(H69="Passiv",IF(H70>=0,"Habensaldo","Sollsaldo"),IF(H69="Aufwand","Sollsaldo","Habensaldo")))) -> Sollsaldo | J71: Summe Haben | L71: =SUMIFS(Journal!$G$6:$G$45,Journal!$F$6:$F$45,$K$57) -> 0 | N71: Saldoart | P71: =IF(P69="","",IF(P69="Aktiv",IF(P70>=0,"Sollsaldo","Habensaldo"),IF(P69="Passiv",IF(P70>=0,"Habensaldo","Sollsaldo"),IF(P69="Aufwand","Sollsaldo","Habensaldo")))) -> Sollsaldo
B75: Kontoauswahl | C75: Umsatzsteuer | D75: =C75 -> Umsatzsteuer | J75: Kontoauswahl | K75: Maschinen | L75: =K75 -> Maschinen
B76: Soll | F76: Haben | J76: Soll | N76: Haben
B77: Datum | C77: Gegenkonto | D77: Betrag | F77: Datum | G77: Gegenkonto | H77: Betrag | J77: Datum | K77: Gegenkonto | L77: Betrag | N77: Datum | O77: Gegenkonto | P77: Betrag
B78: =IFERROR(INDEX(Journal!$B$6:$B$45,MATCH(1,$AH$6:$AH$45,0)),"") | C78: =IFERROR(INDEX(Journal!$F$6:$F$45,MATCH(1,$AH$6:$AH$45,0)),"") | D78: =IFERROR(INDEX(Journal!$G$6:$G$45,MATCH(1,$AH$6:$AH$45,0)),"") | F78: =IFERROR(INDEX(Journal!$B$6:$B$45,MATCH(1,$AI$6:$AI$45,0)),"") -> 05.01.2026 | G78: =IFERROR(INDEX(Journal!$E$6:$E$45,MATCH(1,$AI$6:$AI$45,0)),"") -> Kasse | H78: =IFERROR(INDEX(Journal!$G$6:$G$45,MATCH(1,$AI$6:$AI$45,0)),"") -> 190 | J78: =IFERROR(INDEX(Journal!$B$6:$B$45,MATCH(1,$AJ$6:$AJ$45,0)),"") -> 18.01.2026 | K78: =IFERROR(INDEX(Journal!$F$6:$F$45,MATCH(1,$AJ$6:$AJ$45,0)),"") -> Bank | L78: =IFERROR(INDEX(Journal!$G$6:$G$45,MATCH(1,$AJ$6:$AJ$45,0)),"") -> 2500 | N78: =IFERROR(INDEX(Journal!$B$6:$B$45,MATCH(1,$AK$6:$AK$45,0)),"") -> 25.01.2026 | O78: =IFERROR(INDEX(Journal!$E$6:$E$45,MATCH(1,$AK$6:$AK$45,0)),"") -> Abschreibungen | P78: =IFERROR(INDEX(Journal!$G$6:$G$45,MATCH(1,$AK$6:$AK$45,0)),"") -> 300
B79: =IFERROR(INDEX(Journal!$B$6:$B$45,MATCH(2,$AH$6:$AH$45,0)),"") | C79: =IFERROR(INDEX(Journal!$F$6:$F$45,MATCH(2,$AH$6:$AH$45,0)),"") | D79: =IFERROR(INDEX(Journal!$G$6:$G$45,MATCH(2,$AH$6:$AH$45,0)),"") | F79: =IFERROR(INDEX(Journal!$B$6:$B$45,MATCH(2,$AI$6:$AI$45,0)),"") -> 12.01.2026 | G79: =IFERROR(INDEX(Journal!$E$6:$E$45,MATCH(2,$AI$6:$AI$45,0)),"") -> Forderungen | H79: =IFERROR(INDEX(Journal!$G$6:$G$45,MATCH(2,$AI$6:$AI$45,0)),"") -> 380 | J79: =IFERROR(INDEX(Journal!$B$6:$B$45,MATCH(2,$AJ$6:$AJ$45,0)),"") | K79: =IFERROR(INDEX(Journal!$F$6:$F$45,MATCH(2,$AJ$6:$AJ$45,0)),"") | L79: =IFERROR(INDEX(Journal!$G$6:$G$45,MATCH(2,$AJ$6:$AJ$45,0)),"") | N79: =IFERROR(INDEX(Journal!$B$6:$B$45,MATCH(2,$AK$6:$AK$45,0)),"") | O79: =IFERROR(INDEX(Journal!$E$6:$E$45,MATCH(2,$AK$6:$AK$45,0)),"") | P79: =IFERROR(INDEX(Journal!$G$6:$G$45,MATCH(2,$AK$6:$AK$45,0)),"")
B80: =IFERROR(INDEX(Journal!$B$6:$B$45,MATCH(3,$AH$6:$AH$45,0)),"") | C80: =IFERROR(INDEX(Journal!$F$6:$F$45,MATCH(3,$AH$6:$AH$45,0)),"") | D80: =IFERROR(INDEX(Journal!$G$6:$G$45,MATCH(3,$AH$6:$AH$45,0)),"") | F80: =IFERROR(INDEX(Journal!$B$6:$B$45,MATCH(3,$AI$6:$AI$45,0)),"") | G80: =IFERROR(INDEX(Journal!$E$6:$E$45,MATCH(3,$AI$6:$AI$45,0)),"") | H80: =IFERROR(INDEX(Journal!$G$6:$G$45,MATCH(3,$AI$6:$AI$45,0)),"") | J80: =IFERROR(INDEX(Journal!$B$6:$B$45,MATCH(3,$AJ$6:$AJ$45,0)),"") | K80: =IFERROR(INDEX(Journal!$F$6:$F$45,MATCH(3,$AJ$6:$AJ$45,0)),"") | L80: =IFERROR(INDEX(Journal!$G$6:$G$45,MATCH(3,$AJ$6:$AJ$45,0)),"") | N80: =IFERROR(INDEX(Journal!$B$6:$B$45,MATCH(3,$AK$6:$AK$45,0)),"") | O80: =IFERROR(INDEX(Journal!$E$6:$E$45,MATCH(3,$AK$6:$AK$45,0)),"") | P80: =IFERROR(INDEX(Journal!$G$6:$G$45,MATCH(3,$AK$6:$AK$45,0)),"")
B81: =IFERROR(INDEX(Journal!$B$6:$B$45,MATCH(4,$AH$6:$AH$45,0)),"") | C81: =IFERROR(INDEX(Journal!$F$6:$F$45,MATCH(4,$AH$6:$AH$45,0)),"") | D81: =IFERROR(INDEX(Journal!$G$6:$G$45,MATCH(4,$AH$6:$AH$45,0)),"") | F81: =IFERROR(INDEX(Journal!$B$6:$B$45,MATCH(4,$AI$6:$AI$45,0)),"") | G81: =IFERROR(INDEX(Journal!$E$6:$E$45,MATCH(4,$AI$6:$AI$45,0)),"") | H81: =IFERROR(INDEX(Journal!$G$6:$G$45,MATCH(4,$AI$6:$AI$45,0)),"") | J81: =IFERROR(INDEX(Journal!$B$6:$B$45,MATCH(4,$AJ$6:$AJ$45,0)),"") | K81: =IFERROR(INDEX(Journal!$F$6:$F$45,MATCH(4,$AJ$6:$AJ$45,0)),"") | L81: =IFERROR(INDEX(Journal!$G$6:$G$45,MATCH(4,$AJ$6:$AJ$45,0)),"") | N81: =IFERROR(INDEX(Journal!$B$6:$B$45,MATCH(4,$AK$6:$AK$45,0)),"") | O81: =IFERROR(INDEX(Journal!$E$6:$E$45,MATCH(4,$AK$6:$AK$45,0)),"") | P81: =IFERROR(INDEX(Journal!$G$6:$G$45,MATCH(4,$AK$6:$AK$45,0)),"")
B82: =IFERROR(INDEX(Journal!$B$6:$B$45,MATCH(5,$AH$6:$AH$45,0)),"") | C82: =IFERROR(INDEX(Journal!$F$6:$F$45,MATCH(5,$AH$6:$AH$45,0)),"") | D82: =IFERROR(INDEX(Journal!$G$6:$G$45,MATCH(5,$AH$6:$AH$45,0)),"") | F82: =IFERROR(INDEX(Journal!$B$6:$B$45,MATCH(5,$AI$6:$AI$45,0)),"") | G82: =IFERROR(INDEX(Journal!$E$6:$E$45,MATCH(5,$AI$6:$AI$45,0)),"") | H82: =IFERROR(INDEX(Journal!$G$6:$G$45,MATCH(5,$AI$6:$AI$45,0)),"") | J82: =IFERROR(INDEX(Journal!$B$6:$B$45,MATCH(5,$AJ$6:$AJ$45,0)),"") | K82: =IFERROR(INDEX(Journal!$F$6:$F$45,MATCH(5,$AJ$6:$AJ$45,0)),"") | L82: =IFERROR(INDEX(Journal!$G$6:$G$45,MATCH(5,$AJ$6:$AJ$45,0)),"") | N82: =IFERROR(INDEX(Journal!$B$6:$B$45,MATCH(5,$AK$6:$AK$45,0)),"") | O82: =IFERROR(INDEX(Journal!$E$6:$E$45,MATCH(5,$AK$6:$AK$45,0)),"") | P82: =IFERROR(INDEX(Journal!$G$6:$G$45,MATCH(5,$AK$6:$AK$45,0)),"")
B83: =IFERROR(INDEX(Journal!$B$6:$B$45,MATCH(6,$AH$6:$AH$45,0)),"") | C83: =IFERROR(INDEX(Journal!$F$6:$F$45,MATCH(6,$AH$6:$AH$45,0)),"") | D83: =IFERROR(INDEX(Journal!$G$6:$G$45,MATCH(6,$AH$6:$AH$45,0)),"") | F83: =IFERROR(INDEX(Journal!$B$6:$B$45,MATCH(6,$AI$6:$AI$45,0)),"") | G83: =IFERROR(INDEX(Journal!$E$6:$E$45,MATCH(6,$AI$6:$AI$45,0)),"") | H83: =IFERROR(INDEX(Journal!$G$6:$G$45,MATCH(6,$AI$6:$AI$45,0)),"") | J83: =IFERROR(INDEX(Journal!$B$6:$B$45,MATCH(6,$AJ$6:$AJ$45,0)),"") | K83: =IFERROR(INDEX(Journal!$F$6:$F$45,MATCH(6,$AJ$6:$AJ$45,0)),"") | L83: =IFERROR(INDEX(Journal!$G$6:$G$45,MATCH(6,$AJ$6:$AJ$45,0)),"") | N83: =IFERROR(INDEX(Journal!$B$6:$B$45,MATCH(6,$AK$6:$AK$45,0)),"") | O83: =IFERROR(INDEX(Journal!$E$6:$E$45,MATCH(6,$AK$6:$AK$45,0)),"") | P83: =IFERROR(INDEX(Journal!$G$6:$G$45,MATCH(6,$AK$6:$AK$45,0)),"")
B84: =IFERROR(INDEX(Journal!$B$6:$B$45,MATCH(7,$AH$6:$AH$45,0)),"") | C84: =IFERROR(INDEX(Journal!$F$6:$F$45,MATCH(7,$AH$6:$AH$45,0)),"") | D84: =IFERROR(INDEX(Journal!$G$6:$G$45,MATCH(7,$AH$6:$AH$45,0)),"") | F84: =IFERROR(INDEX(Journal!$B$6:$B$45,MATCH(7,$AI$6:$AI$45,0)),"") | G84: =IFERROR(INDEX(Journal!$E$6:$E$45,MATCH(7,$AI$6:$AI$45,0)),"") | H84: =IFERROR(INDEX(Journal!$G$6:$G$45,MATCH(7,$AI$6:$AI$45,0)),"") | J84: =IFERROR(INDEX(Journal!$B$6:$B$45,MATCH(7,$AJ$6:$AJ$45,0)),"") | K84: =IFERROR(INDEX(Journal!$F$6:$F$45,MATCH(7,$AJ$6:$AJ$45,0)),"") | L84: =IFERROR(INDEX(Journal!$G$6:$G$45,MATCH(7,$AJ$6:$AJ$45,0)),"") | N84: =IFERROR(INDEX(Journal!$B$6:$B$45,MATCH(7,$AK$6:$AK$45,0)),"") | O84: =IFERROR(INDEX(Journal!$E$6:$E$45,MATCH(7,$AK$6:$AK$45,0)),"") | P84: =IFERROR(INDEX(Journal!$G$6:$G$45,MATCH(7,$AK$6:$AK$45,0)),"")
B85: =IFERROR(INDEX(Journal!$B$6:$B$45,MATCH(8,$AH$6:$AH$45,0)),"") | C85: =IFERROR(INDEX(Journal!$F$6:$F$45,MATCH(8,$AH$6:$AH$45,0)),"") | D85: =IFERROR(INDEX(Journal!$G$6:$G$45,MATCH(8,$AH$6:$AH$45,0)),"") | F85: =IFERROR(INDEX(Journal!$B$6:$B$45,MATCH(8,$AI$6:$AI$45,0)),"") | G85: =IFERROR(INDEX(Journal!$E$6:$E$45,MATCH(8,$AI$6:$AI$45,0)),"") | H85: =IFERROR(INDEX(Journal!$G$6:$G$45,MATCH(8,$AI$6:$AI$45,0)),"") | J85: =IFERROR(INDEX(Journal!$B$6:$B$45,MATCH(8,$AJ$6:$AJ$45,0)),"") | K85: =IFERROR(INDEX(Journal!$F$6:$F$45,MATCH(8,$AJ$6:$AJ$45,0)),"") | L85: =IFERROR(INDEX(Journal!$G$6:$G$45,MATCH(8,$AJ$6:$AJ$45,0)),"") | N85: =IFERROR(INDEX(Journal!$B$6:$B$45,MATCH(8,$AK$6:$AK$45,0)),"") | O85: =IFERROR(INDEX(Journal!$E$6:$E$45,MATCH(8,$AK$6:$AK$45,0)),"") | P85: =IFERROR(INDEX(Journal!$G$6:$G$45,MATCH(8,$AK$6:$AK$45,0)),"")
B87: Anfangsbestand | D87: =IFERROR(INDEX(Bilanz_EBK_SBK!$L$4:$L$11,MATCH($C$75,Bilanz_EBK_SBK!$J$4:$J$11,0)),0) -> 0 | F87: Typ | H87: =IFERROR(INDEX(Journal!$N$4:$N$14,MATCH($C$75,Journal!$M$4:$M$14,0)),"") -> Passiv | J87: Anfangsbestand | L87: =IFERROR(INDEX(Bilanz_EBK_SBK!$L$4:$L$11,MATCH($K$75,Bilanz_EBK_SBK!$J$4:$J$11,0)),0) -> 15000 | N87: Typ | P87: =IFERROR(INDEX(Journal!$N$4:$N$14,MATCH($K$75,Journal!$M$4:$M$14,0)),"") -> Aktiv
B88: Summe Soll | D88: =SUMIFS(Journal!$G$6:$G$45,Journal!$E$6:$E$45,$C$75) -> 0 | F88: Schlusssaldo | H88: =IF(H87="Aktiv",D87+D88-D89,IF(H87="Passiv",D87-D88+D89,IF(H87="Aufwand",D88-D89,IF(H87="Ertrag",D89-D88,"")))) -> 570 | J88: Summe Soll | L88: =SUMIFS(Journal!$G$6:$G$45,Journal!$E$6:$E$45,$K$75) -> 2500 | N88: Schlusssaldo | P88: =IF(P87="Aktiv",L87+L88-L89,IF(P87="Passiv",L87-L88+L89,IF(P87="Aufwand",L88-L89,IF(P87="Ertrag",L89-L88,"")))) -> 17200
B89: Summe Haben | D89: =SUMIFS(Journal!$G$6:$G$45,Journal!$F$6:$F$45,$C$75) -> 570 | F89: Saldoart | H89: =IF(H87="","",IF(H87="Aktiv",IF(H88>=0,"Sollsaldo","Habensaldo"),IF(H87="Passiv",IF(H88>=0,"Habensaldo","Sollsaldo"),IF(H87="Aufwand","Sollsaldo","Habensaldo")))) -> Habensaldo | J89: Summe Haben | L89: =SUMIFS(Journal!$G$6:$G$45,Journal!$F$6:$F$45,$K$75) -> 300 | N89: Saldoart | P89: =IF(P87="","",IF(P87="Aktiv",IF(P88>=0,"Sollsaldo","Habensaldo"),IF(P87="Passiv",IF(P88>=0,"Habensaldo","Sollsaldo"),IF(P87="Aufwand","Sollsaldo","Habensaldo")))) -> Sollsaldo

Sheet Bilanz_EBK_SBK
A1: Bilanz / EBK / SBK | J1: Anfangsbestände eingeben
A3: Bilanz (Eröffnungsbestände) | J3: Konto | K3: Typ | L3: Anfangsbestand
A4: Aktiva | B4: Betrag | D4: Passiva | E4: Betrag | J4: Kasse | K4: Aktiv | L4: 5000
A5: =IF($L$4=0,"",$J$4) -> Kasse | B5: =$L$4 -> 5000 | D5: =IF($L$9=0,"",$J$9) -> Verbindlichkeiten | E5: =$L$9 -> 5000 | J5: Bank | K5: Aktiv | L5: 10000
A6: =IF($L$5=0,"",$J$5) -> Bank | B6: =$L$5 -> 10000 | D6: =IF($L$10=0,"",$J$10) -> Eigenkapital | E6: =$L$10 -> 27000 | J6: Forderungen | K6: Aktiv | L6: 2000
A7: =IF($L$6=0,"",$J$6) -> Forderungen | B7: =$L$6 -> 2000 | D7: =IF($L$11=0,"",$J$11) | E7: =$L$11 -> 0 | J7: Vorsteuer | K7: Aktiv | L7: 0
A8: =IF($L$7=0,"",$J$7) | B8: =$L$7 -> 0 | J8: Maschinen | K8: Aktiv | L8: 15000
A9: =IF($L$8=0,"",$J$8) -> Maschinen | B9: =$L$8 -> 15000 | J9: Verbindlichkeiten | K9: Passiv | L9: 5000
A10: Summe Aktiva | B10: =SUM(B5:B9) -> 32000 | D10: Summe Passiva | E10: =SUM(E5:E9) -> 32000 | J10: Eigenkapital | K10: Passiv | L10: 27000
A11: =IF(B10=E10,"Bilanz ausgeglichen","Achtung: Bilanz nicht ausgeglichen") -> Bilanz ausgeglichen | J11: Umsatzsteuer | K11: Passiv | L11: 0
A14: EBK | J14: Kontenübersicht (automatisch)
J15: Konto | K15: Typ | L15: Anfangsbestand | M15: Summe Soll | N15: Summe Haben | O15: Schlusssaldo
A16: Soll | F16: Haben | J16: =Journal!$M$4 -> Kasse | K16: =Journal!$N$4 -> Aktiv | L16: =IFERROR(INDEX($L$4:$L$11,MATCH(J16,$J$4:$J$11,0)),0) -> 5000 | M16: =SUMIFS(Journal!$G$6:$G$45,Journal!$E$6:$E$45,J16) -> 1190 | N16: =SUMIFS(Journal!$G$6:$G$45,Journal!$F$6:$F$45,J16) -> 0 | O16: =IF(K16="Aktiv",L16+M16-N16,IF(K16="Passiv",L16-M16+N16,IF(K16="Aufwand",M16-N16,IF(K16="Ertrag",N16-M16,"")))) -> 6190
A17: Konto | B17: Betrag | F17: Konto | G17: Betrag | J17: =Journal!$M$5 -> Bank | K17: =Journal!$N$5 -> Aktiv | L17: =IFERROR(INDEX($L$4:$L$11,MATCH(J17,$J$4:$J$11,0)),0) -> 10000 | M17: =SUMIFS(Journal!$G$6:$G$45,Journal!$E$6:$E$45,J17) -> 1500 | N17: =SUMIFS(Journal!$G$6:$G$45,Journal!$F$6:$F$45,J17) -> 3452 | O17: =IF(K17="Aktiv",L17+M17-N17,IF(K17="Passiv",L17-M17+N17,IF(K17="Aufwand",M17-N17,IF(K17="Ertrag",N17-M17,"")))) -> 8048
A18: =IF($L$9=0,"",$J$9) -> Verbindlichkeiten | B18: =$L$9 -> 5000 | F18: =IF($L$4=0,"",$J$4) -> Kasse | G18: =$L$4 -> 5000 | J18: =Journal!$M$6 -> Forderungen | K18: =Journal!$N$6 -> Aktiv | L18: =IFERROR(INDEX($L$4:$L$11,MATCH(J18,$J$4:$J$11,0)),0) -> 2000 | M18: =SUMIFS(Journal!$G$6:$G$45,Journal!$E$6:$E$45,J18) -> 2380 | N18: =SUMIFS(Journal!$G$6:$G$45,Journal!$F$6:$F$45,J18) -> 1500 | O18: =IF(K18="Aktiv",L18+M18-N18,IF(K18="Passiv",L18-M18+N18,IF(K18="Aufwand",M18-N18,IF(K18="Ertrag",N18-M18,"")))) -> 2880
A19: =IF($L$10=0,"",$J$10) -> Eigenkapital | B19: =$L$10 -> 27000 | F19: =IF($L$5=0,"",$J$5) -> Bank | G19: =$L$5 -> 10000 | J19: =Journal!$M$7 -> Vorsteuer | K19: =Journal!$N$7 -> Aktiv | L19: =IFERROR(INDEX($L$4:$L$11,MATCH(J19,$J$4:$J$11,0)),0) -> 0 | M19: =SUMIFS(Journal!$G$6:$G$45,Journal!$E$6:$E$45,J19) -> 152 | N19: =SUMIFS(Journal!$G$6:$G$45,Journal!$F$6:$F$45,J19) -> 0 | O19: =IF(K19="Aktiv",L19+M19-N19,IF(K19="Passiv",L19-M19+N19,IF(K19="Aufwand",M19-N19,IF(K19="Ertrag",N19-M19,"")))) -> 152
A20: =IF($L$11=0,"",$J$11) | B20: =$L$11 -> 0 | F20: =IF($L$6=0,"",$J$6) -> Forderungen | G20: =$L$6 -> 2000 | J20: =Journal!$M$8 -> Maschinen | K20: =Journal!$N$8 -> Aktiv | L20: =IFERROR(INDEX($L$4:$L$11,MATCH(J20,$J$4:$J$11,0)),0) -> 15000 | M20: =SUMIFS(Journal!$G$6:$G$45,Journal!$E$6:$E$45,J20) -> 2500 | N20: =SUMIFS(Journal!$G$6:$G$45,Journal!$F$6:$F$45,J20) -> 300 | O20: =IF(K20="Aktiv",L20+M20-N20,IF(K20="Passiv",L20-M20+N20,IF(K20="Aufwand",M20-N20,IF(K20="Ertrag",N20-M20,"")))) -> 17200
F21: =IF($L$7=0,"",$J$7) | G21: =$L$7 -> 0 | J21: =Journal!$M$9 -> Verbindlichkeiten | K21: =Journal!$N$9 -> Passiv | L21: =IFERROR(INDEX($L$4:$L$11,MATCH(J21,$J$4:$J$11,0)),0) -> 5000 | M21: =SUMIFS(Journal!$G$6:$G$45,Journal!$E$6:$E$45,J21) -> 952 | N21: =SUMIFS(Journal!$G$6:$G$45,Journal!$F$6:$F$45,J21) -> 952 | O21: =IF(K21="Aktiv",L21+M21-N21,IF(K21="Passiv",L21-M21+N21,IF(K21="Aufwand",M21-N21,IF(K21="Ertrag",N21-M21,"")))) -> 5000
F22: =IF($L$8=0,"",$J$8) -> Maschinen | G22: =$L$8 -> 15000 | J22: =Journal!$M$10 -> Eigenkapital | K22: =Journal!$N$10 -> Passiv | L22: =IFERROR(INDEX($L$4:$L$11,MATCH(J22,$J$4:$J$11,0)),0) -> 27000 | M22: =SUMIFS(Journal!$G$6:$G$45,Journal!$E$6:$E$45,J22) -> 0 | N22: =SUMIFS(Journal!$G$6:$G$45,Journal!$F$6:$F$45,J22) -> 0 | O22: =IF(K22="Aktiv",L22+M22-N22,IF(K22="Passiv",L22-M22+N22,IF(K22="Aufwand",M22-N22,IF(K22="Ertrag",N22-M22,"")))) -> 27000
A23: Summe | B23: =SUM(B18:B22) -> 32000 | F23: Summe | G23: =SUM(G18:G22) -> 32000 | J23: =Journal!$M$11 -> Umsatzsteuer | K23: =Journal!$N$11 -> Passiv | L23: =IFERROR(INDEX($L$4:$L$11,MATCH(J23,$J$4:$J$11,0)),0) -> 0 | M23: =SUMIFS(Journal!$G$6:$G$45,Journal!$E$6:$E$45,J23) -> 0 | N23: =SUMIFS(Journal!$G$6:$G$45,Journal!$F$6:$F$45,J23) -> 570 | O23: =IF(K23="Aktiv",L23+M23-N23,IF(K23="Passiv",L23-M23+N23,IF(K23="Aufwand",M23-N23,IF(K23="Ertrag",N23-M23,"")))) -> 570
J24: =Journal!$M$12 -> Wareneinsatz | K24: =Journal!$N$12 -> Aufwand | L24: =IFERROR(INDEX($L$4:$L$11,MATCH(J24,$J$4:$J$11,0)),0) -> 0 | M24: =SUMIFS(Journal!$G$6:$G$45,Journal!$E$6:$E$45,J24) -> 800 | N24: =SUMIFS(Journal!$G$6:$G$45,Journal!$F$6:$F$45,J24) -> 0 | O24: =IF(K24="Aktiv",L24+M24-N24,IF(K24="Passiv",L24-M24+N24,IF(K24="Aufwand",M24-N24,IF(K24="Ertrag",N24-M24,"")))) -> 800
J25: =Journal!$M$13 -> Abschreibungen | K25: =Journal!$N$13 -> Aufwand | L25: =IFERROR(INDEX($L$4:$L$11,MATCH(J25,$J$4:$J$11,0)),0) -> 0 | M25: =SUMIFS(Journal!$G$6:$G$45,Journal!$E$6:$E$45,J25) -> 300 | N25: =SUMIFS(Journal!$G$6:$G$45,Journal!$F$6:$F$45,J25) -> 0 | O25: =IF(K25="Aktiv",L25+M25-N25,IF(K25="Passiv",L25-M25+N25,IF(K25="Aufwand",M25-N25,IF(K25="Ertrag",N25-M25,"")))) -> 300
A26: SBK | J26: =Journal!$M$14 -> Umsatzerlöse | K26: =Journal!$N$14 -> Ertrag | L26: =IFERROR(INDEX($L$4:$L$11,MATCH(J26,$J$4:$J$11,0)),0) -> 0 | M26: =SUMIFS(Journal!$G$6:$G$45,Journal!$E$6:$E$45,J26) -> 0 | N26: =SUMIFS(Journal!$G$6:$G$45,Journal!$F$6:$F$45,J26) -> 3000 | O26: =IF(K26="Aktiv",L26+M26-N26,IF(K26="Passiv",L26-M26+N26,IF(K26="Aufwand",M26-N26,IF(K26="Ertrag",N26-M26,"")))) -> 3000
A28: Soll | F28: Haben | J28: Jahresergebnis | K28: =SUMIF($K$16:$K$26,"Ertrag",$O$16:$O$26)-SUMIF($K$16:$K$26,"Aufwand",$O$16:$O$26) -> 1900
A29: Konto | B29: Betrag | F29: Konto | G29: Betrag | J29: Eigenkapital inkl. Ergebnis | K29: =INDEX($O$16:$O$26,MATCH("Eigenkapital",$J$16:$J$26,0))+$K$28 -> 28900
A30: =IF($O$16=0,"",$J$16) -> Kasse | B30: =$O$16 -> 6190 | F30: =IF(AND($J$21<>"",$O$21<>0),$J$21,"") -> Verbindlichkeiten | G30: =$O$21 -> 5000
A31: =IF($O$17=0,"",$J$17) -> Bank | B31: =$O$17 -> 8048 | F31: =IF($K$29=0,"","Eigenkapital") -> Eigenkapital | G31: =$K$29 -> 28900
A32: =IF($O$18=0,"",$J$18) -> Forderungen | B32: =$O$18 -> 2880 | F32: =IF(AND($J$23<>"",$O$23<>0),$J$23,"") -> Umsatzsteuer | G32: =$O$23 -> 570
A33: =IF($O$19=0,"",$J$19) -> Vorsteuer | B33: =$O$19 -> 152
A34: =IF($O$20=0,"",$J$20) -> Maschinen | B34: =$O$20 -> 17200
A35: Summe | B35: =SUM(B30:B34) -> 34470 | F35: Summe | G35: =SUM(G30:G34) -> 34470
A36: =IF(B35=G35,"SBK ausgeglichen","Achtung: SBK nicht ausgeglichen") -> SBK ausgeglichen

Sheet GuV_Schlussbilanz
A1: GuV / Schlussbilanz
A3: Gewinn- und Verlustkonto (GuV) | J3: Jahresergebnis | K3: =Bilanz_EBK_SBK!$K$28 -> 1900
J4: Eigenkapital inkl. Ergebnis | K4: =Bilanz_EBK_SBK!$K$29 -> 28900
A5: Aufwand | F5: Ertrag
A6: Konto | B6: Betrag | F6: Konto | G6: Betrag
A7: =IF(Bilanz_EBK_SBK!$O$24=0,"",Bilanz_EBK_SBK!$J$24) -> Wareneinsatz | B7: =Bilanz_EBK_SBK!$O$24 -> 800 | F7: =IF(Bilanz_EBK_SBK!$O$26=0,"",Bilanz_EBK_SBK!$J$26) -> Umsatzerlöse | G7: =Bilanz_EBK_SBK!$O$26 -> 3000
A8: =IF(Bilanz_EBK_SBK!$O$25=0,"",Bilanz_EBK_SBK!$J$25) -> Abschreibungen | B8: =Bilanz_EBK_SBK!$O$25 -> 300 | F8: ="" | G8: =""
A9: ="" | B9: ="" | F9: ="" | G9: =""
A10: ="" | B10: ="" | F10: ="" | G10: =""
A11: ="" | B11: ="" | F11: ="" | G11: =""
A12: =IF(Bilanz_EBK_SBK!$K$28>0,"Gewinn","") -> Gewinn | B12: =IF(Bilanz_EBK_SBK!$K$28>0,Bilanz_EBK_SBK!$K$28,"") -> 1900 | F12: =IF(Bilanz_EBK_SBK!$K$28<0,"Verlust","") | G12: =IF(Bilanz_EBK_SBK!$K$28<0,ABS(Bilanz_EBK_SBK!$K$28),"")
A13: Summe Aufwand | B13: =SUM(B7:B12) -> 3000 | F13: Summe Ertrag | G13: =SUM(G7:G12) -> 3000
A14: =IF(B13=G13,"GuV ausgeglichen","Achtung: GuV nicht ausgeglichen") -> GuV ausgeglichen
A18: Schlussbilanz
A20: Aktiva | B20: Betrag | D20: Passiva | E20: Betrag
A21: =IF(Bilanz_EBK_SBK!$O$16=0,"",Bilanz_EBK_SBK!$J$16) -> Kasse | B21: =Bilanz_EBK_SBK!$O$16 -> 6190 | D21: =IF(Bilanz_EBK_SBK!$O$21=0,"",Bilanz_EBK_SBK!$J$21) -> Verbindlichkeiten | E21: =Bilanz_EBK_SBK!$O$21 -> 5000
A22: =IF(Bilanz_EBK_SBK!$O$17=0,"",Bilanz_EBK_SBK!$J$17) -> Bank | B22: =Bilanz_EBK_SBK!$O$17 -> 8048 | D22: =IF(Bilanz_EBK_SBK!$K$29=0,"","Eigenkapital") -> Eigenkapital | E22: =Bilanz_EBK_SBK!$K$29 -> 28900
A23: =IF(Bilanz_EBK_SBK!$O$18=0,"",Bilanz_EBK_SBK!$J$18) -> Forderungen | B23: =Bilanz_EBK_SBK!$O$18 -> 2880 | D23: =IF(Bilanz_EBK_SBK!$O$23=0,"",Bilanz_EBK_SBK!$J$23) -> Umsatzsteuer | E23: =Bilanz_EBK_SBK!$O$23 -> 570
A24: =IF(Bilanz_EBK_SBK!$O$19=0,"",Bilanz_EBK_SBK!$J$19) -> Vorsteuer | B24: =Bilanz_EBK_SBK!$O$19 -> 152 | D24: ="" | E24: =""
A25: =IF(Bilanz_EBK_SBK!$O$20=0,"",Bilanz_EBK_SBK!$J$20) -> Maschinen | B25: =Bilanz_EBK_SBK!$O$20 -> 17200 | D25: ="" | E25: =""
A27: Summe Aktiva | B27: =SUM(B21:B25) -> 34470 | D27: Summe Passiva | E27: =SUM(E21:E25) -> 34470
A28: =IF(B27=E27,"Schlussbilanz ausgeglichen","Achtung: Schlussbilanz nicht ausgeglichen") -> Schlussbilanz ausgeglichen
